Workbook

Sheet Double Entries
E2: Tab | F2: 2021 Opening ROU Balance | G2: 2021 Opening Lease Liabilities Balance | H2: 2021 Lease Liability Change | I2: 2021 Lease Payment Change | J2: 2021 Lease Interest Incurred | K2: 2021 Depreciation
A3: Opening Balance in 2021 | C3: DR/(CR) | E3: 1. Sengkang | F3: {=IF(YEAR(INDIRECT("'"&E3&"'!"&"D10"))<2021=TRUE,INDEX(INDIRECT("'"&E3&"'!"&"K:K"),MATCH(DATE(2021,1,DAY(INDIRECT("'"&E3&"'!"&"D10"))),INDIRECT("'"&E3&"'!"&"C:C"))),INDEX(INDIRECT("'"&E3&"'!"&"K:K"),MATCH(DATE(2021,MAX(1,MONTH(INDIRECT("'"&E3&"'!"&"D10"))),DAY(INDIRECT("'"&E3&"'!"&"D10"))),INDIRECT("'"&E3&"'!"&"C:C"))))} -> 689183.77 | G3: {=IF(YEAR(INDIRECT("'"&E3&"'!"&"D10"))<2021=TRUE,INDEX(INDIRECT("'"&E3&"'!"&"E:E"),MATCH(DATE(2021,1,DAY(INDIRECT("'"&E3&"'!"&"D10"))),INDIRECT("'"&E3&"'!"&"C:C"))),INDEX(INDIRECT("'"&E3&"'!"&"E:E"),MATCH(DATE(2021,MAX(1,MONTH(INDIRECT("'"&E3&"'!"&"D10"))),DAY(INDIRECT("'"&E3&"'!"&"D10"))),INDIRECT("'"&E3&"'!"&"C:C"))))} -> 689183.77 | H3: {=IF(YEAR(INDIRECT("'"&E3&"'!"&"D10"))<2021=TRUE,SUM(INDIRECT("'"&E3&"'!"&"F"&MATCH(DATE(2021,1,DAY(INDIRECT("'"&E3&"'!"&"D10"))),INDIRECT("'"&E3&"'!"&"C:C"))):INDIRECT("'"&E3&"'!"&"G"&MATCH(DATE(2021,12,DAY(INDIRECT("'"&E3&"'!"&"D10"))),INDIRECT("'"&E3&"'!"&"C:C")))),SUM(INDIRECT("'"&E3&"'!"&"F"&MATCH(DATE(2021,MAX(1,MONTH(INDIRECT("'"&E3&"'!"&"D10"))),DAY(INDIRECT("'"&E3&"'!"&"D10"))),INDIRECT("'"&E3&"'!"&"C:C"))):INDIRECT("'"&E3&"'!"&"G"&MATCH(DATE(2021,12,DAY(INDIRECT("'"&E3&"'!"&"D10"))),INDIRECT("'"&E3&"'!"&"C:C")))))} -> -54754.451 | I3: {=IF(YEAR(INDIRECT("'"&E3&"'!"&"D10"))<2021=TRUE,SUM(INDIRECT("'"&E3&"'!"&"F"&MATCH(DATE(2021,1,DAY(INDIRECT("'"&E3&"'!"&"D10"))),INDIRECT("'"&E3&"'!"&"C:C"))):INDIRECT("'"&E3&"'!"&"F"&MATCH(DATE(2021,12,DAY(INDIRECT("'"&E3&"'!"&"D10"))),INDIRECT("'"&E3&"'!"&"C:C")))),SUM(INDIRECT("'"&E3&"'!"&"F"&MATCH(DATE(2021,MAX(1,MONTH(INDIRECT("'"&E3&"'!"&"D10"))),DAY(INDIRECT("'"&E3&"'!"&"D10"))),INDIRECT("'"&E3&"'!"&"C:C"))):INDIRECT("'"&E3&"'!"&"F"&MATCH(DATE(2021,12,DAY(INDIRECT("'"&E3&"'!"&"D10"))),INDIRECT("'"&E3&"'!"&"C:C")))))} -> -60360 | J3: {=IF(YEAR(INDIRECT("'"&E3&"'!"&"D10"))<2021=TRUE,SUM(INDIRECT("'"&E3&"'!"&"G"&MATCH(DATE(2021,1,DAY(INDIRECT("'"&E3&"'!"&"D10"))),INDIRECT("'"&E3&"'!"&"C:C"))):INDIRECT("'"&E3&"'!"&"G"&MATCH(DATE(2021,12,DAY(INDIRECT("'"&E3&"'!"&"D10"))),INDIRECT("'"&E3&"'!"&"C:C")))),SUM(INDIRECT("'"&E3&"'!"&"G"&MATCH(DATE(2021,MAX(1,MONTH(INDIRECT("'"&E3&"'!"&"D10"))),DAY(INDIRECT("'"&E3&"'!"&"D10"))),INDIRECT("'"&E3&"'!"&"C:C"))):INDIRECT("'"&E3&"'!"&"G"&MATCH(DATE(2021,12,DAY(INDIRECT("'"&E3&"'!"&"D10"))),INDIRECT("'"&E3&"'!"&"C:C")))))} -> 5605.5489 | K3: {=IF(YEAR(INDIRECT("'"&E3&"'!"&"D10"))<2021=TRUE,SUM(INDIRECT("'"&E3&"'!"&"L"&MATCH(DATE(2021,1,DAY(INDIRECT("'"&E3&"'!"&"D10"))),INDIRECT("'"&E3&"'!"&"C:C"))):INDIRECT("'"&E3&"'!"&"L"&MATCH(DATE(2021,12,DAY(INDIRECT("'"&E3&"'!"&"D10"))),INDIRECT("'"&E3&"'!"&"C:C")))),SUM(INDIRECT("'"&E3&"'!"&"L"&MATCH(DATE(2021,MAX(1,MONTH(INDIRECT("'"&E3&"'!"&"D10"))),DAY(INDIRECT("'"&E3&"'!"&"D10"))),INDIRECT("'"&E3&"'!"&"C:C"))):INDIRECT("'"&E3&"'!"&"L"&MATCH(DATE(2021,12,DAY(INDIRECT("'"&E3&"'!"&"D10"))),INDIRECT("'"&E3&"'!"&"C:C")))))} -> -57431.981
B4: ROU Asset | C4: =SUM(F:F) -> 14494448 | E4: 3. Westmall | F4: {=IF(YEAR(INDIRECT("'"&E4&"'!"&"D10"))<2021=TRUE,INDEX(INDIRECT("'"&E4&"'!"&"K:K"),MATCH(DATE(2021,1,DAY(INDIRECT("'"&E4&"'!"&"D10"))),INDIRECT("'"&E4&"'!"&"C:C"))),INDEX(INDIRECT("'"&E4&"'!"&"K:K"),MATCH(DATE(2021,MAX(1,MONTH(INDIRECT("'"&E4&"'!"&"D10"))),DAY(INDIRECT("'"&E4&"'!"&"D10"))),INDIRECT("'"&E4&"'!"&"C:C"))))} -> 567491.45 | G4: {=IF(YEAR(INDIRECT("'"&E4&"'!"&"D10"))<2021=TRUE,INDEX(INDIRECT("'"&E4&"'!"&"E:E"),MATCH(DATE(2021,1,DAY(INDIRECT("'"&E4&"'!"&"D10"))),INDIRECT("'"&E4&"'!"&"C:C"))),INDEX(INDIRECT("'"&E4&"'!"&"E:E"),MATCH(DATE(2021,MAX(1,MONTH(INDIRECT("'"&E4&"'!"&"D10"))),DAY(INDIRECT("'"&E4&"'!"&"D10"))),INDIRECT("'"&E4&"'!"&"C:C"))))} -> 567491.45 | H4: {=IF(YEAR(INDIRECT("'"&E4&"'!"&"D10"))<2021=TRUE,SUM(INDIRECT("'"&E4&"'!"&"F"&MATCH(DATE(2021,1,DAY(INDIRECT("'"&E4&"'!"&"D10"))),INDIRECT("'"&E4&"'!"&"C:C"))):INDIRECT("'"&E4&"'!"&"G"&MATCH(DATE(2021,12,DAY(INDIRECT("'"&E4&"'!"&"D10"))),INDIRECT("'"&E4&"'!"&"C:C")))),SUM(INDIRECT("'"&E4&"'!"&"F"&MATCH(DATE(2021,MAX(1,MONTH(INDIRECT("'"&E4&"'!"&"D10"))),DAY(INDIRECT("'"&E4&"'!"&"D10"))),INDIRECT("'"&E4&"'!"&"C:C"))):INDIRECT("'"&E4&"'!"&"G"&MATCH(DATE(2021,12,DAY(INDIRECT("'"&E4&"'!"&"D10"))),INDIRECT("'"&E4&"'!"&"C:C")))))} -> -45086.208 | I4: {=IF(YEAR(INDIRECT("'"&E4&"'!"&"D10"))<2021=TRUE,SUM(INDIRECT("'"&E4&"'!"&"F"&MATCH(DATE(2021,1,DAY(INDIRECT("'"&E4&"'!"&"D10"))),INDIRECT("'"&E4&"'!"&"C:C"))):INDIRECT("'"&E4&"'!"&"F"&MATCH(DATE(2021,12,DAY(INDIRECT("'"&E4&"'!"&"D10"))),INDIRECT("'"&E4&"'!"&"C:C")))),SUM(INDIRECT("'"&E4&"'!"&"F"&MATCH(DATE(2021,MAX(1,MONTH(INDIRECT("'"&E4&"'!"&"D10"))),DAY(INDIRECT("'"&E4&"'!"&"D10"))),INDIRECT("'"&E4&"'!"&"C:C"))):INDIRECT("'"&E4&"'!"&"F"&MATCH(DATE(2021,12,DAY(INDIRECT("'"&E4&"'!"&"D10"))),INDIRECT("'"&E4&"'!"&"C:C")))))} -> -49701.96 | J4: {=IF(YEAR(INDIRECT("'"&E4&"'!"&"D10"))<2021=TRUE,SUM(INDIRECT("'"&E4&"'!"&"G"&MATCH(DATE(2021,1,DAY(INDIRECT("'"&E4&"'!"&"D10"))),INDIRECT("'"&E4&"'!"&"C:C"))):INDIRECT("'"&E4&"'!"&"G"&MATCH(DATE(2021,12,DAY(INDIRECT("'"&E4&"'!"&"D10"))),INDIRECT("'"&E4&"'!"&"C:C")))),SUM(INDIRECT("'"&E4&"'!"&"G"&MATCH(DATE(2021,MAX(1,MONTH(INDIRECT("'"&E4&"'!"&"D10"))),DAY(INDIRECT("'"&E4&"'!"&"D10"))),INDIRECT("'"&E4&"'!"&"C:C"))):INDIRECT("'"&E4&"'!"&"G"&MATCH(DATE(2021,12,DAY(INDIRECT("'"&E4&"'!"&"D10"))),INDIRECT("'"&E4&"'!"&"C:C")))))} -> 4615.7516 | K4: {=IF(YEAR(INDIRECT("'"&E4&"'!"&"D10"))<2021=TRUE,SUM(INDIRECT("'"&E4&"'!"&"L"&MATCH(DATE(2021,1,DAY(INDIRECT("'"&E4&"'!"&"D10"))),INDIRECT("'"&E4&"'!"&"C:C"))):INDIRECT("'"&E4&"'!"&"L"&MATCH(DATE(2021,12,DAY(INDIRECT("'"&E4&"'!"&"D10"))),INDIRECT("'"&E4&"'!"&"C:C")))),SUM(INDIRECT("'"&E4&"'!"&"L"&MATCH(DATE(2021,MAX(1,MONTH(INDIRECT("'"&E4&"'!"&"D10"))),DAY(INDIRECT("'"&E4&"'!"&"D10"))),INDIRECT("'"&E4&"'!"&"C:C"))):INDIRECT("'"&E4&"'!"&"L"&MATCH(DATE(2021,12,DAY(INDIRECT("'"&E4&"'!"&"D10"))),INDIRECT("'"&E4&"'!"&"C:C")))))} -> -47290.954
B5: Lease Liabilities | C5: =-SUM(G:G) -> -14605652 | E5: 4. CTL | F5: {=IF(YEAR(INDIRECT("'"&E5&"'!"&"D10"))<2021=TRUE,INDEX(INDIRECT("'"&E5&"'!"&"K:K"),MATCH(DATE(2021,1,DAY(INDIRECT("'"&E5&"'!"&"D10"))),INDIRECT("'"&E5&"'!"&"C:C"))),INDEX(INDIRECT("'"&E5&"'!"&"K:K"),MATCH(DATE(2021,MAX(1,MONTH(INDIRECT("'"&E5&"'!"&"D10"))),DAY(INDIRECT("'"&E5&"'!"&"D10"))),INDIRECT("'"&E5&"'!"&"C:C"))))} -> 233069.98 | G5: {=IF(YEAR(INDIRECT("'"&E5&"'!"&"D10"))<2021=TRUE,INDEX(INDIRECT("'"&E5&"'!"&"E:E"),MATCH(DATE(2021,1,DAY(INDIRECT("'"&E5&"'!"&"D10"))),INDIRECT("'"&E5&"'!"&"C:C"))),INDEX(INDIRECT("'"&E5&"'!"&"E:E"),MATCH(DATE(2021,MAX(1,MONTH(INDIRECT("'"&E5&"'!"&"D10"))),DAY(INDIRECT("'"&E5&"'!"&"D10"))),INDIRECT("'"&E5&"'!"&"C:C"))))} -> 233069.98 | H5: {=IF(YEAR(INDIRECT("'"&E5&"'!"&"D10"))<2021=TRUE,SUM(INDIRECT("'"&E5&"'!"&"F"&MATCH(DATE(2021,1,DAY(INDIRECT("'"&E5&"'!"&"D10"))),INDIRECT("'"&E5&"'!"&"C:C"))):INDIRECT("'"&E5&"'!"&"G"&MATCH(DATE(2021,12,DAY(INDIRECT("'"&E5&"'!"&"D10"))),INDIRECT("'"&E5&"'!"&"C:C")))),SUM(INDIRECT("'"&E5&"'!"&"F"&MATCH(DATE(2021,MAX(1,MONTH(INDIRECT("'"&E5&"'!"&"D10"))),DAY(INDIRECT("'"&E5&"'!"&"D10"))),INDIRECT("'"&E5&"'!"&"C:C"))):INDIRECT("'"&E5&"'!"&"G"&MATCH(DATE(2021,12,DAY(INDIRECT("'"&E5&"'!"&"D10"))),INDIRECT("'"&E5&"'!"&"C:C")))))} -> -38290.331 | I5: {=IF(YEAR(INDIRECT("'"&E5&"'!"&"D10"))<2021=TRUE,SUM(INDIRECT("'"&E5&"'!"&"F"&MATCH(DATE(2021,1,DAY(INDIRECT("'"&E5&"'!"&"D10"))),INDIRECT("'"&E5&"'!"&"C:C"))):INDIRECT("'"&E5&"'!"&"F"&MATCH(DATE(2021,12,DAY(INDIRECT("'"&E5&"'!"&"D10"))),INDIRECT("'"&E5&"'!"&"C:C")))),SUM(INDIRECT("'"&E5&"'!"&"F"&MATCH(DATE(2021,MAX(1,MONTH(INDIRECT("'"&E5&"'!"&"D10"))),DAY(INDIRECT("'"&E5&"'!"&"D10"))),INDIRECT("'"&E5&"'!"&"C:C"))):INDIRECT("'"&E5&"'!"&"F"&MATCH(DATE(2021,12,DAY(INDIRECT("'"&E5&"'!"&"D10"))),INDIRECT("'"&E5&"'!"&"C:C")))))} -> -39460.4 | J5: {=IF(YEAR(INDIRECT("'"&E5&"'!"&"D10"))<2021=TRUE,SUM(INDIRECT("'"&E5&"'!"&"G"&MATCH(DATE(2021,1,DAY(INDIRECT("'"&E5&"'!"&"D10"))),INDIRECT("'"&E5&"'!"&"C:C"))):INDIRECT("'"&E5&"'!"&"G"&MATCH(DATE(2021,12,DAY(INDIRECT("'"&E5&"'!"&"D10"))),INDIRECT("'"&E5&"'!"&"C:C")))),SUM(INDIRECT("'"&E5&"'!"&"G"&MATCH(DATE(2021,MAX(1,MONTH(INDIRECT("'"&E5&"'!"&"D10"))),DAY(INDIRECT("'"&E5&"'!"&"D10"))),INDIRECT("'"&E5&"'!"&"C:C"))):INDIRECT("'"&E5&"'!"&"G"&MATCH(DATE(2021,12,DAY(INDIRECT("'"&E5&"'!"&"D10"))),INDIRECT("'"&E5&"'!"&"C:C")))))} -> 1170.0688 | K5: {=IF(YEAR(INDIRECT("'"&E5&"'!"&"D10"))<2021=TRUE,SUM(INDIRECT("'"&E5&"'!"&"L"&MATCH(DATE(2021,1,DAY(INDIRECT("'"&E5&"'!"&"D10"))),INDIRECT("'"&E5&"'!"&"C:C"))):INDIRECT("'"&E5&"'!"&"L"&MATCH(DATE(2021,12,DAY(INDIRECT("'"&E5&"'!"&"D10"))),INDIRECT("'"&E5&"'!"&"C:C")))),SUM(INDIRECT("'"&E5&"'!"&"L"&MATCH(DATE(2021,MAX(1,MONTH(INDIRECT("'"&E5&"'!"&"D10"))),DAY(INDIRECT("'"&E5&"'!"&"D10"))),INDIRECT("'"&E5&"'!"&"C:C"))):INDIRECT("'"&E5&"'!"&"L"&MATCH(DATE(2021,12,DAY(INDIRECT("'"&E5&"'!"&"D10"))),INDIRECT("'"&E5&"'!"&"C:C")))))} -> -38844.997
B6: Opening R/E | C6: =SUM(C4:C5) -> -111204 | E6: 5. City Sq | F6: {=IF(YEAR(INDIRECT("'"&E6&"'!"&"D10"))<2021=TRUE,INDEX(INDIRECT("'"&E6&"'!"&"K:K"),MATCH(DATE(2021,1,DAY(INDIRECT("'"&E6&"'!"&"D10"))),INDIRECT("'"&E6&"'!"&"C:C"))),INDEX(INDIRECT("'"&E6&"'!"&"K:K"),MATCH(DATE(2021,MAX(1,MONTH(INDIRECT("'"&E6&"'!"&"D10"))),DAY(INDIRECT("'"&E6&"'!"&"D10"))),INDIRECT("'"&E6&"'!"&"C:C"))))} -> 114282.28 | G6: {=IF(YEAR(INDIRECT("'"&E6&"'!"&"D10"))<2021=TRUE,INDEX(INDIRECT("'"&E6&"'!"&"E:E"),MATCH(DATE(2021,1,DAY(INDIRECT("'"&E6&"'!"&"D10"))),INDIRECT("'"&E6&"'!"&"C:C"))),INDEX(INDIRECT("'"&E6&"'!"&"E:E"),MATCH(DATE(2021,MAX(1,MONTH(INDIRECT("'"&E6&"'!"&"D10"))),DAY(INDIRECT("'"&E6&"'!"&"D10"))),INDIRECT("'"&E6&"'!"&"C:C"))))} -> 114282.28 | H6: {=IF(YEAR(INDIRECT("'"&E6&"'!"&"D10"))<2021=TRUE,SUM(INDIRECT("'"&E6&"'!"&"F"&MATCH(DATE(2021,1,DAY(INDIRECT("'"&E6&"'!"&"D10"))),INDIRECT("'"&E6&"'!"&"C:C"))):INDIRECT("'"&E6&"'!"&"G"&MATCH(DATE(2021,12,DAY(INDIRECT("'"&E6&"'!"&"D10"))),INDIRECT("'"&E6&"'!"&"C:C")))),SUM(INDIRECT("'"&E6&"'!"&"F"&MATCH(DATE(2021,MAX(1,MONTH(INDIRECT("'"&E6&"'!"&"D10"))),DAY(INDIRECT("'"&E6&"'!"&"D10"))),INDIRECT("'"&E6&"'!"&"C:C"))):INDIRECT("'"&E6&"'!"&"G"&MATCH(DATE(2021,12,DAY(INDIRECT("'"&E6&"'!"&"D10"))),INDIRECT("'"&E6&"'!"&"C:C")))))} -> -114282.28 | I6: {=IF(YEAR(INDIRECT("'"&E6&"'!"&"D10"))<2021=TRUE,SUM(INDIRECT("'"&E6&"'!"&"F"&MATCH(DATE(2021,1,DAY(INDIRECT("'"&E6&"'!"&"D10"))),INDIRECT("'"&E6&"'!"&"C:C"))):INDIRECT("'"&E6&"'!"&"F"&MATCH(DATE(2021,12,DAY(INDIRECT("'"&E6&"'!"&"D10"))),INDIRECT("'"&E6&"'!"&"C:C")))),SUM(INDIRECT("'"&E6&"'!"&"F"&MATCH(DATE(2021,MAX(1,MONTH(INDIRECT("'"&E6&"'!"&"D10"))),DAY(INDIRECT("'"&E6&"'!"&"D10"))),INDIRECT("'"&E6&"'!"&"C:C"))):INDIRECT("'"&E6&"'!"&"F"&MATCH(DATE(2021,12,DAY(INDIRECT("'"&E6&"'!"&"D10"))),INDIRECT("'"&E6&"'!"&"C:C")))))} -> -116092.8 | J6: {=IF(YEAR(INDIRECT("'"&E6&"'!"&"D10"))<2021=TRUE,SUM(INDIRECT("'"&E6&"'!"&"G"&MATCH(DATE(2021,1,DAY(INDIRECT("'"&E6&"'!"&"D10"))),INDIRECT("'"&E6&"'!"&"C:C"))):INDIRECT("'"&E6&"'!"&"G"&MATCH(DATE(2021,12,DAY(INDIRECT("'"&E6&"'!"&"D10"))),INDIRECT("'"&E6&"'!"&"C:C")))),SUM(INDIRECT("'"&E6&"'!"&"G"&MATCH(DATE(2021,MAX(1,MONTH(INDIRECT("'"&E6&"'!"&"D10"))),DAY(INDIRECT("'"&E6&"'!"&"D10"))),INDIRECT("'"&E6&"'!"&"C:C"))):INDIRECT("'"&E6&"'!"&"G"&MATCH(DATE(2021,12,DAY(INDIRECT("'"&E6&"'!"&"D10"))),INDIRECT("'"&E6&"'!"&"C:C")))))} -> 1810.5211 | K6: {=IF(YEAR(INDIRECT("'"&E6&"'!"&"D10"))<2021=TRUE,SUM(INDIRECT("'"&E6&"'!"&"L"&MATCH(DATE(2021,1,DAY(INDIRECT("'"&E6&"'!"&"D10"))),INDIRECT("'"&E6&"'!"&"C:C"))):INDIRECT("'"&E6&"'!"&"L"&MATCH(DATE(2021,12,DAY(INDIRECT("'"&E6&"'!"&"D10"))),INDIRECT("'"&E6&"'!"&"C:C")))),SUM(INDIRECT("'"&E6&"'!"&"L"&MATCH(DATE(2021,MAX(1,MONTH(INDIRECT("'"&E6&"'!"&"D10"))),DAY(INDIRECT("'"&E6&"'!"&"D10"))),INDIRECT("'"&E6&"'!"&"C:C"))):INDIRECT("'"&E6&"'!"&"L"&MATCH(DATE(2021,12,DAY(INDIRECT("'"&E6&"'!"&"D10"))),INDIRECT("'"&E6&"'!"&"C:C")))))} -> -114282.28
E7: 8. JEM | F7: {=IF(YEAR(INDIRECT("'"&E7&"'!"&"D10"))<2021=TRUE,INDEX(INDIRECT("'"&E7&"'!"&"K:K"),MATCH(DATE(2021,1,DAY(INDIRECT("'"&E7&"'!"&"D10"))),INDIRECT("'"&E7&"'!"&"C:C"))),INDEX(INDIRECT("'"&E7&"'!"&"K:K"),MATCH(DATE(2021,MAX(1,MONTH(INDIRECT("'"&E7&"'!"&"D10"))),DAY(INDIRECT("'"&E7&"'!"&"D10"))),INDIRECT("'"&E7&"'!"&"C:C"))))} -> 444473.99 | G7: {=IF(YEAR(INDIRECT("'"&E7&"'!"&"D10"))<2021=TRUE,INDEX(INDIRECT("'"&E7&"'!"&"E:E"),MATCH(DATE(2021,1,DAY(INDIRECT("'"&E7&"'!"&"D10"))),INDIRECT("'"&E7&"'!"&"C:C"))),INDEX(INDIRECT("'"&E7&"'!"&"E:E"),MATCH(DATE(2021,MAX(1,MONTH(INDIRECT("'"&E7&"'!"&"D10"))),DAY(INDIRECT("'"&E7&"'!"&"D10"))),INDIRECT("'"&E7&"'!"&"C:C"))))} -> 456587.88 | H7: {=IF(YEAR(INDIRECT("'"&E7&"'!"&"D10"))<2021=TRUE,SUM(INDIRECT("'"&E7&"'!"&"F"&MATCH(DATE(2021,1,DAY(INDIRECT("'"&E7&"'!"&"D10"))),INDIRECT("'"&E7&"'!"&"C:C"))):INDIRECT("'"&E7&"'!"&"G"&MATCH(DATE(2021,12,DAY(INDIRECT("'"&E7&"'!"&"D10"))),INDIRECT("'"&E7&"'!"&"C:C")))),SUM(INDIRECT("'"&E7&"'!"&"F"&MATCH(DATE(2021,MAX(1,MONTH(INDIRECT("'"&E7&"'!"&"D10"))),DAY(INDIRECT("'"&E7&"'!"&"D10"))),INDIRECT("'"&E7&"'!"&"C:C"))):INDIRECT("'"&E7&"'!"&"G"&MATCH(DATE(2021,12,DAY(INDIRECT("'"&E7&"'!"&"D10"))),INDIRECT("'"&E7&"'!"&"C:C")))))} -> -319979.81 | I7: {=IF(YEAR(INDIRECT("'"&E7&"'!"&"D10"))<2021=TRUE,SUM(INDIRECT("'"&E7&"'!"&"F"&MATCH(DATE(2021,1,DAY(INDIRECT("'"&E7&"'!"&"D10"))),INDIRECT("'"&E7&"'!"&"C:C"))):INDIRECT("'"&E7&"'!"&"F"&MATCH(DATE(2021,12,DAY(INDIRECT("'"&E7&"'!"&"D10"))),INDIRECT("'"&E7&"'!"&"C:C")))),SUM(INDIRECT("'"&E7&"'!"&"F"&MATCH(DATE(2021,MAX(1,MONTH(INDIRECT("'"&E7&"'!"&"D10"))),DAY(INDIRECT("'"&E7&"'!"&"D10"))),INDIRECT("'"&E7&"'!"&"C:C"))):INDIRECT("'"&E7&"'!"&"F"&MATCH(DATE(2021,12,DAY(INDIRECT("'"&E7&"'!"&"D10"))),INDIRECT("'"&E7&"'!"&"C:C")))))} -> -329741.88 | J7: {=IF(YEAR(INDIRECT("'"&E7&"'!"&"D10"))<2021=TRUE,SUM(INDIRECT("'"&E7&"'!"&"G"&MATCH(DATE(2021,1,DAY(INDIRECT("'"&E7&"'!"&"D10"))),INDIRECT("'"&E7&"'!"&"C:C"))):INDIRECT("'"&E7&"'!"&"G"&MATCH(DATE(2021,12,DAY(INDIRECT("'"&E7&"'!"&"D10"))),INDIRECT("'"&E7&"'!"&"C:C")))),SUM(INDIRECT("'"&E7&"'!"&"G"&MATCH(DATE(2021,MAX(1,MONTH(INDIRECT("'"&E7&"'!"&"D10"))),DAY(INDIRECT("'"&E7&"'!"&"D10"))),INDIRECT("'"&E7&"'!"&"C:C"))):INDIRECT("'"&E7&"'!"&"G"&MATCH(DATE(2021,12,DAY(INDIRECT("'"&E7&"'!"&"D10"))),INDIRECT("'"&E7&"'!"&"C:C")))))} -> 9762.0745 | K7: {=IF(YEAR(INDIRECT("'"&E7&"'!"&"D10"))<2021=TRUE,SUM(INDIRECT("'"&E7&"'!"&"L"&MATCH(DATE(2021,1,DAY(INDIRECT("'"&E7&"'!"&"D10"))),INDIRECT("'"&E7&"'!"&"C:C"))):INDIRECT("'"&E7&"'!"&"L"&MATCH(DATE(2021,12,DAY(INDIRECT("'"&E7&"'!"&"D10"))),INDIRECT("'"&E7&"'!"&"C:C")))),SUM(INDIRECT("'"&E7&"'!"&"L"&MATCH(DATE(2021,MAX(1,MONTH(INDIRECT("'"&E7&"'!"&"D10"))),DAY(INDIRECT("'"&E7&"'!"&"D10"))),INDIRECT("'"&E7&"'!"&"C:C"))):INDIRECT("'"&E7&"'!"&"L"&MATCH(DATE(2021,12,DAY(INDIRECT("'"&E7&"'!"&"D10"))),INDIRECT("'"&E7&"'!"&"C:C")))))} -> -313746.34
A8: 2021 Lease Payments | E8: 9. PBJ | F8: {=IF(YEAR(INDIRECT("'"&E8&"'!"&"D10"))<2021=TRUE,INDEX(INDIRECT("'"&E8&"'!"&"K:K"),MATCH(DATE(2021,1,DAY(INDIRECT("'"&E8&"'!"&"D10"))),INDIRECT("'"&E8&"'!"&"C:C"))),INDEX(INDIRECT("'"&E8&"'!"&"K:K"),MATCH(DATE(2021,MAX(1,MONTH(INDIRECT("'"&E8&"'!"&"D10"))),DAY(INDIRECT("'"&E8&"'!"&"D10"))),INDIRECT("'"&E8&"'!"&"C:C"))))} -> 625228.53 | G8: {=IF(YEAR(INDIRECT("'"&E8&"'!"&"D10"))<2021=TRUE,INDEX(INDIRECT("'"&E8&"'!"&"E:E"),MATCH(DATE(2021,1,DAY(INDIRECT("'"&E8&"'!"&"D10"))),INDIRECT("'"&E8&"'!"&"C:C"))),INDEX(INDIRECT("'"&E8&"'!"&"E:E"),MATCH(DATE(2021,MAX(1,MONTH(INDIRECT("'"&E8&"'!"&"D10"))),DAY(INDIRECT("'"&E8&"'!"&"D10"))),INDIRECT("'"&E8&"'!"&"C:C"))))} -> 640445.97 | H8: {=IF(YEAR(INDIRECT("'"&E8&"'!"&"D10"))<2021=TRUE,SUM(INDIRECT("'"&E8&"'!"&"F"&MATCH(DATE(2021,1,DAY(INDIRECT("'"&E8&"'!"&"D10"))),INDIRECT("'"&E8&"'!"&"C:C"))):INDIRECT("'"&E8&"'!"&"G"&MATCH(DATE(2021,12,DAY(INDIRECT("'"&E8&"'!"&"D10"))),INDIRECT("'"&E8&"'!"&"C:C")))),SUM(INDIRECT("'"&E8&"'!"&"F"&MATCH(DATE(2021,MAX(1,MONTH(INDIRECT("'"&E8&"'!"&"D10"))),DAY(INDIRECT("'"&E8&"'!"&"D10"))),INDIRECT("'"&E8&"'!"&"C:C"))):INDIRECT("'"&E8&"'!"&"G"&MATCH(DATE(2021,12,DAY(INDIRECT("'"&E8&"'!"&"D10"))),INDIRECT("'"&E8&"'!"&"C:C")))))} -> -400424.16 | I8: {=IF(YEAR(INDIRECT("'"&E8&"'!"&"D10"))<2021=TRUE,SUM(INDIRECT("'"&E8&"'!"&"F"&MATCH(DATE(2021,1,DAY(INDIRECT("'"&E8&"'!"&"D10"))),INDIRECT("'"&E8&"'!"&"C:C"))):INDIRECT("'"&E8&"'!"&"F"&MATCH(DATE(2021,12,DAY(INDIRECT("'"&E8&"'!"&"D10"))),INDIRECT("'"&E8&"'!"&"C:C")))),SUM(INDIRECT("'"&E8&"'!"&"F"&MATCH(DATE(2021,MAX(1,MONTH(INDIRECT("'"&E8&"'!"&"D10"))),DAY(INDIRECT("'"&E8&"'!"&"D10"))),INDIRECT("'"&E8&"'!"&"C:C"))):INDIRECT("'"&E8&"'!"&"F"&MATCH(DATE(2021,12,DAY(INDIRECT("'"&E8&"'!"&"D10"))),INDIRECT("'"&E8&"'!"&"C:C")))))} -> -415013.16 | J8: {=IF(YEAR(INDIRECT("'"&E8&"'!"&"D10"))<2021=TRUE,SUM(INDIRECT("'"&E8&"'!"&"G"&MATCH(DATE(2021,1,DAY(INDIRECT("'"&E8&"'!"&"D10"))),INDIRECT("'"&E8&"'!"&"C:C"))):INDIRECT("'"&E8&"'!"&"G"&MATCH(DATE(2021,12,DAY(INDIRECT("'"&E8&"'!"&"D10"))),INDIRECT("'"&E8&"'!"&"C:C")))),SUM(INDIRECT("'"&E8&"'!"&"G"&MATCH(DATE(2021,MAX(1,MONTH(INDIRECT("'"&E8&"'!"&"D10"))),DAY(INDIRECT("'"&E8&"'!"&"D10"))),INDIRECT("'"&E8&"'!"&"C:C"))):INDIRECT("'"&E8&"'!"&"G"&MATCH(DATE(2021,12,DAY(INDIRECT("'"&E8&"'!"&"D10"))),INDIRECT("'"&E8&"'!"&"C:C")))))} -> 14589.003 | K8: {=IF(YEAR(INDIRECT("'"&E8&"'!"&"D10"))<2021=TRUE,SUM(INDIRECT("'"&E8&"'!"&"L"&MATCH(DATE(2021,1,DAY(INDIRECT("'"&E8&"'!"&"D10"))),INDIRECT("'"&E8&"'!"&"C:C"))):INDIRECT("'"&E8&"'!"&"L"&MATCH(DATE(2021,12,DAY(INDIRECT("'"&E8&"'!"&"D10"))),INDIRECT("'"&E8&"'!"&"C:C")))),SUM(INDIRECT("'"&E8&"'!"&"L"&MATCH(DATE(2021,MAX(1,MONTH(INDIRECT("'"&E8&"'!"&"D10"))),DAY(INDIRECT("'"&E8&"'!"&"D10"))),INDIRECT("'"&E8&"'!"&"C:C"))):INDIRECT("'"&E8&"'!"&"L"&MATCH(DATE(2021,12,DAY(INDIRECT("'"&E8&"'!"&"D10"))),INDIRECT("'"&E8&"'!"&"C:C")))))} -> -394881.18
B9: Lease Liabilities | C9: =-SUM(H:H) -> 4379462.1 | E9: 10. PSQ | F9: {=IF(YEAR(INDIRECT("'"&E9&"'!"&"D10"))<2021=TRUE,INDEX(INDIRECT("'"&E9&"'!"&"K:K"),MATCH(DATE(2021,1,DAY(INDIRECT("'"&E9&"'!"&"D10"))),INDIRECT("'"&E9&"'!"&"C:C"))),INDEX(INDIRECT("'"&E9&"'!"&"K:K"),MATCH(DATE(2021,MAX(1,MONTH(INDIRECT("'"&E9&"'!"&"D10"))),DAY(INDIRECT("'"&E9&"'!"&"D10"))),INDIRECT("'"&E9&"'!"&"C:C"))))} -> 394815.3 | G9: {=IF(YEAR(INDIRECT("'"&E9&"'!"&"D10"))<2021=TRUE,INDEX(INDIRECT("'"&E9&"'!"&"E:E"),MATCH(DATE(2021,1,DAY(INDIRECT("'"&E9&"'!"&"D10"))),INDIRECT("'"&E9&"'!"&"C:C"))),INDEX(INDIRECT("'"&E9&"'!"&"E:E"),MATCH(DATE(2021,MAX(1,MONTH(INDIRECT("'"&E9&"'!"&"D10"))),DAY(INDIRECT("'"&E9&"'!"&"D10"))),INDIRECT("'"&E9&"'!"&"C:C"))))} -> 405559.95 | H9: {=IF(YEAR(INDIRECT("'"&E9&"'!"&"D10"))<2021=TRUE,SUM(INDIRECT("'"&E9&"'!"&"F"&MATCH(DATE(2021,1,DAY(INDIRECT("'"&E9&"'!"&"D10"))),INDIRECT("'"&E9&"'!"&"C:C"))):INDIRECT("'"&E9&"'!"&"G"&MATCH(DATE(2021,12,DAY(INDIRECT("'"&E9&"'!"&"D10"))),INDIRECT("'"&E9&"'!"&"C:C")))),SUM(INDIRECT("'"&E9&"'!"&"F"&MATCH(DATE(2021,MAX(1,MONTH(INDIRECT("'"&E9&"'!"&"D10"))),DAY(INDIRECT("'"&E9&"'!"&"D10"))),INDIRECT("'"&E9&"'!"&"C:C"))):INDIRECT("'"&E9&"'!"&"G"&MATCH(DATE(2021,12,DAY(INDIRECT("'"&E9&"'!"&"D10"))),INDIRECT("'"&E9&"'!"&"C:C")))))} -> -240540.45 | I9: {=IF(YEAR(INDIRECT("'"&E9&"'!"&"D10"))<2021=TRUE,SUM(INDIRECT("'"&E9&"'!"&"F"&MATCH(DATE(2021,1,DAY(INDIRECT("'"&E9&"'!"&"D10"))),INDIRECT("'"&E9&"'!"&"C:C"))):INDIRECT("'"&E9&"'!"&"F"&MATCH(DATE(2021,12,DAY(INDIRECT("'"&E9&"'!"&"D10"))),INDIRECT("'"&E9&"'!"&"C:C")))),SUM(INDIRECT("'"&E9&"'!"&"F"&MATCH(DATE(2021,MAX(1,MONTH(INDIRECT("'"&E9&"'!"&"D10"))),DAY(INDIRECT("'"&E9&"'!"&"D10"))),INDIRECT("'"&E9&"'!"&"C:C"))):INDIRECT("'"&E9&"'!"&"F"&MATCH(DATE(2021,12,DAY(INDIRECT("'"&E9&"'!"&"D10"))),INDIRECT("'"&E9&"'!"&"C:C")))))} -> -250020 | J9: {=IF(YEAR(INDIRECT("'"&E9&"'!"&"D10"))<2021=TRUE,SUM(INDIRECT("'"&E9&"'!"&"G"&MATCH(DATE(2021,1,DAY(INDIRECT("'"&E9&"'!"&"D10"))),INDIRECT("'"&E9&"'!"&"C:C"))):INDIRECT("'"&E9&"'!"&"G"&MATCH(DATE(2021,12,DAY(INDIRECT("'"&E9&"'!"&"D10"))),INDIRECT("'"&E9&"'!"&"C:C")))),SUM(INDIRECT("'"&E9&"'!"&"G"&MATCH(DATE(2021,MAX(1,MONTH(INDIRECT("'"&E9&"'!"&"D10"))),DAY(INDIRECT("'"&E9&"'!"&"D10"))),INDIRECT("'"&E9&"'!"&"C:C"))):INDIRECT("'"&E9&"'!"&"G"&MATCH(DATE(2021,12,DAY(INDIRECT("'"&E9&"'!"&"D10"))),INDIRECT("'"&E9&"'!"&"C:C")))))} -> 9479.5474 | K9: {=IF(YEAR(INDIRECT("'"&E9&"'!"&"D10"))<2021=TRUE,SUM(INDIRECT("'"&E9&"'!"&"L"&MATCH(DATE(2021,1,DAY(INDIRECT("'"&E9&"'!"&"D10"))),INDIRECT("'"&E9&"'!"&"C:C"))):INDIRECT("'"&E9&"'!"&"L"&MATCH(DATE(2021,12,DAY(INDIRECT("'"&E9&"'!"&"D10"))),INDIRECT("'"&E9&"'!"&"C:C")))),SUM(INDIRECT("'"&E9&"'!"&"L"&MATCH(DATE(2021,MAX(1,MONTH(INDIRECT("'"&E9&"'!"&"D10"))),DAY(INDIRECT("'"&E9&"'!"&"D10"))),INDIRECT("'"&E9&"'!"&"C:C"))):INDIRECT("'"&E9&"'!"&"L"&MATCH(DATE(2021,12,DAY(INDIRECT("'"&E9&"'!"&"D10"))),INDIRECT("'"&E9&"'!"&"C:C")))))} -> -236889.18
B10: Lease Interest | C10: =SUM(J:J) -> 265569.74 | E10: 11. Lot1 | F10: {=IF(YEAR(INDIRECT("'"&E10&"'!"&"D10"))<2021=TRUE,INDEX(INDIRECT("'"&E10&"'!"&"K:K"),MATCH(DATE(2021,1,DAY(INDIRECT("'"&E10&"'!"&"D10"))),INDIRECT("'"&E10&"'!"&"C:C"))),INDEX(INDIRECT("'"&E10&"'!"&"K:K"),MATCH(DATE(2021,MAX(1,MONTH(INDIRECT("'"&E10&"'!"&"D10"))),DAY(INDIRECT("'"&E10&"'!"&"D10"))),INDIRECT("'"&E10&"'!"&"C:C"))))} -> 570904.06 | G10: {=IF(YEAR(INDIRECT("'"&E10&"'!"&"D10"))<2021=TRUE,INDEX(INDIRECT("'"&E10&"'!"&"E:E"),MATCH(DATE(2021,1,DAY(INDIRECT("'"&E10&"'!"&"D10"))),INDIRECT("'"&E10&"'!"&"C:C"))),INDEX(INDIRECT("'"&E10&"'!"&"E:E"),MATCH(DATE(2021,MAX(1,MONTH(INDIRECT("'"&E10&"'!"&"D10"))),DAY(INDIRECT("'"&E10&"'!"&"D10"))),INDIRECT("'"&E10&"'!"&"C:C"))))} -> 583141.18 | H10: {=IF(YEAR(INDIRECT("'"&E10&"'!"&"D10"))<2021=TRUE,SUM(INDIRECT("'"&E10&"'!"&"F"&MATCH(DATE(2021,1,DAY(INDIRECT("'"&E10&"'!"&"D10"))),INDIRECT("'"&E10&"'!"&"C:C"))):INDIRECT("'"&E10&"'!"&"G"&MATCH(DATE(2021,12,DAY(INDIRECT("'"&E10&"'!"&"D10"))),INDIRECT("'"&E10&"'!"&"C:C")))),SUM(INDIRECT("'"&E10&"'!"&"F"&MATCH(DATE(2021,MAX(1,MONTH(INDIRECT("'"&E10&"'!"&"D10"))),DAY(INDIRECT("'"&E10&"'!"&"D10"))),INDIRECT("'"&E10&"'!"&"C:C"))):INDIRECT("'"&E10&"'!"&"G"&MATCH(DATE(2021,12,DAY(INDIRECT("'"&E10&"'!"&"D10"))),INDIRECT("'"&E10&"'!"&"C:C")))))} -> -328918.93 | I10: {=IF(YEAR(INDIRECT("'"&E10&"'!"&"D10"))<2021=TRUE,SUM(INDIRECT("'"&E10&"'!"&"F"&MATCH(DATE(2021,1,DAY(INDIRECT("'"&E10&"'!"&"D10"))),INDIRECT("'"&E10&"'!"&"C:C"))):INDIRECT("'"&E10&"'!"&"F"&MATCH(DATE(2021,12,DAY(INDIRECT("'"&E10&"'!"&"D10"))),INDIRECT("'"&E10&"'!"&"C:C")))),SUM(INDIRECT("'"&E10&"'!"&"F"&MATCH(DATE(2021,MAX(1,MONTH(INDIRECT("'"&E10&"'!"&"D10"))),DAY(INDIRECT("'"&E10&"'!"&"D10"))),INDIRECT("'"&E10&"'!"&"C:C"))):INDIRECT("'"&E10&"'!"&"F"&MATCH(DATE(2021,12,DAY(INDIRECT("'"&E10&"'!"&"D10"))),INDIRECT("'"&E10&"'!"&"C:C")))))} -> -342862.92 | J10: {=IF(YEAR(INDIRECT("'"&E10&"'!"&"D10"))<2021=TRUE,SUM(INDIRECT("'"&E10&"'!"&"G"&MATCH(DATE(2021,1,DAY(INDIRECT("'"&E10&"'!"&"D10"))),INDIRECT("'"&E10&"'!"&"C:C"))):INDIRECT("'"&E10&"'!"&"G"&MATCH(DATE(2021,12,DAY(INDIRECT("'"&E10&"'!"&"D10"))),INDIRECT("'"&E10&"'!"&"C:C")))),SUM(INDIRECT("'"&E10&"'!"&"G"&MATCH(DATE(2021,MAX(1,MONTH(INDIRECT("'"&E10&"'!"&"D10"))),DAY(INDIRECT("'"&E10&"'!"&"D10"))),INDIRECT("'"&E10&"'!"&"C:C"))):INDIRECT("'"&E10&"'!"&"G"&MATCH(DATE(2021,12,DAY(INDIRECT("'"&E10&"'!"&"D10"))),INDIRECT("'"&E10&"'!"&"C:C")))))} -> 13943.994 | K10: {=IF(YEAR(INDIRECT("'"&E10&"'!"&"D10"))<2021=TRUE,SUM(INDIRECT("'"&E10&"'!"&"L"&MATCH(DATE(2021,1,DAY(INDIRECT("'"&E10&"'!"&"D10"))),INDIRECT("'"&E10&"'!"&"C:C"))):INDIRECT("'"&E10&"'!"&"L"&MATCH(DATE(2021,12,DAY(INDIRECT("'"&E10&"'!"&"D10"))),INDIRECT("'"&E10&"'!"&"C:C")))),SUM(INDIRECT("'"&E10&"'!"&"L"&MATCH(DATE(2021,MAX(1,MONTH(INDIRECT("'"&E10&"'!"&"D10"))),DAY(INDIRECT("'"&E10&"'!"&"D10"))),INDIRECT("'"&E10&"'!"&"C:C"))):INDIRECT("'"&E10&"'!"&"L"&MATCH(DATE(2021,12,DAY(INDIRECT("'"&E10&"'!"&"D10"))),INDIRECT("'"&E10&"'!"&"C:C")))))} -> -326230.89
B11: Rental | C11: =SUM(I:I) -> -4645031.8 | E11: 12. KWHFC | F11: {=IF(YEAR(INDIRECT("'"&E11&"'!"&"D10"))<2021=TRUE,INDEX(INDIRECT("'"&E11&"'!"&"K:K"),MATCH(DATE(2021,1,DAY(INDIRECT("'"&E11&"'!"&"D10"))),INDIRECT("'"&E11&"'!"&"C:C"))),INDEX(INDIRECT("'"&E11&"'!"&"K:K"),MATCH(DATE(2021,MAX(1,MONTH(INDIRECT("'"&E11&"'!"&"D10"))),DAY(INDIRECT("'"&E11&"'!"&"D10"))),INDIRECT("'"&E11&"'!"&"C:C"))))} -> 296083.52 | G11: {=IF(YEAR(INDIRECT("'"&E11&"'!"&"D10"))<2021=TRUE,INDEX(INDIRECT("'"&E11&"'!"&"E:E"),MATCH(DATE(2021,1,DAY(INDIRECT("'"&E11&"'!"&"D10"))),INDIRECT("'"&E11&"'!"&"C:C"))),INDEX(INDIRECT("'"&E11&"'!"&"E:E"),MATCH(DATE(2021,MAX(1,MONTH(INDIRECT("'"&E11&"'!"&"D10"))),DAY(INDIRECT("'"&E11&"'!"&"D10"))),INDIRECT("'"&E11&"'!"&"C:C"))))} -> 302001.21 | H11: {=IF(YEAR(INDIRECT("'"&E11&"'!"&"D10"))<2021=TRUE,SUM(INDIRECT("'"&E11&"'!"&"F"&MATCH(DATE(2021,1,DAY(INDIRECT("'"&E11&"'!"&"D10"))),INDIRECT("'"&E11&"'!"&"C:C"))):INDIRECT("'"&E11&"'!"&"G"&MATCH(DATE(2021,12,DAY(INDIRECT("'"&E11&"'!"&"D10"))),INDIRECT("'"&E11&"'!"&"C:C")))),SUM(INDIRECT("'"&E11&"'!"&"F"&MATCH(DATE(2021,MAX(1,MONTH(INDIRECT("'"&E11&"'!"&"D10"))),DAY(INDIRECT("'"&E11&"'!"&"D10"))),INDIRECT("'"&E11&"'!"&"C:C"))):INDIRECT("'"&E11&"'!"&"G"&MATCH(DATE(2021,12,DAY(INDIRECT("'"&E11&"'!"&"D10"))),INDIRECT("'"&E11&"'!"&"C:C")))))} -> -162364.67 | I11: {=IF(YEAR(INDIRECT("'"&E11&"'!"&"D10"))<2021=TRUE,SUM(INDIRECT("'"&E11&"'!"&"F"&MATCH(DATE(2021,1,DAY(INDIRECT("'"&E11&"'!"&"D10"))),INDIRECT("'"&E11&"'!"&"C:C"))):INDIRECT("'"&E11&"'!"&"F"&MATCH(DATE(2021,12,DAY(INDIRECT("'"&E11&"'!"&"D10"))),INDIRECT("'"&E11&"'!"&"C:C")))),SUM(INDIRECT("'"&E11&"'!"&"F"&MATCH(DATE(2021,MAX(1,MONTH(INDIRECT("'"&E11&"'!"&"D10"))),DAY(INDIRECT("'"&E11&"'!"&"D10"))),INDIRECT("'"&E11&"'!"&"C:C"))):INDIRECT("'"&E11&"'!"&"F"&MATCH(DATE(2021,12,DAY(INDIRECT("'"&E11&"'!"&"D10"))),INDIRECT("'"&E11&"'!"&"C:C")))))} -> -169733.76 | J11: {=IF(YEAR(INDIRECT("'"&E11&"'!"&"D10"))<2021=TRUE,SUM(INDIRECT("'"&E11&"'!"&"G"&MATCH(DATE(2021,1,DAY(INDIRECT("'"&E11&"'!"&"D10"))),INDIRECT("'"&E11&"'!"&"C:C"))):INDIRECT("'"&E11&"'!"&"G"&MATCH(DATE(2021,12,DAY(INDIRECT("'"&E11&"'!"&"D10"))),INDIRECT("'"&E11&"'!"&"C:C")))),SUM(INDIRECT("'"&E11&"'!"&"G"&MATCH(DATE(2021,MAX(1,MONTH(INDIRECT("'"&E11&"'!"&"D10"))),DAY(INDIRECT("'"&E11&"'!"&"D10"))),INDIRECT("'"&E11&"'!"&"C:C"))):INDIRECT("'"&E11&"'!"&"G"&MATCH(DATE(2021,12,DAY(INDIRECT("'"&E11&"'!"&"D10"))),INDIRECT("'"&E11&"'!"&"C:C")))))} -> 7369.0854 | K11: {=IF(YEAR(INDIRECT("'"&E11&"'!"&"D10"))<2021=TRUE,SUM(INDIRECT("'"&E11&"'!"&"L"&MATCH(DATE(2021,1,DAY(INDIRECT("'"&E11&"'!"&"D10"))),INDIRECT("'"&E11&"'!"&"C:C"))):INDIRECT("'"&E11&"'!"&"L"&MATCH(DATE(2021,12,DAY(INDIRECT("'"&E11&"'!"&"D10"))),INDIRECT("'"&E11&"'!"&"C:C")))),SUM(INDIRECT("'"&E11&"'!"&"L"&MATCH(DATE(2021,MAX(1,MONTH(INDIRECT("'"&E11&"'!"&"D10"))),DAY(INDIRECT("'"&E11&"'!"&"D10"))),INDIRECT("'"&E11&"'!"&"C:C"))):INDIRECT("'"&E11&"'!"&"L"&MATCH(DATE(2021,12,DAY(INDIRECT("'"&E11&"'!"&"D10"))),INDIRECT("'"&E11&"'!"&"C:C")))))} -> -161500.1
E12: 13. JSC | F12: {=IF(YEAR(INDIRECT("'"&E12&"'!"&"D10"))<2021=TRUE,INDEX(INDIRECT("'"&E12&"'!"&"K:K"),MATCH(DATE(2021,1,DAY(INDIRECT("'"&E12&"'!"&"D10"))),INDIRECT("'"&E12&"'!"&"C:C"))),INDEX(INDIRECT("'"&E12&"'!"&"K:K"),MATCH(DATE(2021,MAX(1,MONTH(INDIRECT("'"&E12&"'!"&"D10"))),DAY(INDIRECT("'"&E12&"'!"&"D10"))),INDIRECT("'"&E12&"'!"&"C:C"))))} -> 157566.87 | G12: {=IF(YEAR(INDIRECT("'"&E12&"'!"&"D10"))<2021=TRUE,INDEX(INDIRECT("'"&E12&"'!"&"E:E"),MATCH(DATE(2021,1,DAY(INDIRECT("'"&E12&"'!"&"D10"))),INDIRECT("'"&E12&"'!"&"C:C"))),INDEX(INDIRECT("'"&E12&"'!"&"E:E"),MATCH(DATE(2021,MAX(1,MONTH(INDIRECT("'"&E12&"'!"&"D10"))),DAY(INDIRECT("'"&E12&"'!"&"D10"))),INDIRECT("'"&E12&"'!"&"C:C"))))} -> 160488.36 | H12: {=IF(YEAR(INDIRECT("'"&E12&"'!"&"D10"))<2021=TRUE,SUM(INDIRECT("'"&E12&"'!"&"F"&MATCH(DATE(2021,1,DAY(INDIRECT("'"&E12&"'!"&"D10"))),INDIRECT("'"&E12&"'!"&"C:C"))):INDIRECT("'"&E12&"'!"&"G"&MATCH(DATE(2021,12,DAY(INDIRECT("'"&E12&"'!"&"D10"))),INDIRECT("'"&E12&"'!"&"C:C")))),SUM(INDIRECT("'"&E12&"'!"&"F"&MATCH(DATE(2021,MAX(1,MONTH(INDIRECT("'"&E12&"'!"&"D10"))),DAY(INDIRECT("'"&E12&"'!"&"D10"))),INDIRECT("'"&E12&"'!"&"C:C"))):INDIRECT("'"&E12&"'!"&"G"&MATCH(DATE(2021,12,DAY(INDIRECT("'"&E12&"'!"&"D10"))),INDIRECT("'"&E12&"'!"&"C:C")))))} -> -82412.299 | I12: {=IF(YEAR(INDIRECT("'"&E12&"'!"&"D10"))<2021=TRUE,SUM(INDIRECT("'"&E12&"'!"&"F"&MATCH(DATE(2021,1,DAY(INDIRECT("'"&E12&"'!"&"D10"))),INDIRECT("'"&E12&"'!"&"C:C"))):INDIRECT("'"&E12&"'!"&"F"&MATCH(DATE(2021,12,DAY(INDIRECT("'"&E12&"'!"&"D10"))),INDIRECT("'"&E12&"'!"&"C:C")))),SUM(INDIRECT("'"&E12&"'!"&"F"&MATCH(DATE(2021,MAX(1,MONTH(INDIRECT("'"&E12&"'!"&"D10"))),DAY(INDIRECT("'"&E12&"'!"&"D10"))),INDIRECT("'"&E12&"'!"&"C:C"))):INDIRECT("'"&E12&"'!"&"F"&MATCH(DATE(2021,12,DAY(INDIRECT("'"&E12&"'!"&"D10"))),INDIRECT("'"&E12&"'!"&"C:C")))))} -> -86400 | J12: {=IF(YEAR(INDIRECT("'"&E12&"'!"&"D10"))<2021=TRUE,SUM(INDIRECT("'"&E12&"'!"&"G"&MATCH(DATE(2021,1,DAY(INDIRECT("'"&E12&"'!"&"D10"))),INDIRECT("'"&E12&"'!"&"C:C"))):INDIRECT("'"&E12&"'!"&"G"&MATCH(DATE(2021,12,DAY(INDIRECT("'"&E12&"'!"&"D10"))),INDIRECT("'"&E12&"'!"&"C:C")))),SUM(INDIRECT("'"&E12&"'!"&"G"&MATCH(DATE(2021,MAX(1,MONTH(INDIRECT("'"&E12&"'!"&"D10"))),DAY(INDIRECT("'"&E12&"'!"&"D10"))),INDIRECT("'"&E12&"'!"&"C:C"))):INDIRECT("'"&E12&"'!"&"G"&MATCH(DATE(2021,12,DAY(INDIRECT("'"&E12&"'!"&"D10"))),INDIRECT("'"&E12&"'!"&"C:C")))))} -> 3987.7013 | K12: {=IF(YEAR(INDIRECT("'"&E12&"'!"&"D10"))<2021=TRUE,SUM(INDIRECT("'"&E12&"'!"&"L"&MATCH(DATE(2021,1,DAY(INDIRECT("'"&E12&"'!"&"D10"))),INDIRECT("'"&E12&"'!"&"C:C"))):INDIRECT("'"&E12&"'!"&"L"&MATCH(DATE(2021,12,DAY(INDIRECT("'"&E12&"'!"&"D10"))),INDIRECT("'"&E12&"'!"&"C:C")))),SUM(INDIRECT("'"&E12&"'!"&"L"&MATCH(DATE(2021,MAX(1,MONTH(INDIRECT("'"&E12&"'!"&"D10"))),DAY(INDIRECT("'"&E12&"'!"&"D10"))),INDIRECT("'"&E12&"'!"&"C:C"))):INDIRECT("'"&E12&"'!"&"L"&MATCH(DATE(2021,12,DAY(INDIRECT("'"&E12&"'!"&"D10"))),INDIRECT("'"&E12&"'!"&"C:C")))))} -> -82208.799
A13: 2021 Lease Depreciation | E13: 14. Viva | F13: {=IF(YEAR(INDIRECT("'"&E13&"'!"&"D10"))<2021=TRUE,INDEX(INDIRECT("'"&E13&"'!"&"K:K"),MATCH(DATE(2021,1,DAY(INDIRECT("'"&E13&"'!"&"D10"))),INDIRECT("'"&E13&"'!"&"C:C"))),INDEX(INDIRECT("'"&E13&"'!"&"K:K"),MATCH(DATE(2021,MAX(1,MONTH(INDIRECT("'"&E13&"'!"&"D10"))),DAY(INDIRECT("'"&E13&"'!"&"D10"))),INDIRECT("'"&E13&"'!"&"C:C"))))} -> 145023.17 | G13: {=IF(YEAR(INDIRECT("'"&E13&"'!"&"D10"))<2021=TRUE,INDEX(INDIRECT("'"&E13&"'!"&"E:E"),MATCH(DATE(2021,1,DAY(INDIRECT("'"&E13&"'!"&"D10"))),INDIRECT("'"&E13&"'!"&"C:C"))),INDEX(INDIRECT("'"&E13&"'!"&"E:E"),MATCH(DATE(2021,MAX(1,MONTH(INDIRECT("'"&E13&"'!"&"D10"))),DAY(INDIRECT("'"&E13&"'!"&"D10"))),INDIRECT("'"&E13&"'!"&"C:C"))))} -> 147502.88 | H13: {=IF(YEAR(INDIRECT("'"&E13&"'!"&"D10"))<2021=TRUE,SUM(INDIRECT("'"&E13&"'!"&"F"&MATCH(DATE(2021,1,DAY(INDIRECT("'"&E13&"'!"&"D10"))),INDIRECT("'"&E13&"'!"&"C:C"))):INDIRECT("'"&E13&"'!"&"G"&MATCH(DATE(2021,12,DAY(INDIRECT("'"&E13&"'!"&"D10"))),INDIRECT("'"&E13&"'!"&"C:C")))),SUM(INDIRECT("'"&E13&"'!"&"F"&MATCH(DATE(2021,MAX(1,MONTH(INDIRECT("'"&E13&"'!"&"D10"))),DAY(INDIRECT("'"&E13&"'!"&"D10"))),INDIRECT("'"&E13&"'!"&"C:C"))):INDIRECT("'"&E13&"'!"&"G"&MATCH(DATE(2021,12,DAY(INDIRECT("'"&E13&"'!"&"D10"))),INDIRECT("'"&E13&"'!"&"C:C")))))} -> -72482.99 | I13: {=IF(YEAR(INDIRECT("'"&E13&"'!"&"D10"))<2021=TRUE,SUM(INDIRECT("'"&E13&"'!"&"F"&MATCH(DATE(2021,1,DAY(INDIRECT("'"&E13&"'!"&"D10"))),INDIRECT("'"&E13&"'!"&"C:C"))):INDIRECT("'"&E13&"'!"&"F"&MATCH(DATE(2021,12,DAY(INDIRECT("'"&E13&"'!"&"D10"))),INDIRECT("'"&E13&"'!"&"C:C")))),SUM(INDIRECT("'"&E13&"'!"&"F"&MATCH(DATE(2021,MAX(1,MONTH(INDIRECT("'"&E13&"'!"&"D10"))),DAY(INDIRECT("'"&E13&"'!"&"D10"))),INDIRECT("'"&E13&"'!"&"C:C"))):INDIRECT("'"&E13&"'!"&"F"&MATCH(DATE(2021,12,DAY(INDIRECT("'"&E13&"'!"&"D10"))),INDIRECT("'"&E13&"'!"&"C:C")))))} -> -76208.4 | J13: {=IF(YEAR(INDIRECT("'"&E13&"'!"&"D10"))<2021=TRUE,SUM(INDIRECT("'"&E13&"'!"&"G"&MATCH(DATE(2021,1,DAY(INDIRECT("'"&E13&"'!"&"D10"))),INDIRECT("'"&E13&"'!"&"C:C"))):INDIRECT("'"&E13&"'!"&"G"&MATCH(DATE(2021,12,DAY(INDIRECT("'"&E13&"'!"&"D10"))),INDIRECT("'"&E13&"'!"&"C:C")))),SUM(INDIRECT("'"&E13&"'!"&"G"&MATCH(DATE(2021,MAX(1,MONTH(INDIRECT("'"&E13&"'!"&"D10"))),DAY(INDIRECT("'"&E13&"'!"&"D10"))),INDIRECT("'"&E13&"'!"&"C:C"))):INDIRECT("'"&E13&"'!"&"G"&MATCH(DATE(2021,12,DAY(INDIRECT("'"&E13&"'!"&"D10"))),INDIRECT("'"&E13&"'!"&"C:C")))))} -> 3725.41 | K13: {=IF(YEAR(INDIRECT("'"&E13&"'!"&"D10"))<2021=TRUE,SUM(INDIRECT("'"&E13&"'!"&"L"&MATCH(DATE(2021,1,DAY(INDIRECT("'"&E13&"'!"&"D10"))),INDIRECT("'"&E13&"'!"&"C:C"))):INDIRECT("'"&E13&"'!"&"L"&MATCH(DATE(2021,12,DAY(INDIRECT("'"&E13&"'!"&"D10"))),INDIRECT("'"&E13&"'!"&"C:C")))),SUM(INDIRECT("'"&E13&"'!"&"L"&MATCH(DATE(2021,MAX(1,MONTH(INDIRECT("'"&E13&"'!"&"D10"))),DAY(INDIRECT("'"&E13&"'!"&"D10"))),INDIRECT("'"&E13&"'!"&"C:C"))):INDIRECT("'"&E13&"'!"&"L"&MATCH(DATE(2021,12,DAY(INDIRECT("'"&E13&"'!"&"D10"))),INDIRECT("'"&E13&"'!"&"C:C")))))} -> -72511.586
B14: ROU Asset | C14: =SUM(K:K) -> -4527210.9 | E14: 15. Figaro | F14: {=IF(YEAR(INDIRECT("'"&E14&"'!"&"D10"))<2021=TRUE,INDEX(INDIRECT("'"&E14&"'!"&"K:K"),MATCH(DATE(2021,1,DAY(INDIRECT("'"&E14&"'!"&"D10"))),INDIRECT("'"&E14&"'!"&"C:C"))),INDEX(INDIRECT("'"&E14&"'!"&"K:K"),MATCH(DATE(2021,MAX(1,MONTH(INDIRECT("'"&E14&"'!"&"D10"))),DAY(INDIRECT("'"&E14&"'!"&"D10"))),INDIRECT("'"&E14&"'!"&"C:C"))))} -> 150970.56 | G14: {=IF(YEAR(INDIRECT("'"&E14&"'!"&"D10"))<2021=TRUE,INDEX(INDIRECT("'"&E14&"'!"&"E:E"),MATCH(DATE(2021,1,DAY(INDIRECT("'"&E14&"'!"&"D10"))),INDIRECT("'"&E14&"'!"&"C:C"))),INDEX(INDIRECT("'"&E14&"'!"&"E:E"),MATCH(DATE(2021,MAX(1,MONTH(INDIRECT("'"&E14&"'!"&"D10"))),DAY(INDIRECT("'"&E14&"'!"&"D10"))),INDIRECT("'"&E14&"'!"&"C:C"))))} -> 150970.56 | H14: {=IF(YEAR(INDIRECT("'"&E14&"'!"&"D10"))<2021=TRUE,SUM(INDIRECT("'"&E14&"'!"&"F"&MATCH(DATE(2021,1,DAY(INDIRECT("'"&E14&"'!"&"D10"))),INDIRECT("'"&E14&"'!"&"C:C"))):INDIRECT("'"&E14&"'!"&"G"&MATCH(DATE(2021,12,DAY(INDIRECT("'"&E14&"'!"&"D10"))),INDIRECT("'"&E14&"'!"&"C:C")))),SUM(INDIRECT("'"&E14&"'!"&"F"&MATCH(DATE(2021,MAX(1,MONTH(INDIRECT("'"&E14&"'!"&"D10"))),DAY(INDIRECT("'"&E14&"'!"&"D10"))),INDIRECT("'"&E14&"'!"&"C:C"))):INDIRECT("'"&E14&"'!"&"G"&MATCH(DATE(2021,12,DAY(INDIRECT("'"&E14&"'!"&"D10"))),INDIRECT("'"&E14&"'!"&"C:C")))))} -> -74187.008 | I14: {=IF(YEAR(INDIRECT("'"&E14&"'!"&"D10"))<2021=TRUE,SUM(INDIRECT("'"&E14&"'!"&"F"&MATCH(DATE(2021,1,DAY(INDIRECT("'"&E14&"'!"&"D10"))),INDIRECT("'"&E14&"'!"&"C:C"))):INDIRECT("'"&E14&"'!"&"F"&MATCH(DATE(2021,12,DAY(INDIRECT("'"&E14&"'!"&"D10"))),INDIRECT("'"&E14&"'!"&"C:C")))),SUM(INDIRECT("'"&E14&"'!"&"F"&MATCH(DATE(2021,MAX(1,MONTH(INDIRECT("'"&E14&"'!"&"D10"))),DAY(INDIRECT("'"&E14&"'!"&"D10"))),INDIRECT("'"&E14&"'!"&"C:C"))):INDIRECT("'"&E14&"'!"&"F"&MATCH(DATE(2021,12,DAY(INDIRECT("'"&E14&"'!"&"D10"))),INDIRECT("'"&E14&"'!"&"C:C")))))} -> -78000 | J14: {=IF(YEAR(INDIRECT("'"&E14&"'!"&"D10"))<2021=TRUE,SUM(INDIRECT("'"&E14&"'!"&"G"&MATCH(DATE(2021,1,DAY(INDIRECT("'"&E14&"'!"&"D10"))),INDIRECT("'"&E14&"'!"&"C:C"))):INDIRECT("'"&E14&"'!"&"G"&MATCH(DATE(2021,12,DAY(INDIRECT("'"&E14&"'!"&"D10"))),INDIRECT("'"&E14&"'!"&"C:C")))),SUM(INDIRECT("'"&E14&"'!"&"G"&MATCH(DATE(2021,MAX(1,MONTH(INDIRECT("'"&E14&"'!"&"D10"))),DAY(INDIRECT("'"&E14&"'!"&"D10"))),INDIRECT("'"&E14&"'!"&"C:C"))):INDIRECT("'"&E14&"'!"&"G"&MATCH(DATE(2021,12,DAY(INDIRECT("'"&E14&"'!"&"D10"))),INDIRECT("'"&E14&"'!"&"C:C")))))} -> 3812.9915 | K14: {=IF(YEAR(INDIRECT("'"&E14&"'!"&"D10"))<2021=TRUE,SUM(INDIRECT("'"&E14&"'!"&"L"&MATCH(DATE(2021,1,DAY(INDIRECT("'"&E14&"'!"&"D10"))),INDIRECT("'"&E14&"'!"&"C:C"))):INDIRECT("'"&E14&"'!"&"L"&MATCH(DATE(2021,12,DAY(INDIRECT("'"&E14&"'!"&"D10"))),INDIRECT("'"&E14&"'!"&"C:C")))),SUM(INDIRECT("'"&E14&"'!"&"L"&MATCH(DATE(2021,MAX(1,MONTH(INDIRECT("'"&E14&"'!"&"D10"))),DAY(INDIRECT("'"&E14&"'!"&"D10"))),INDIRECT("'"&E14&"'!"&"C:C"))):INDIRECT("'"&E14&"'!"&"L"&MATCH(DATE(2021,12,DAY(INDIRECT("'"&E14&"'!"&"D10"))),INDIRECT("'"&E14&"'!"&"C:C")))))} -> -75485.281
B15: Depreciation | C15: =-SUM(K:K) -> 4527210.9 | E15: 16. HIM | F15: {=IF(YEAR(INDIRECT("'"&E15&"'!"&"D10"))<2021=TRUE,INDEX(INDIRECT("'"&E15&"'!"&"K:K"),MATCH(DATE(2021,1,DAY(INDIRECT("'"&E15&"'!"&"D10"))),INDIRECT("'"&E15&"'!"&"C:C"))),INDEX(INDIRECT("'"&E15&"'!"&"K:K"),MATCH(DATE(2021,MAX(1,MONTH(INDIRECT("'"&E15&"'!"&"D10"))),DAY(INDIRECT("'"&E15&"'!"&"D10"))),INDIRECT("'"&E15&"'!"&"C:C"))))} -> 459635.48 | G15: {=IF(YEAR(INDIRECT("'"&E15&"'!"&"D10"))<2021=TRUE,INDEX(INDIRECT("'"&E15&"'!"&"E:E"),MATCH(DATE(2021,1,DAY(INDIRECT("'"&E15&"'!"&"D10"))),INDIRECT("'"&E15&"'!"&"C:C"))),INDEX(INDIRECT("'"&E15&"'!"&"E:E"),MATCH(DATE(2021,MAX(1,MONTH(INDIRECT("'"&E15&"'!"&"D10"))),DAY(INDIRECT("'"&E15&"'!"&"D10"))),INDIRECT("'"&E15&"'!"&"C:C"))))} -> 468071.91 | H15: {=IF(YEAR(INDIRECT("'"&E15&"'!"&"D10"))<2021=TRUE,SUM(INDIRECT("'"&E15&"'!"&"F"&MATCH(DATE(2021,1,DAY(INDIRECT("'"&E15&"'!"&"D10"))),INDIRECT("'"&E15&"'!"&"C:C"))):INDIRECT("'"&E15&"'!"&"G"&MATCH(DATE(2021,12,DAY(INDIRECT("'"&E15&"'!"&"D10"))),INDIRECT("'"&E15&"'!"&"C:C")))),SUM(INDIRECT("'"&E15&"'!"&"F"&MATCH(DATE(2021,MAX(1,MONTH(INDIRECT("'"&E15&"'!"&"D10"))),DAY(INDIRECT("'"&E15&"'!"&"D10"))),INDIRECT("'"&E15&"'!"&"C:C"))):INDIRECT("'"&E15&"'!"&"G"&MATCH(DATE(2021,12,DAY(INDIRECT("'"&E15&"'!"&"D10"))),INDIRECT("'"&E15&"'!"&"C:C")))))} -> -219763.35 | I15: {=IF(YEAR(INDIRECT("'"&E15&"'!"&"D10"))<2021=TRUE,SUM(INDIRECT("'"&E15&"'!"&"F"&MATCH(DATE(2021,1,DAY(INDIRECT("'"&E15&"'!"&"D10"))),INDIRECT("'"&E15&"'!"&"C:C"))):INDIRECT("'"&E15&"'!"&"F"&MATCH(DATE(2021,12,DAY(INDIRECT("'"&E15&"'!"&"D10"))),INDIRECT("'"&E15&"'!"&"C:C")))),SUM(INDIRECT("'"&E15&"'!"&"F"&MATCH(DATE(2021,MAX(1,MONTH(INDIRECT("'"&E15&"'!"&"D10"))),DAY(INDIRECT("'"&E15&"'!"&"D10"))),INDIRECT("'"&E15&"'!"&"C:C"))):INDIRECT("'"&E15&"'!"&"F"&MATCH(DATE(2021,12,DAY(INDIRECT("'"&E15&"'!"&"D10"))),INDIRECT("'"&E15&"'!"&"C:C")))))} -> -231720 | J15: {=IF(YEAR(INDIRECT("'"&E15&"'!"&"D10"))<2021=TRUE,SUM(INDIRECT("'"&E15&"'!"&"G"&MATCH(DATE(2021,1,DAY(INDIRECT("'"&E15&"'!"&"D10"))),INDIRECT("'"&E15&"'!"&"C:C"))):INDIRECT("'"&E15&"'!"&"G"&MATCH(DATE(2021,12,DAY(INDIRECT("'"&E15&"'!"&"D10"))),INDIRECT("'"&E15&"'!"&"C:C")))),SUM(INDIRECT("'"&E15&"'!"&"G"&MATCH(DATE(2021,MAX(1,MONTH(INDIRECT("'"&E15&"'!"&"D10"))),DAY(INDIRECT("'"&E15&"'!"&"D10"))),INDIRECT("'"&E15&"'!"&"C:C"))):INDIRECT("'"&E15&"'!"&"G"&MATCH(DATE(2021,12,DAY(INDIRECT("'"&E15&"'!"&"D10"))),INDIRECT("'"&E15&"'!"&"C:C")))))} -> 11956.645 | K15: {=IF(YEAR(INDIRECT("'"&E15&"'!"&"D10"))<2021=TRUE,SUM(INDIRECT("'"&E15&"'!"&"L"&MATCH(DATE(2021,1,DAY(INDIRECT("'"&E15&"'!"&"D10"))),INDIRECT("'"&E15&"'!"&"C:C"))):INDIRECT("'"&E15&"'!"&"L"&MATCH(DATE(2021,12,DAY(INDIRECT("'"&E15&"'!"&"D10"))),INDIRECT("'"&E15&"'!"&"C:C")))),SUM(INDIRECT("'"&E15&"'!"&"L"&MATCH(DATE(2021,MAX(1,MONTH(INDIRECT("'"&E15&"'!"&"D10"))),DAY(INDIRECT("'"&E15&"'!"&"D10"))),INDIRECT("'"&E15&"'!"&"C:C"))):INDIRECT("'"&E15&"'!"&"L"&MATCH(DATE(2021,12,DAY(INDIRECT("'"&E15&"'!"&"D10"))),INDIRECT("'"&E15&"'!"&"C:C")))))} -> -220625.03
E16: 17. TMP | F16: {=IF(YEAR(INDIRECT("'"&E16&"'!"&"D10"))<2021=TRUE,INDEX(INDIRECT("'"&E16&"'!"&"K:K"),MATCH(DATE(2021,1,DAY(INDIRECT("'"&E16&"'!"&"D10"))),INDIRECT("'"&E16&"'!"&"C:C"))),INDEX(INDIRECT("'"&E16&"'!"&"K:K"),MATCH(DATE(2021,MAX(1,MONTH(INDIRECT("'"&E16&"'!"&"D10"))),DAY(INDIRECT("'"&E16&"'!"&"D10"))),INDIRECT("'"&E16&"'!"&"C:C"))))} -> 699475.38 | G16: {=IF(YEAR(INDIRECT("'"&E16&"'!"&"D10"))<2021=TRUE,INDEX(INDIRECT("'"&E16&"'!"&"E:E"),MATCH(DATE(2021,1,DAY(INDIRECT("'"&E16&"'!"&"D10"))),INDIRECT("'"&E16&"'!"&"C:C"))),INDEX(INDIRECT("'"&E16&"'!"&"E:E"),MATCH(DATE(2021,MAX(1,MONTH(INDIRECT("'"&E16&"'!"&"D10"))),DAY(INDIRECT("'"&E16&"'!"&"D10"))),INDIRECT("'"&E16&"'!"&"C:C"))))} -> 714299.22 | H16: {=IF(YEAR(INDIRECT("'"&E16&"'!"&"D10"))<2021=TRUE,SUM(INDIRECT("'"&E16&"'!"&"F"&MATCH(DATE(2021,1,DAY(INDIRECT("'"&E16&"'!"&"D10"))),INDIRECT("'"&E16&"'!"&"C:C"))):INDIRECT("'"&E16&"'!"&"G"&MATCH(DATE(2021,12,DAY(INDIRECT("'"&E16&"'!"&"D10"))),INDIRECT("'"&E16&"'!"&"C:C")))),SUM(INDIRECT("'"&E16&"'!"&"F"&MATCH(DATE(2021,MAX(1,MONTH(INDIRECT("'"&E16&"'!"&"D10"))),DAY(INDIRECT("'"&E16&"'!"&"D10"))),INDIRECT("'"&E16&"'!"&"C:C"))):INDIRECT("'"&E16&"'!"&"G"&MATCH(DATE(2021,12,DAY(INDIRECT("'"&E16&"'!"&"D10"))),INDIRECT("'"&E16&"'!"&"C:C")))))} -> -235282.72 | I16: {=IF(YEAR(INDIRECT("'"&E16&"'!"&"D10"))<2021=TRUE,SUM(INDIRECT("'"&E16&"'!"&"F"&MATCH(DATE(2021,1,DAY(INDIRECT("'"&E16&"'!"&"D10"))),INDIRECT("'"&E16&"'!"&"C:C"))):INDIRECT("'"&E16&"'!"&"F"&MATCH(DATE(2021,12,DAY(INDIRECT("'"&E16&"'!"&"D10"))),INDIRECT("'"&E16&"'!"&"C:C")))),SUM(INDIRECT("'"&E16&"'!"&"F"&MATCH(DATE(2021,MAX(1,MONTH(INDIRECT("'"&E16&"'!"&"D10"))),DAY(INDIRECT("'"&E16&"'!"&"D10"))),INDIRECT("'"&E16&"'!"&"C:C"))):INDIRECT("'"&E16&"'!"&"F"&MATCH(DATE(2021,12,DAY(INDIRECT("'"&E16&"'!"&"D10"))),INDIRECT("'"&E16&"'!"&"C:C")))))} -> -252963.12 | J16: {=IF(YEAR(INDIRECT("'"&E16&"'!"&"D10"))<2021=TRUE,SUM(INDIRECT("'"&E16&"'!"&"G"&MATCH(DATE(2021,1,DAY(INDIRECT("'"&E16&"'!"&"D10"))),INDIRECT("'"&E16&"'!"&"C:C"))):INDIRECT("'"&E16&"'!"&"G"&MATCH(DATE(2021,12,DAY(INDIRECT("'"&E16&"'!"&"D10"))),INDIRECT("'"&E16&"'!"&"C:C")))),SUM(INDIRECT("'"&E16&"'!"&"G"&MATCH(DATE(2021,MAX(1,MONTH(INDIRECT("'"&E16&"'!"&"D10"))),DAY(INDIRECT("'"&E16&"'!"&"D10"))),INDIRECT("'"&E16&"'!"&"C:C"))):INDIRECT("'"&E16&"'!"&"G"&MATCH(DATE(2021,12,DAY(INDIRECT("'"&E16&"'!"&"D10"))),INDIRECT("'"&E16&"'!"&"C:C")))))} -> 17680.404 | K16: {=IF(YEAR(INDIRECT("'"&E16&"'!"&"D10"))<2021=TRUE,SUM(INDIRECT("'"&E16&"'!"&"L"&MATCH(DATE(2021,1,DAY(INDIRECT("'"&E16&"'!"&"D10"))),INDIRECT("'"&E16&"'!"&"C:C"))):INDIRECT("'"&E16&"'!"&"L"&MATCH(DATE(2021,12,DAY(INDIRECT("'"&E16&"'!"&"D10"))),INDIRECT("'"&E16&"'!"&"C:C")))),SUM(INDIRECT("'"&E16&"'!"&"L"&MATCH(DATE(2021,MAX(1,MONTH(INDIRECT("'"&E16&"'!"&"D10"))),DAY(INDIRECT("'"&E16&"'!"&"D10"))),INDIRECT("'"&E16&"'!"&"C:C"))):INDIRECT("'"&E16&"'!"&"L"&MATCH(DATE(2021,12,DAY(INDIRECT("'"&E16&"'!"&"D10"))),INDIRECT("'"&E16&"'!"&"C:C")))))} -> -262303.27
E17: 18. CWP | F17: {=IF(YEAR(INDIRECT("'"&E17&"'!"&"D10"))<2021=TRUE,INDEX(INDIRECT("'"&E17&"'!"&"K:K"),MATCH(DATE(2021,1,DAY(INDIRECT("'"&E17&"'!"&"D10"))),INDIRECT("'"&E17&"'!"&"C:C"))),INDEX(INDIRECT("'"&E17&"'!"&"K:K"),MATCH(DATE(2021,MAX(1,MONTH(INDIRECT("'"&E17&"'!"&"D10"))),DAY(INDIRECT("'"&E17&"'!"&"D10"))),INDIRECT("'"&E17&"'!"&"C:C"))))} -> 1390244.3 | G17: {=IF(YEAR(INDIRECT("'"&E17&"'!"&"D10"))<2021=TRUE,INDEX(INDIRECT("'"&E17&"'!"&"E:E"),MATCH(DATE(2021,1,DAY(INDIRECT("'"&E17&"'!"&"D10"))),INDIRECT("'"&E17&"'!"&"C:C"))),INDEX(INDIRECT("'"&E17&"'!"&"E:E"),MATCH(DATE(2021,MAX(1,MONTH(INDIRECT("'"&E17&"'!"&"D10"))),DAY(INDIRECT("'"&E17&"'!"&"D10"))),INDIRECT("'"&E17&"'!"&"C:C"))))} -> 1390244.3 | H17: {=IF(YEAR(INDIRECT("'"&E17&"'!"&"D10"))<2021=TRUE,SUM(INDIRECT("'"&E17&"'!"&"F"&MATCH(DATE(2021,1,DAY(INDIRECT("'"&E17&"'!"&"D10"))),INDIRECT("'"&E17&"'!"&"C:C"))):INDIRECT("'"&E17&"'!"&"G"&MATCH(DATE(2021,12,DAY(INDIRECT("'"&E17&"'!"&"D10"))),INDIRECT("'"&E17&"'!"&"C:C")))),SUM(INDIRECT("'"&E17&"'!"&"F"&MATCH(DATE(2021,MAX(1,MONTH(INDIRECT("'"&E17&"'!"&"D10"))),DAY(INDIRECT("'"&E17&"'!"&"D10"))),INDIRECT("'"&E17&"'!"&"C:C"))):INDIRECT("'"&E17&"'!"&"G"&MATCH(DATE(2021,12,DAY(INDIRECT("'"&E17&"'!"&"D10"))),INDIRECT("'"&E17&"'!"&"C:C")))))} -> -407591.31 | I17: {=IF(YEAR(INDIRECT("'"&E17&"'!"&"D10"))<2021=TRUE,SUM(INDIRECT("'"&E17&"'!"&"F"&MATCH(DATE(2021,1,DAY(INDIRECT("'"&E17&"'!"&"D10"))),INDIRECT("'"&E17&"'!"&"C:C"))):INDIRECT("'"&E17&"'!"&"F"&MATCH(DATE(2021,12,DAY(INDIRECT("'"&E17&"'!"&"D10"))),INDIRECT("'"&E17&"'!"&"C:C")))),SUM(INDIRECT("'"&E17&"'!"&"F"&MATCH(DATE(2021,MAX(1,MONTH(INDIRECT("'"&E17&"'!"&"D10"))),DAY(INDIRECT("'"&E17&"'!"&"D10"))),INDIRECT("'"&E17&"'!"&"C:C"))):INDIRECT("'"&E17&"'!"&"F"&MATCH(DATE(2021,12,DAY(INDIRECT("'"&E17&"'!"&"D10"))),INDIRECT("'"&E17&"'!"&"C:C")))))} -> -443539.2 | J17: {=IF(YEAR(INDIRECT("'"&E17&"'!"&"D10"))<2021=TRUE,SUM(INDIRECT("'"&E17&"'!"&"G"&MATCH(DATE(2021,1,DAY(INDIRECT("'"&E17&"'!"&"D10"))),INDIRECT("'"&E17&"'!"&"C:C"))):INDIRECT("'"&E17&"'!"&"G"&MATCH(DATE(2021,12,DAY(INDIRECT("'"&E17&"'!"&"D10"))),INDIRECT("'"&E17&"'!"&"C:C")))),SUM(INDIRECT("'"&E17&"'!"&"G"&MATCH(DATE(2021,MAX(1,MONTH(INDIRECT("'"&E17&"'!"&"D10"))),DAY(INDIRECT("'"&E17&"'!"&"D10"))),INDIRECT("'"&E17&"'!"&"C:C"))):INDIRECT("'"&E17&"'!"&"G"&MATCH(DATE(2021,12,DAY(INDIRECT("'"&E17&"'!"&"D10"))),INDIRECT("'"&E17&"'!"&"C:C")))))} -> 35947.891 | K17: {=IF(YEAR(INDIRECT("'"&E17&"'!"&"D10"))<2021=TRUE,SUM(INDIRECT("'"&E17&"'!"&"L"&MATCH(DATE(2021,1,DAY(INDIRECT("'"&E17&"'!"&"D10"))),INDIRECT("'"&E17&"'!"&"C:C"))):INDIRECT("'"&E17&"'!"&"L"&MATCH(DATE(2021,12,DAY(INDIRECT("'"&E17&"'!"&"D10"))),INDIRECT("'"&E17&"'!"&"C:C")))),SUM(INDIRECT("'"&E17&"'!"&"L"&MATCH(DATE(2021,MAX(1,MONTH(INDIRECT("'"&E17&"'!"&"D10"))),DAY(INDIRECT("'"&E17&"'!"&"D10"))),INDIRECT("'"&E17&"'!"&"C:C"))):INDIRECT("'"&E17&"'!"&"L"&MATCH(DATE(2021,12,DAY(INDIRECT("'"&E17&"'!"&"D10"))),INDIRECT("'"&E17&"'!"&"C:C")))))} -> -463414.78
E18: 19. FPH | F18: {=IF(YEAR(INDIRECT("'"&E18&"'!"&"D10"))<2021=TRUE,INDEX(INDIRECT("'"&E18&"'!"&"K:K"),MATCH(DATE(2021,1,DAY(INDIRECT("'"&E18&"'!"&"D10"))),INDIRECT("'"&E18&"'!"&"C:C"))),INDEX(INDIRECT("'"&E18&"'!"&"K:K"),MATCH(DATE(2021,MAX(1,MONTH(INDIRECT("'"&E18&"'!"&"D10"))),DAY(INDIRECT("'"&E18&"'!"&"D10"))),INDIRECT("'"&E18&"'!"&"C:C"))))} -> 302947.06 | G18: {=IF(YEAR(INDIRECT("'"&E18&"'!"&"D10"))<2021=TRUE,INDEX(INDIRECT("'"&E18&"'!"&"E:E"),MATCH(DATE(2021,1,DAY(INDIRECT("'"&E18&"'!"&"D10"))),INDIRECT("'"&E18&"'!"&"C:C"))),INDEX(INDIRECT("'"&E18&"'!"&"E:E"),MATCH(DATE(2021,MAX(1,MONTH(INDIRECT("'"&E18&"'!"&"D10"))),DAY(INDIRECT("'"&E18&"'!"&"D10"))),INDIRECT("'"&E18&"'!"&"C:C"))))} -> 304187.86 | H18: {=IF(YEAR(INDIRECT("'"&E18&"'!"&"D10"))<2021=TRUE,SUM(INDIRECT("'"&E18&"'!"&"F"&MATCH(DATE(2021,1,DAY(INDIRECT("'"&E18&"'!"&"D10"))),INDIRECT("'"&E18&"'!"&"C:C"))):INDIRECT("'"&E18&"'!"&"G"&MATCH(DATE(2021,12,DAY(INDIRECT("'"&E18&"'!"&"D10"))),INDIRECT("'"&E18&"'!"&"C:C")))),SUM(INDIRECT("'"&E18&"'!"&"F"&MATCH(DATE(2021,MAX(1,MONTH(INDIRECT("'"&E18&"'!"&"D10"))),DAY(INDIRECT("'"&E18&"'!"&"D10"))),INDIRECT("'"&E18&"'!"&"C:C"))):INDIRECT("'"&E18&"'!"&"G"&MATCH(DATE(2021,12,DAY(INDIRECT("'"&E18&"'!"&"D10"))),INDIRECT("'"&E18&"'!"&"C:C")))))} -> -91897.875 | I18: {=IF(YEAR(INDIRECT("'"&E18&"'!"&"D10"))<2021=TRUE,SUM(INDIRECT("'"&E18&"'!"&"F"&MATCH(DATE(2021,1,DAY(INDIRECT("'"&E18&"'!"&"D10"))),INDIRECT("'"&E18&"'!"&"C:C"))):INDIRECT("'"&E18&"'!"&"F"&MATCH(DATE(2021,12,DAY(INDIRECT("'"&E18&"'!"&"D10"))),INDIRECT("'"&E18&"'!"&"C:C")))),SUM(INDIRECT("'"&E18&"'!"&"F"&MATCH(DATE(2021,MAX(1,MONTH(INDIRECT("'"&E18&"'!"&"D10"))),DAY(INDIRECT("'"&E18&"'!"&"D10"))),INDIRECT("'"&E18&"'!"&"C:C"))):INDIRECT("'"&E18&"'!"&"F"&MATCH(DATE(2021,12,DAY(INDIRECT("'"&E18&"'!"&"D10"))),INDIRECT("'"&E18&"'!"&"C:C")))))} -> -99695.6 | J18: {=IF(YEAR(INDIRECT("'"&E18&"'!"&"D10"))<2021=TRUE,SUM(INDIRECT("'"&E18&"'!"&"G"&MATCH(DATE(2021,1,DAY(INDIRECT("'"&E18&"'!"&"D10"))),INDIRECT("'"&E18&"'!"&"C:C"))):INDIRECT("'"&E18&"'!"&"G"&MATCH(DATE(2021,12,DAY(INDIRECT("'"&E18&"'!"&"D10"))),INDIRECT("'"&E18&"'!"&"C:C")))),SUM(INDIRECT("'"&E18&"'!"&"G"&MATCH(DATE(2021,MAX(1,MONTH(INDIRECT("'"&E18&"'!"&"D10"))),DAY(INDIRECT("'"&E18&"'!"&"D10"))),INDIRECT("'"&E18&"'!"&"C:C"))):INDIRECT("'"&E18&"'!"&"G"&MATCH(DATE(2021,12,DAY(INDIRECT("'"&E18&"'!"&"D10"))),INDIRECT("'"&E18&"'!"&"C:C")))))} -> 7797.7253 | K18: {=IF(YEAR(INDIRECT("'"&E18&"'!"&"D10"))<2021=TRUE,SUM(INDIRECT("'"&E18&"'!"&"L"&MATCH(DATE(2021,1,DAY(INDIRECT("'"&E18&"'!"&"D10"))),INDIRECT("'"&E18&"'!"&"C:C"))):INDIRECT("'"&E18&"'!"&"L"&MATCH(DATE(2021,12,DAY(INDIRECT("'"&E18&"'!"&"D10"))),INDIRECT("'"&E18&"'!"&"C:C")))),SUM(INDIRECT("'"&E18&"'!"&"L"&MATCH(DATE(2021,MAX(1,MONTH(INDIRECT("'"&E18&"'!"&"D10"))),DAY(INDIRECT("'"&E18&"'!"&"D10"))),INDIRECT("'"&E18&"'!"&"C:C"))):INDIRECT("'"&E18&"'!"&"L"&MATCH(DATE(2021,12,DAY(INDIRECT("'"&E18&"'!"&"D10"))),INDIRECT("'"&E18&"'!"&"C:C")))))} -> -103867.56
E19: 20. NPT | F19: {=IF(YEAR(INDIRECT("'"&E19&"'!"&"D10"))<2021=TRUE,INDEX(INDIRECT("'"&E19&"'!"&"K:K"),MATCH(DATE(2021,1,DAY(INDIRECT("'"&E19&"'!"&"D10"))),INDIRECT("'"&E19&"'!"&"C:C"))),INDEX(INDIRECT("'"&E19&"'!"&"K:K"),MATCH(DATE(2021,MAX(1,MONTH(INDIRECT("'"&E19&"'!"&"D10"))),DAY(INDIRECT("'"&E19&"'!"&"D10"))),INDIRECT("'"&E19&"'!"&"C:C"))))} -> 793901.35 | G19: {=IF(YEAR(INDIRECT("'"&E19&"'!"&"D10"))<2021=TRUE,INDEX(INDIRECT("'"&E19&"'!"&"E:E"),MATCH(DATE(2021,1,DAY(INDIRECT("'"&E19&"'!"&"D10"))),INDIRECT("'"&E19&"'!"&"C:C"))),INDEX(INDIRECT("'"&E19&"'!"&"E:E"),MATCH(DATE(2021,MAX(1,MONTH(INDIRECT("'"&E19&"'!"&"D10"))),DAY(INDIRECT("'"&E19&"'!"&"D10"))),INDIRECT("'"&E19&"'!"&"C:C"))))} -> 793901.35 | H19: {=IF(YEAR(INDIRECT("'"&E19&"'!"&"D10"))<2021=TRUE,SUM(INDIRECT("'"&E19&"'!"&"F"&MATCH(DATE(2021,1,DAY(INDIRECT("'"&E19&"'!"&"D10"))),INDIRECT("'"&E19&"'!"&"C:C"))):INDIRECT("'"&E19&"'!"&"G"&MATCH(DATE(2021,12,DAY(INDIRECT("'"&E19&"'!"&"D10"))),INDIRECT("'"&E19&"'!"&"C:C")))),SUM(INDIRECT("'"&E19&"'!"&"F"&MATCH(DATE(2021,MAX(1,MONTH(INDIRECT("'"&E19&"'!"&"D10"))),DAY(INDIRECT("'"&E19&"'!"&"D10"))),INDIRECT("'"&E19&"'!"&"C:C"))):INDIRECT("'"&E19&"'!"&"G"&MATCH(DATE(2021,12,DAY(INDIRECT("'"&E19&"'!"&"D10"))),INDIRECT("'"&E19&"'!"&"C:C")))))} -> -189163.96 | I19: {=IF(YEAR(INDIRECT("'"&E19&"'!"&"D10"))<2021=TRUE,SUM(INDIRECT("'"&E19&"'!"&"F"&MATCH(DATE(2021,1,DAY(INDIRECT("'"&E19&"'!"&"D10"))),INDIRECT("'"&E19&"'!"&"C:C"))):INDIRECT("'"&E19&"'!"&"F"&MATCH(DATE(2021,12,DAY(INDIRECT("'"&E19&"'!"&"D10"))),INDIRECT("'"&E19&"'!"&"C:C")))),SUM(INDIRECT("'"&E19&"'!"&"F"&MATCH(DATE(2021,MAX(1,MONTH(INDIRECT("'"&E19&"'!"&"D10"))),DAY(INDIRECT("'"&E19&"'!"&"D10"))),INDIRECT("'"&E19&"'!"&"C:C"))):INDIRECT("'"&E19&"'!"&"F"&MATCH(DATE(2021,12,DAY(INDIRECT("'"&E19&"'!"&"D10"))),INDIRECT("'"&E19&"'!"&"C:C")))))} -> -206739 | J19: {=IF(YEAR(INDIRECT("'"&E19&"'!"&"D10"))<2021=TRUE,SUM(INDIRECT("'"&E19&"'!"&"G"&MATCH(DATE(2021,1,DAY(INDIRECT("'"&E19&"'!"&"D10"))),INDIRECT("'"&E19&"'!"&"C:C"))):INDIRECT("'"&E19&"'!"&"G"&MATCH(DATE(2021,12,DAY(INDIRECT("'"&E19&"'!"&"D10"))),INDIRECT("'"&E19&"'!"&"C:C")))),SUM(INDIRECT("'"&E19&"'!"&"G"&MATCH(DATE(2021,MAX(1,MONTH(INDIRECT("'"&E19&"'!"&"D10"))),DAY(INDIRECT("'"&E19&"'!"&"D10"))),INDIRECT("'"&E19&"'!"&"C:C"))):INDIRECT("'"&E19&"'!"&"G"&MATCH(DATE(2021,12,DAY(INDIRECT("'"&E19&"'!"&"D10"))),INDIRECT("'"&E19&"'!"&"C:C")))))} -> 17575.037 | K19: {=IF(YEAR(INDIRECT("'"&E19&"'!"&"D10"))<2021=TRUE,SUM(INDIRECT("'"&E19&"'!"&"L"&MATCH(DATE(2021,1,DAY(INDIRECT("'"&E19&"'!"&"D10"))),INDIRECT("'"&E19&"'!"&"C:C"))):INDIRECT("'"&E19&"'!"&"L"&MATCH(DATE(2021,12,DAY(INDIRECT("'"&E19&"'!"&"D10"))),INDIRECT("'"&E19&"'!"&"C:C")))),SUM(INDIRECT("'"&E19&"'!"&"L"&MATCH(DATE(2021,MAX(1,MONTH(INDIRECT("'"&E19&"'!"&"D10"))),DAY(INDIRECT("'"&E19&"'!"&"D10"))),INDIRECT("'"&E19&"'!"&"C:C"))):INDIRECT("'"&E19&"'!"&"L"&MATCH(DATE(2021,12,DAY(INDIRECT("'"&E19&"'!"&"D10"))),INDIRECT("'"&E19&"'!"&"C:C")))))} -> -198475.34
E20: 21. FSP | F20: {=IF(YEAR(INDIRECT("'"&E20&"'!"&"D10"))<2021=TRUE,INDEX(INDIRECT("'"&E20&"'!"&"K:K"),MATCH(DATE(2021,1,DAY(INDIRECT("'"&E20&"'!"&"D10"))),INDIRECT("'"&E20&"'!"&"C:C"))),INDEX(INDIRECT("'"&E20&"'!"&"K:K"),MATCH(DATE(2021,MAX(1,MONTH(INDIRECT("'"&E20&"'!"&"D10"))),DAY(INDIRECT("'"&E20&"'!"&"D10"))),INDIRECT("'"&E20&"'!"&"C:C"))))} -> 291664.18 | G20: {=IF(YEAR(INDIRECT("'"&E20&"'!"&"D10"))<2021=TRUE,INDEX(INDIRECT("'"&E20&"'!"&"E:E"),MATCH(DATE(2021,1,DAY(INDIRECT("'"&E20&"'!"&"D10"))),INDIRECT("'"&E20&"'!"&"C:C"))),INDEX(INDIRECT("'"&E20&"'!"&"E:E"),MATCH(DATE(2021,MAX(1,MONTH(INDIRECT("'"&E20&"'!"&"D10"))),DAY(INDIRECT("'"&E20&"'!"&"D10"))),INDIRECT("'"&E20&"'!"&"C:C"))))} -> 291664.18 | H20: {=IF(YEAR(INDIRECT("'"&E20&"'!"&"D10"))<2021=TRUE,SUM(INDIRECT("'"&E20&"'!"&"F"&MATCH(DATE(2021,1,DAY(INDIRECT("'"&E20&"'!"&"D10"))),INDIRECT("'"&E20&"'!"&"C:C"))):INDIRECT("'"&E20&"'!"&"G"&MATCH(DATE(2021,12,DAY(INDIRECT("'"&E20&"'!"&"D10"))),INDIRECT("'"&E20&"'!"&"C:C")))),SUM(INDIRECT("'"&E20&"'!"&"F"&MATCH(DATE(2021,MAX(1,MONTH(INDIRECT("'"&E20&"'!"&"D10"))),DAY(INDIRECT("'"&E20&"'!"&"D10"))),INDIRECT("'"&E20&"'!"&"C:C"))):INDIRECT("'"&E20&"'!"&"G"&MATCH(DATE(2021,12,DAY(INDIRECT("'"&E20&"'!"&"D10"))),INDIRECT("'"&E20&"'!"&"C:C")))))} -> -67315.393 | I20: {=IF(YEAR(INDIRECT("'"&E20&"'!"&"D10"))<2021=TRUE,SUM(INDIRECT("'"&E20&"'!"&"F"&MATCH(DATE(2021,1,DAY(INDIRECT("'"&E20&"'!"&"D10"))),INDIRECT("'"&E20&"'!"&"C:C"))):INDIRECT("'"&E20&"'!"&"F"&MATCH(DATE(2021,12,DAY(INDIRECT("'"&E20&"'!"&"D10"))),INDIRECT("'"&E20&"'!"&"C:C")))),SUM(INDIRECT("'"&E20&"'!"&"F"&MATCH(DATE(2021,MAX(1,MONTH(INDIRECT("'"&E20&"'!"&"D10"))),DAY(INDIRECT("'"&E20&"'!"&"D10"))),INDIRECT("'"&E20&"'!"&"C:C"))):INDIRECT("'"&E20&"'!"&"F"&MATCH(DATE(2021,12,DAY(INDIRECT("'"&E20&"'!"&"D10"))),INDIRECT("'"&E20&"'!"&"C:C")))))} -> -73569.6 | J20: {=IF(YEAR(INDIRECT("'"&E20&"'!"&"D10"))<2021=TRUE,SUM(INDIRECT("'"&E20&"'!"&"G"&MATCH(DATE(2021,1,DAY(INDIRECT("'"&E20&"'!"&"D10"))),INDIRECT("'"&E20&"'!"&"C:C"))):INDIRECT("'"&E20&"'!"&"G"&MATCH(DATE(2021,12,DAY(INDIRECT("'"&E20&"'!"&"D10"))),INDIRECT("'"&E20&"'!"&"C:C")))),SUM(INDIRECT("'"&E20&"'!"&"G"&MATCH(DATE(2021,MAX(1,MONTH(INDIRECT("'"&E20&"'!"&"D10"))),DAY(INDIRECT("'"&E20&"'!"&"D10"))),INDIRECT("'"&E20&"'!"&"C:C"))):INDIRECT("'"&E20&"'!"&"G"&MATCH(DATE(2021,12,DAY(INDIRECT("'"&E20&"'!"&"D10"))),INDIRECT("'"&E20&"'!"&"C:C")))))} -> 6254.2066 | K20: {=IF(YEAR(INDIRECT("'"&E20&"'!"&"D10"))<2021=TRUE,SUM(INDIRECT("'"&E20&"'!"&"L"&MATCH(DATE(2021,1,DAY(INDIRECT("'"&E20&"'!"&"D10"))),INDIRECT("'"&E20&"'!"&"C:C"))):INDIRECT("'"&E20&"'!"&"L"&MATCH(DATE(2021,12,DAY(INDIRECT("'"&E20&"'!"&"D10"))),INDIRECT("'"&E20&"'!"&"C:C")))),SUM(INDIRECT("'"&E20&"'!"&"L"&MATCH(DATE(2021,MAX(1,MONTH(INDIRECT("'"&E20&"'!"&"D10"))),DAY(INDIRECT("'"&E20&"'!"&"D10"))),INDIRECT("'"&E20&"'!"&"C:C"))):INDIRECT("'"&E20&"'!"&"L"&MATCH(DATE(2021,12,DAY(INDIRECT("'"&E20&"'!"&"D10"))),INDIRECT("'"&E20&"'!"&"C:C")))))} -> -72916.045
E21: 22. PM HFC | F21: {=IF(YEAR(INDIRECT("'"&E21&"'!"&"D10"))<2021=TRUE,INDEX(INDIRECT("'"&E21&"'!"&"K:K"),MATCH(DATE(2021,1,DAY(INDIRECT("'"&E21&"'!"&"D10"))),INDIRECT("'"&E21&"'!"&"C:C"))),INDEX(INDIRECT("'"&E21&"'!"&"K:K"),MATCH(DATE(2021,MAX(1,MONTH(INDIRECT("'"&E21&"'!"&"D10"))),DAY(INDIRECT("'"&E21&"'!"&"D10"))),INDIRECT("'"&E21&"'!"&"C:C"))))} -> 637986.13 | G21: {=IF(YEAR(INDIRECT("'"&E21&"'!"&"D10"))<2021=TRUE,INDEX(INDIRECT("'"&E21&"'!"&"E:E"),MATCH(DATE(2021,1,DAY(INDIRECT("'"&E21&"'!"&"D10"))),INDIRECT("'"&E21&"'!"&"C:C"))),INDEX(INDIRECT("'"&E21&"'!"&"E:E"),MATCH(DATE(2021,MAX(1,MONTH(INDIRECT("'"&E21&"'!"&"D10"))),DAY(INDIRECT("'"&E21&"'!"&"D10"))),INDIRECT("'"&E21&"'!"&"C:C"))))} -> 637986.13 | H21: {=IF(YEAR(INDIRECT("'"&E21&"'!"&"D10"))<2021=TRUE,SUM(INDIRECT("'"&E21&"'!"&"F"&MATCH(DATE(2021,1,DAY(INDIRECT("'"&E21&"'!"&"D10"))),INDIRECT("'"&E21&"'!"&"C:C"))):INDIRECT("'"&E21&"'!"&"G"&MATCH(DATE(2021,12,DAY(INDIRECT("'"&E21&"'!"&"D10"))),INDIRECT("'"&E21&"'!"&"C:C")))),SUM(INDIRECT("'"&E21&"'!"&"F"&MATCH(DATE(2021,MAX(1,MONTH(INDIRECT("'"&E21&"'!"&"D10"))),DAY(INDIRECT("'"&E21&"'!"&"D10"))),INDIRECT("'"&E21&"'!"&"C:C"))):INDIRECT("'"&E21&"'!"&"G"&MATCH(DATE(2021,12,DAY(INDIRECT("'"&E21&"'!"&"D10"))),INDIRECT("'"&E21&"'!"&"C:C")))))} -> -138055.44 | I21: {=IF(YEAR(INDIRECT("'"&E21&"'!"&"D10"))<2021=TRUE,SUM(INDIRECT("'"&E21&"'!"&"F"&MATCH(DATE(2021,1,DAY(INDIRECT("'"&E21&"'!"&"D10"))),INDIRECT("'"&E21&"'!"&"C:C"))):INDIRECT("'"&E21&"'!"&"F"&MATCH(DATE(2021,12,DAY(INDIRECT("'"&E21&"'!"&"D10"))),INDIRECT("'"&E21&"'!"&"C:C")))),SUM(INDIRECT("'"&E21&"'!"&"F"&MATCH(DATE(2021,MAX(1,MONTH(INDIRECT("'"&E21&"'!"&"D10"))),DAY(INDIRECT("'"&E21&"'!"&"D10"))),INDIRECT("'"&E21&"'!"&"C:C"))):INDIRECT("'"&E21&"'!"&"F"&MATCH(DATE(2021,12,DAY(INDIRECT("'"&E21&"'!"&"D10"))),INDIRECT("'"&E21&"'!"&"C:C")))))} -> -151315.2 | J21: {=IF(YEAR(INDIRECT("'"&E21&"'!"&"D10"))<2021=TRUE,SUM(INDIRECT("'"&E21&"'!"&"G"&MATCH(DATE(2021,1,DAY(INDIRECT("'"&E21&"'!"&"D10"))),INDIRECT("'"&E21&"'!"&"C:C"))):INDIRECT("'"&E21&"'!"&"G"&MATCH(DATE(2021,12,DAY(INDIRECT("'"&E21&"'!"&"D10"))),INDIRECT("'"&E21&"'!"&"C:C")))),SUM(INDIRECT("'"&E21&"'!"&"G"&MATCH(DATE(2021,MAX(1,MONTH(INDIRECT("'"&E21&"'!"&"D10"))),DAY(INDIRECT("'"&E21&"'!"&"D10"))),INDIRECT("'"&E21&"'!"&"C:C"))):INDIRECT("'"&E21&"'!"&"G"&MATCH(DATE(2021,12,DAY(INDIRECT("'"&E21&"'!"&"D10"))),INDIRECT("'"&E21&"'!"&"C:C")))))} -> 13259.761 | K21: {=IF(YEAR(INDIRECT("'"&E21&"'!"&"D10"))<2021=TRUE,SUM(INDIRECT("'"&E21&"'!"&"L"&MATCH(DATE(2021,1,DAY(INDIRECT("'"&E21&"'!"&"D10"))),INDIRECT("'"&E21&"'!"&"C:C"))):INDIRECT("'"&E21&"'!"&"L"&MATCH(DATE(2021,12,DAY(INDIRECT("'"&E21&"'!"&"D10"))),INDIRECT("'"&E21&"'!"&"C:C")))),SUM(INDIRECT("'"&E21&"'!"&"L"&MATCH(DATE(2021,MAX(1,MONTH(INDIRECT("'"&E21&"'!"&"D10"))),DAY(INDIRECT("'"&E21&"'!"&"D10"))),INDIRECT("'"&E21&"'!"&"C:C"))):INDIRECT("'"&E21&"'!"&"L"&MATCH(DATE(2021,12,DAY(INDIRECT("'"&E21&"'!"&"D10"))),INDIRECT("'"&E21&"'!"&"C:C")))))} -> -155185.82
E22: 23. PWP | F22: {=IF(YEAR(INDIRECT("'"&E22&"'!"&"D10"))<2021=TRUE,INDEX(INDIRECT("'"&E22&"'!"&"K:K"),MATCH(DATE(2021,1,DAY(INDIRECT("'"&E22&"'!"&"D10"))),INDIRECT("'"&E22&"'!"&"C:C"))),INDEX(INDIRECT("'"&E22&"'!"&"K:K"),MATCH(DATE(2021,MAX(1,MONTH(INDIRECT("'"&E22&"'!"&"D10"))),DAY(INDIRECT("'"&E22&"'!"&"D10"))),INDIRECT("'"&E22&"'!"&"C:C"))))} -> 511585.58 | G22: {=IF(YEAR(INDIRECT("'"&E22&"'!"&"D10"))<2021=TRUE,INDEX(INDIRECT("'"&E22&"'!"&"E:E"),MATCH(DATE(2021,1,DAY(INDIRECT("'"&E22&"'!"&"D10"))),INDIRECT("'"&E22&"'!"&"C:C"))),INDEX(INDIRECT("'"&E22&"'!"&"E:E"),MATCH(DATE(2021,MAX(1,MONTH(INDIRECT("'"&E22&"'!"&"D10"))),DAY(INDIRECT("'"&E22&"'!"&"D10"))),INDIRECT("'"&E22&"'!"&"C:C"))))} -> 511585.58 | H22: {=IF(YEAR(INDIRECT("'"&E22&"'!"&"D10"))<2021=TRUE,SUM(INDIRECT("'"&E22&"'!"&"F"&MATCH(DATE(2021,1,DAY(INDIRECT("'"&E22&"'!"&"D10"))),INDIRECT("'"&E22&"'!"&"C:C"))):INDIRECT("'"&E22&"'!"&"G"&MATCH(DATE(2021,12,DAY(INDIRECT("'"&E22&"'!"&"D10"))),INDIRECT("'"&E22&"'!"&"C:C")))),SUM(INDIRECT("'"&E22&"'!"&"F"&MATCH(DATE(2021,MAX(1,MONTH(INDIRECT("'"&E22&"'!"&"D10"))),DAY(INDIRECT("'"&E22&"'!"&"D10"))),INDIRECT("'"&E22&"'!"&"C:C"))):INDIRECT("'"&E22&"'!"&"G"&MATCH(DATE(2021,12,DAY(INDIRECT("'"&E22&"'!"&"D10"))),INDIRECT("'"&E22&"'!"&"C:C")))))} -> -90742.799 | I22: {=IF(YEAR(INDIRECT("'"&E22&"'!"&"D10"))<2021=TRUE,SUM(INDIRECT("'"&E22&"'!"&"F"&MATCH(DATE(2021,1,DAY(INDIRECT("'"&E22&"'!"&"D10"))),INDIRECT("'"&E22&"'!"&"C:C"))):INDIRECT("'"&E22&"'!"&"F"&MATCH(DATE(2021,12,DAY(INDIRECT("'"&E22&"'!"&"D10"))),INDIRECT("'"&E22&"'!"&"C:C")))),SUM(INDIRECT("'"&E22&"'!"&"F"&MATCH(DATE(2021,MAX(1,MONTH(INDIRECT("'"&E22&"'!"&"D10"))),DAY(INDIRECT("'"&E22&"'!"&"D10"))),INDIRECT("'"&E22&"'!"&"C:C"))):INDIRECT("'"&E22&"'!"&"F"&MATCH(DATE(2021,12,DAY(INDIRECT("'"&E22&"'!"&"D10"))),INDIRECT("'"&E22&"'!"&"C:C")))))} -> -99459.43 | J22: {=IF(YEAR(INDIRECT("'"&E22&"'!"&"D10"))<2021=TRUE,SUM(INDIRECT("'"&E22&"'!"&"G"&MATCH(DATE(2021,1,DAY(INDIRECT("'"&E22&"'!"&"D10"))),INDIRECT("'"&E22&"'!"&"C:C"))):INDIRECT("'"&E22&"'!"&"G"&MATCH(DATE(2021,12,DAY(INDIRECT("'"&E22&"'!"&"D10"))),INDIRECT("'"&E22&"'!"&"C:C")))),SUM(INDIRECT("'"&E22&"'!"&"G"&MATCH(DATE(2021,MAX(1,MONTH(INDIRECT("'"&E22&"'!"&"D10"))),DAY(INDIRECT("'"&E22&"'!"&"D10"))),INDIRECT("'"&E22&"'!"&"C:C"))):INDIRECT("'"&E22&"'!"&"G"&MATCH(DATE(2021,12,DAY(INDIRECT("'"&E22&"'!"&"D10"))),INDIRECT("'"&E22&"'!"&"C:C")))))} -> 8716.6309 | K22: {=IF(YEAR(INDIRECT("'"&E22&"'!"&"D10"))<2021=TRUE,SUM(INDIRECT("'"&E22&"'!"&"L"&MATCH(DATE(2021,1,DAY(INDIRECT("'"&E22&"'!"&"D10"))),INDIRECT("'"&E22&"'!"&"C:C"))):INDIRECT("'"&E22&"'!"&"L"&MATCH(DATE(2021,12,DAY(INDIRECT("'"&E22&"'!"&"D10"))),INDIRECT("'"&E22&"'!"&"C:C")))),SUM(INDIRECT("'"&E22&"'!"&"L"&MATCH(DATE(2021,MAX(1,MONTH(INDIRECT("'"&E22&"'!"&"D10"))),DAY(INDIRECT("'"&E22&"'!"&"D10"))),INDIRECT("'"&E22&"'!"&"C:C"))):INDIRECT("'"&E22&"'!"&"L"&MATCH(DATE(2021,12,DAY(INDIRECT("'"&E22&"'!"&"D10"))),INDIRECT("'"&E22&"'!"&"C:C")))))} -> -99474.974
E23: 25. BRPP | F23: {=IF(YEAR(INDIRECT("'"&E23&"'!"&"D10"))<2021=TRUE,INDEX(INDIRECT("'"&E23&"'!"&"K:K"),MATCH(DATE(2021,1,DAY(INDIRECT("'"&E23&"'!"&"D10"))),INDIRECT("'"&E23&"'!"&"C:C"))),INDEX(INDIRECT("'"&E23&"'!"&"K:K"),MATCH(DATE(2021,MAX(1,MONTH(INDIRECT("'"&E23&"'!"&"D10"))),DAY(INDIRECT("'"&E23&"'!"&"D10"))),INDIRECT("'"&E23&"'!"&"C:C"))))} -> 1687609.6 | G23: {=IF(YEAR(INDIRECT("'"&E23&"'!"&"D10"))<2021=TRUE,INDEX(INDIRECT("'"&E23&"'!"&"E:E"),MATCH(DATE(2021,1,DAY(INDIRECT("'"&E23&"'!"&"D10"))),INDIRECT("'"&E23&"'!"&"C:C"))),INDEX(INDIRECT("'"&E23&"'!"&"E:E"),MATCH(DATE(2021,MAX(1,MONTH(INDIRECT("'"&E23&"'!"&"D10"))),DAY(INDIRECT("'"&E23&"'!"&"D10"))),INDIRECT("'"&E23&"'!"&"C:C"))))} -> 1687609.6 | H23: {=IF(YEAR(INDIRECT("'"&E23&"'!"&"D10"))<2021=TRUE,SUM(INDIRECT("'"&E23&"'!"&"F"&MATCH(DATE(2021,1,DAY(INDIRECT("'"&E23&"'!"&"D10"))),INDIRECT("'"&E23&"'!"&"C:C"))):INDIRECT("'"&E23&"'!"&"G"&MATCH(DATE(2021,12,DAY(INDIRECT("'"&E23&"'!"&"D10"))),INDIRECT("'"&E23&"'!"&"C:C")))),SUM(INDIRECT("'"&E23&"'!"&"F"&MATCH(DATE(2021,MAX(1,MONTH(INDIRECT("'"&E23&"'!"&"D10"))),DAY(INDIRECT("'"&E23&"'!"&"D10"))),INDIRECT("'"&E23&"'!"&"C:C"))):INDIRECT("'"&E23&"'!"&"G"&MATCH(DATE(2021,12,DAY(INDIRECT("'"&E23&"'!"&"D10"))),INDIRECT("'"&E23&"'!"&"C:C")))))} -> -89256.914 | I23: {=IF(YEAR(INDIRECT("'"&E23&"'!"&"D10"))<2021=TRUE,SUM(INDIRECT("'"&E23&"'!"&"F"&MATCH(DATE(2021,1,DAY(INDIRECT("'"&E23&"'!"&"D10"))),INDIRECT("'"&E23&"'!"&"C:C"))):INDIRECT("'"&E23&"'!"&"F"&MATCH(DATE(2021,12,DAY(INDIRECT("'"&E23&"'!"&"D10"))),INDIRECT("'"&E23&"'!"&"C:C")))),SUM(INDIRECT("'"&E23&"'!"&"F"&MATCH(DATE(2021,MAX(1,MONTH(INDIRECT("'"&E23&"'!"&"D10"))),DAY(INDIRECT("'"&E23&"'!"&"D10"))),INDIRECT("'"&E23&"'!"&"C:C"))):INDIRECT("'"&E23&"'!"&"F"&MATCH(DATE(2021,12,DAY(INDIRECT("'"&E23&"'!"&"D10"))),INDIRECT("'"&E23&"'!"&"C:C")))))} -> -98536 | J23: {=IF(YEAR(INDIRECT("'"&E23&"'!"&"D10"))<2021=TRUE,SUM(INDIRECT("'"&E23&"'!"&"G"&MATCH(DATE(2021,1,DAY(INDIRECT("'"&E23&"'!"&"D10"))),INDIRECT("'"&E23&"'!"&"C:C"))):INDIRECT("'"&E23&"'!"&"G"&MATCH(DATE(2021,12,DAY(INDIRECT("'"&E23&"'!"&"D10"))),INDIRECT("'"&E23&"'!"&"C:C")))),SUM(INDIRECT("'"&E23&"'!"&"G"&MATCH(DATE(2021,MAX(1,MONTH(INDIRECT("'"&E23&"'!"&"D10"))),DAY(INDIRECT("'"&E23&"'!"&"D10"))),INDIRECT("'"&E23&"'!"&"C:C"))):INDIRECT("'"&E23&"'!"&"G"&MATCH(DATE(2021,12,DAY(INDIRECT("'"&E23&"'!"&"D10"))),INDIRECT("'"&E23&"'!"&"C:C")))))} -> 9279.0857 | K23: {=IF(YEAR(INDIRECT("'"&E23&"'!"&"D10"))<2021=TRUE,SUM(INDIRECT("'"&E23&"'!"&"L"&MATCH(DATE(2021,1,DAY(INDIRECT("'"&E23&"'!"&"D10"))),INDIRECT("'"&E23&"'!"&"C:C"))):INDIRECT("'"&E23&"'!"&"L"&MATCH(DATE(2021,12,DAY(INDIRECT("'"&E23&"'!"&"D10"))),INDIRECT("'"&E23&"'!"&"C:C")))),SUM(INDIRECT("'"&E23&"'!"&"L"&MATCH(DATE(2021,MAX(1,MONTH(INDIRECT("'"&E23&"'!"&"D10"))),DAY(INDIRECT("'"&E23&"'!"&"D10"))),INDIRECT("'"&E23&"'!"&"C:C"))):INDIRECT("'"&E23&"'!"&"L"&MATCH(DATE(2021,12,DAY(INDIRECT("'"&E23&"'!"&"D10"))),INDIRECT("'"&E23&"'!"&"C:C")))))} -> -93756.091
E24: 26. FC | F24: {=IF(YEAR(INDIRECT("'"&E24&"'!"&"D10"))<2021=TRUE,INDEX(INDIRECT("'"&E24&"'!"&"K:K"),MATCH(DATE(2021,1,DAY(INDIRECT("'"&E24&"'!"&"D10"))),INDIRECT("'"&E24&"'!"&"C:C"))),INDEX(INDIRECT("'"&E24&"'!"&"K:K"),MATCH(DATE(2021,MAX(1,MONTH(INDIRECT("'"&E24&"'!"&"D10"))),DAY(INDIRECT("'"&E24&"'!"&"D10"))),INDIRECT("'"&E24&"'!"&"C:C"))))} -> 584796.81 | G24: {=IF(YEAR(INDIRECT("'"&E24&"'!"&"D10"))<2021=TRUE,INDEX(INDIRECT("'"&E24&"'!"&"E:E"),MATCH(DATE(2021,1,DAY(INDIRECT("'"&E24&"'!"&"D10"))),INDIRECT("'"&E24&"'!"&"C:C"))),INDEX(INDIRECT("'"&E24&"'!"&"E:E"),MATCH(DATE(2021,MAX(1,MONTH(INDIRECT("'"&E24&"'!"&"D10"))),DAY(INDIRECT("'"&E24&"'!"&"D10"))),INDIRECT("'"&E24&"'!"&"C:C"))))} -> 592703.6 | H24: {=IF(YEAR(INDIRECT("'"&E24&"'!"&"D10"))<2021=TRUE,SUM(INDIRECT("'"&E24&"'!"&"F"&MATCH(DATE(2021,1,DAY(INDIRECT("'"&E24&"'!"&"D10"))),INDIRECT("'"&E24&"'!"&"C:C"))):INDIRECT("'"&E24&"'!"&"G"&MATCH(DATE(2021,12,DAY(INDIRECT("'"&E24&"'!"&"D10"))),INDIRECT("'"&E24&"'!"&"C:C")))),SUM(INDIRECT("'"&E24&"'!"&"F"&MATCH(DATE(2021,MAX(1,MONTH(INDIRECT("'"&E24&"'!"&"D10"))),DAY(INDIRECT("'"&E24&"'!"&"D10"))),INDIRECT("'"&E24&"'!"&"C:C"))):INDIRECT("'"&E24&"'!"&"G"&MATCH(DATE(2021,12,DAY(INDIRECT("'"&E24&"'!"&"D10"))),INDIRECT("'"&E24&"'!"&"C:C")))))} -> -226784.24 | I24: {=IF(YEAR(INDIRECT("'"&E24&"'!"&"D10"))<2021=TRUE,SUM(INDIRECT("'"&E24&"'!"&"F"&MATCH(DATE(2021,1,DAY(INDIRECT("'"&E24&"'!"&"D10"))),INDIRECT("'"&E24&"'!"&"C:C"))):INDIRECT("'"&E24&"'!"&"F"&MATCH(DATE(2021,12,DAY(INDIRECT("'"&E24&"'!"&"D10"))),INDIRECT("'"&E24&"'!"&"C:C")))),SUM(INDIRECT("'"&E24&"'!"&"F"&MATCH(DATE(2021,MAX(1,MONTH(INDIRECT("'"&E24&"'!"&"D10"))),DAY(INDIRECT("'"&E24&"'!"&"D10"))),INDIRECT("'"&E24&"'!"&"C:C"))):INDIRECT("'"&E24&"'!"&"F"&MATCH(DATE(2021,12,DAY(INDIRECT("'"&E24&"'!"&"D10"))),INDIRECT("'"&E24&"'!"&"C:C")))))} -> -242550 | J24: {=IF(YEAR(INDIRECT("'"&E24&"'!"&"D10"))<2021=TRUE,SUM(INDIRECT("'"&E24&"'!"&"G"&MATCH(DATE(2021,1,DAY(INDIRECT("'"&E24&"'!"&"D10"))),INDIRECT("'"&E24&"'!"&"C:C"))):INDIRECT("'"&E24&"'!"&"G"&MATCH(DATE(2021,12,DAY(INDIRECT("'"&E24&"'!"&"D10"))),INDIRECT("'"&E24&"'!"&"C:C")))),SUM(INDIRECT("'"&E24&"'!"&"G"&MATCH(DATE(2021,MAX(1,MONTH(INDIRECT("'"&E24&"'!"&"D10"))),DAY(INDIRECT("'"&E24&"'!"&"D10"))),INDIRECT("'"&E24&"'!"&"C:C"))):INDIRECT("'"&E24&"'!"&"G"&MATCH(DATE(2021,12,DAY(INDIRECT("'"&E24&"'!"&"D10"))),INDIRECT("'"&E24&"'!"&"C:C")))))} -> 15765.763 | K24: {=IF(YEAR(INDIRECT("'"&E24&"'!"&"D10"))<2021=TRUE,SUM(INDIRECT("'"&E24&"'!"&"L"&MATCH(DATE(2021,1,DAY(INDIRECT("'"&E24&"'!"&"D10"))),INDIRECT("'"&E24&"'!"&"C:C"))):INDIRECT("'"&E24&"'!"&"L"&MATCH(DATE(2021,12,DAY(INDIRECT("'"&E24&"'!"&"D10"))),INDIRECT("'"&E24&"'!"&"C:C")))),SUM(INDIRECT("'"&E24&"'!"&"L"&MATCH(DATE(2021,MAX(1,MONTH(INDIRECT("'"&E24&"'!"&"D10"))),DAY(INDIRECT("'"&E24&"'!"&"D10"))),INDIRECT("'"&E24&"'!"&"C:C"))):INDIRECT("'"&E24&"'!"&"L"&MATCH(DATE(2021,12,DAY(INDIRECT("'"&E24&"'!"&"D10"))),INDIRECT("'"&E24&"'!"&"C:C")))))} -> -233918.72
E25: 27. Oriole | F25: {=IF(YEAR(INDIRECT("'"&E25&"'!"&"D10"))<2021=TRUE,INDEX(INDIRECT("'"&E25&"'!"&"K:K"),MATCH(DATE(2021,1,DAY(INDIRECT("'"&E25&"'!"&"D10"))),INDIRECT("'"&E25&"'!"&"C:C"))),INDEX(INDIRECT("'"&E25&"'!"&"K:K"),MATCH(DATE(2021,MAX(1,MONTH(INDIRECT("'"&E25&"'!"&"D10"))),DAY(INDIRECT("'"&E25&"'!"&"D10"))),INDIRECT("'"&E25&"'!"&"C:C"))))} -> 1199070.1 | G25: {=IF(YEAR(INDIRECT("'"&E25&"'!"&"D10"))<2021=TRUE,INDEX(INDIRECT("'"&E25&"'!"&"E:E"),MATCH(DATE(2021,1,DAY(INDIRECT("'"&E25&"'!"&"D10"))),INDIRECT("'"&E25&"'!"&"C:C"))),INDEX(INDIRECT("'"&E25&"'!"&"E:E"),MATCH(DATE(2021,MAX(1,MONTH(INDIRECT("'"&E25&"'!"&"D10"))),DAY(INDIRECT("'"&E25&"'!"&"D10"))),INDIRECT("'"&E25&"'!"&"C:C"))))} -> 1199070.1 | H25: {=IF(YEAR(INDIRECT("'"&E25&"'!"&"D10"))<2021=TRUE,SUM(INDIRECT("'"&E25&"'!"&"F"&MATCH(DATE(2021,1,DAY(INDIRECT("'"&E25&"'!"&"D10"))),INDIRECT("'"&E25&"'!"&"C:C"))):INDIRECT("'"&E25&"'!"&"G"&MATCH(DATE(2021,12,DAY(INDIRECT("'"&E25&"'!"&"D10"))),INDIRECT("'"&E25&"'!"&"C:C")))),SUM(INDIRECT("'"&E25&"'!"&"F"&MATCH(DATE(2021,MAX(1,MONTH(INDIRECT("'"&E25&"'!"&"D10"))),DAY(INDIRECT("'"&E25&"'!"&"D10"))),INDIRECT("'"&E25&"'!"&"C:C"))):INDIRECT("'"&E25&"'!"&"G"&MATCH(DATE(2021,12,DAY(INDIRECT("'"&E25&"'!"&"D10"))),INDIRECT("'"&E25&"'!"&"C:C")))))} -> -63418.28 | I25: {=IF(YEAR(INDIRECT("'"&E25&"'!"&"D10"))<2021=TRUE,SUM(INDIRECT("'"&E25&"'!"&"F"&MATCH(DATE(2021,1,DAY(INDIRECT("'"&E25&"'!"&"D10"))),INDIRECT("'"&E25&"'!"&"C:C"))):INDIRECT("'"&E25&"'!"&"F"&MATCH(DATE(2021,12,DAY(INDIRECT("'"&E25&"'!"&"D10"))),INDIRECT("'"&E25&"'!"&"C:C")))),SUM(INDIRECT("'"&E25&"'!"&"F"&MATCH(DATE(2021,MAX(1,MONTH(INDIRECT("'"&E25&"'!"&"D10"))),DAY(INDIRECT("'"&E25&"'!"&"D10"))),INDIRECT("'"&E25&"'!"&"C:C"))):INDIRECT("'"&E25&"'!"&"F"&MATCH(DATE(2021,12,DAY(INDIRECT("'"&E25&"'!"&"D10"))),INDIRECT("'"&E25&"'!"&"C:C")))))} -> -70011.2 | J25: {=IF(YEAR(INDIRECT("'"&E25&"'!"&"D10"))<2021=TRUE,SUM(INDIRECT("'"&E25&"'!"&"G"&MATCH(DATE(2021,1,DAY(INDIRECT("'"&E25&"'!"&"D10"))),INDIRECT("'"&E25&"'!"&"C:C"))):INDIRECT("'"&E25&"'!"&"G"&MATCH(DATE(2021,12,DAY(INDIRECT("'"&E25&"'!"&"D10"))),INDIRECT("'"&E25&"'!"&"C:C")))),SUM(INDIRECT("'"&E25&"'!"&"G"&MATCH(DATE(2021,MAX(1,MONTH(INDIRECT("'"&E25&"'!"&"D10"))),DAY(INDIRECT("'"&E25&"'!"&"D10"))),INDIRECT("'"&E25&"'!"&"C:C"))):INDIRECT("'"&E25&"'!"&"G"&MATCH(DATE(2021,12,DAY(INDIRECT("'"&E25&"'!"&"D10"))),INDIRECT("'"&E25&"'!"&"C:C")))))} -> 6592.9196 | K25: {=IF(YEAR(INDIRECT("'"&E25&"'!"&"D10"))<2021=TRUE,SUM(INDIRECT("'"&E25&"'!"&"L"&MATCH(DATE(2021,1,DAY(INDIRECT("'"&E25&"'!"&"D10"))),INDIRECT("'"&E25&"'!"&"C:C"))):INDIRECT("'"&E25&"'!"&"L"&MATCH(DATE(2021,12,DAY(INDIRECT("'"&E25&"'!"&"D10"))),INDIRECT("'"&E25&"'!"&"C:C")))),SUM(INDIRECT("'"&E25&"'!"&"L"&MATCH(DATE(2021,MAX(1,MONTH(INDIRECT("'"&E25&"'!"&"D10"))),DAY(INDIRECT("'"&E25&"'!"&"D10"))),INDIRECT("'"&E25&"'!"&"C:C"))):INDIRECT("'"&E25&"'!"&"L"&MATCH(DATE(2021,12,DAY(INDIRECT("'"&E25&"'!"&"D10"))),INDIRECT("'"&E25&"'!"&"C:C")))))} -> -66615.008
E26: 33. Straits | F26: {=IF(YEAR(INDIRECT("'"&E26&"'!"&"D10"))<2021=TRUE,INDEX(INDIRECT("'"&E26&"'!"&"K:K"),MATCH(DATE(2021,1,DAY(INDIRECT("'"&E26&"'!"&"D10"))),INDIRECT("'"&E26&"'!"&"C:C"))),INDEX(INDIRECT("'"&E26&"'!"&"K:K"),MATCH(DATE(2021,MAX(1,MONTH(INDIRECT("'"&E26&"'!"&"D10"))),DAY(INDIRECT("'"&E26&"'!"&"D10"))),INDIRECT("'"&E26&"'!"&"C:C"))))} -> 761371.66 | G26: {=IF(YEAR(INDIRECT("'"&E26&"'!"&"D10"))<2021=TRUE,INDEX(INDIRECT("'"&E26&"'!"&"E:E"),MATCH(DATE(2021,1,DAY(INDIRECT("'"&E26&"'!"&"D10"))),INDIRECT("'"&E26&"'!"&"C:C"))),INDEX(INDIRECT("'"&E26&"'!"&"E:E"),MATCH(DATE(2021,MAX(1,MONTH(INDIRECT("'"&E26&"'!"&"D10"))),DAY(INDIRECT("'"&E26&"'!"&"D10"))),INDIRECT("'"&E26&"'!"&"C:C"))))} -> 777691.38 | H26: {=IF(YEAR(INDIRECT("'"&E26&"'!"&"D10"))<2021=TRUE,SUM(INDIRECT("'"&E26&"'!"&"F"&MATCH(DATE(2021,1,DAY(INDIRECT("'"&E26&"'!"&"D10"))),INDIRECT("'"&E26&"'!"&"C:C"))):INDIRECT("'"&E26&"'!"&"G"&MATCH(DATE(2021,12,DAY(INDIRECT("'"&E26&"'!"&"D10"))),INDIRECT("'"&E26&"'!"&"C:C")))),SUM(INDIRECT("'"&E26&"'!"&"F"&MATCH(DATE(2021,MAX(1,MONTH(INDIRECT("'"&E26&"'!"&"D10"))),DAY(INDIRECT("'"&E26&"'!"&"D10"))),INDIRECT("'"&E26&"'!"&"C:C"))):INDIRECT("'"&E26&"'!"&"G"&MATCH(DATE(2021,12,DAY(INDIRECT("'"&E26&"'!"&"D10"))),INDIRECT("'"&E26&"'!"&"C:C")))))} -> -438654.35 | I26: {=IF(YEAR(INDIRECT("'"&E26&"'!"&"D10"))<2021=TRUE,SUM(INDIRECT("'"&E26&"'!"&"F"&MATCH(DATE(2021,1,DAY(INDIRECT("'"&E26&"'!"&"D10"))),INDIRECT("'"&E26&"'!"&"C:C"))):INDIRECT("'"&E26&"'!"&"F"&MATCH(DATE(2021,12,DAY(INDIRECT("'"&E26&"'!"&"D10"))),INDIRECT("'"&E26&"'!"&"C:C")))),SUM(INDIRECT("'"&E26&"'!"&"F"&MATCH(DATE(2021,MAX(1,MONTH(INDIRECT("'"&E26&"'!"&"D10"))),DAY(INDIRECT("'"&E26&"'!"&"D10"))),INDIRECT("'"&E26&"'!"&"C:C"))):INDIRECT("'"&E26&"'!"&"F"&MATCH(DATE(2021,12,DAY(INDIRECT("'"&E26&"'!"&"D10"))),INDIRECT("'"&E26&"'!"&"C:C")))))} -> -457250.4 | J26: {=IF(YEAR(INDIRECT("'"&E26&"'!"&"D10"))<2021=TRUE,SUM(INDIRECT("'"&E26&"'!"&"G"&MATCH(DATE(2021,1,DAY(INDIRECT("'"&E26&"'!"&"D10"))),INDIRECT("'"&E26&"'!"&"C:C"))):INDIRECT("'"&E26&"'!"&"G"&MATCH(DATE(2021,12,DAY(INDIRECT("'"&E26&"'!"&"D10"))),INDIRECT("'"&E26&"'!"&"C:C")))),SUM(INDIRECT("'"&E26&"'!"&"G"&MATCH(DATE(2021,MAX(1,MONTH(INDIRECT("'"&E26&"'!"&"D10"))),DAY(INDIRECT("'"&E26&"'!"&"D10"))),INDIRECT("'"&E26&"'!"&"C:C"))):INDIRECT("'"&E26&"'!"&"G"&MATCH(DATE(2021,12,DAY(INDIRECT("'"&E26&"'!"&"D10"))),INDIRECT("'"&E26&"'!"&"C:C")))))} -> 18596.053 | K26: {=IF(YEAR(INDIRECT("'"&E26&"'!"&"D10"))<2021=TRUE,SUM(INDIRECT("'"&E26&"'!"&"L"&MATCH(DATE(2021,1,DAY(INDIRECT("'"&E26&"'!"&"D10"))),INDIRECT("'"&E26&"'!"&"C:C"))):INDIRECT("'"&E26&"'!"&"L"&MATCH(DATE(2021,12,DAY(INDIRECT("'"&E26&"'!"&"D10"))),INDIRECT("'"&E26&"'!"&"C:C")))),SUM(INDIRECT("'"&E26&"'!"&"L"&MATCH(DATE(2021,MAX(1,MONTH(INDIRECT("'"&E26&"'!"&"D10"))),DAY(INDIRECT("'"&E26&"'!"&"D10"))),INDIRECT("'"&E26&"'!"&"C:C"))):INDIRECT("'"&E26&"'!"&"L"&MATCH(DATE(2021,12,DAY(INDIRECT("'"&E26&"'!"&"D10"))),INDIRECT("'"&E26&"'!"&"C:C")))))} -> -435069.52
E27: 39. SMU | F27: {=IF(YEAR(INDIRECT("'"&E27&"'!"&"D10"))<2021=TRUE,INDEX(INDIRECT("'"&E27&"'!"&"K:K"),MATCH(DATE(2021,1,DAY(INDIRECT("'"&E27&"'!"&"D10"))),INDIRECT("'"&E27&"'!"&"C:C"))),INDEX(INDIRECT("'"&E27&"'!"&"K:K"),MATCH(DATE(2021,MAX(1,MONTH(INDIRECT("'"&E27&"'!"&"D10"))),DAY(INDIRECT("'"&E27&"'!"&"D10"))),INDIRECT("'"&E27&"'!"&"C:C"))))} -> 142174.35 | G27: {=IF(YEAR(INDIRECT("'"&E27&"'!"&"D10"))<2021=TRUE,INDEX(INDIRECT("'"&E27&"'!"&"E:E"),MATCH(DATE(2021,1,DAY(INDIRECT("'"&E27&"'!"&"D10"))),INDIRECT("'"&E27&"'!"&"C:C"))),INDEX(INDIRECT("'"&E27&"'!"&"E:E"),MATCH(DATE(2021,MAX(1,MONTH(INDIRECT("'"&E27&"'!"&"D10"))),DAY(INDIRECT("'"&E27&"'!"&"D10"))),INDIRECT("'"&E27&"'!"&"C:C"))))} -> 142174.35 | H27: {=IF(YEAR(INDIRECT("'"&E27&"'!"&"D10"))<2021=TRUE,SUM(INDIRECT("'"&E27&"'!"&"F"&MATCH(DATE(2021,1,DAY(INDIRECT("'"&E27&"'!"&"D10"))),INDIRECT("'"&E27&"'!"&"C:C"))):INDIRECT("'"&E27&"'!"&"G"&MATCH(DATE(2021,12,DAY(INDIRECT("'"&E27&"'!"&"D10"))),INDIRECT("'"&E27&"'!"&"C:C")))),SUM(INDIRECT("'"&E27&"'!"&"F"&MATCH(DATE(2021,MAX(1,MONTH(INDIRECT("'"&E27&"'!"&"D10"))),DAY(INDIRECT("'"&E27&"'!"&"D10"))),INDIRECT("'"&E27&"'!"&"C:C"))):INDIRECT("'"&E27&"'!"&"G"&MATCH(DATE(2021,12,DAY(INDIRECT("'"&E27&"'!"&"D10"))),INDIRECT("'"&E27&"'!"&"C:C")))))} -> -25580.858 | I27: {=IF(YEAR(INDIRECT("'"&E27&"'!"&"D10"))<2021=TRUE,SUM(INDIRECT("'"&E27&"'!"&"F"&MATCH(DATE(2021,1,DAY(INDIRECT("'"&E27&"'!"&"D10"))),INDIRECT("'"&E27&"'!"&"C:C"))):INDIRECT("'"&E27&"'!"&"F"&MATCH(DATE(2021,12,DAY(INDIRECT("'"&E27&"'!"&"D10"))),INDIRECT("'"&E27&"'!"&"C:C")))),SUM(INDIRECT("'"&E27&"'!"&"F"&MATCH(DATE(2021,MAX(1,MONTH(INDIRECT("'"&E27&"'!"&"D10"))),DAY(INDIRECT("'"&E27&"'!"&"D10"))),INDIRECT("'"&E27&"'!"&"C:C"))):INDIRECT("'"&E27&"'!"&"F"&MATCH(DATE(2021,12,DAY(INDIRECT("'"&E27&"'!"&"D10"))),INDIRECT("'"&E27&"'!"&"C:C")))))} -> -27997.816 | J27: {=IF(YEAR(INDIRECT("'"&E27&"'!"&"D10"))<2021=TRUE,SUM(INDIRECT("'"&E27&"'!"&"G"&MATCH(DATE(2021,1,DAY(INDIRECT("'"&E27&"'!"&"D10"))),INDIRECT("'"&E27&"'!"&"C:C"))):INDIRECT("'"&E27&"'!"&"G"&MATCH(DATE(2021,12,DAY(INDIRECT("'"&E27&"'!"&"D10"))),INDIRECT("'"&E27&"'!"&"C:C")))),SUM(INDIRECT("'"&E27&"'!"&"G"&MATCH(DATE(2021,MAX(1,MONTH(INDIRECT("'"&E27&"'!"&"D10"))),DAY(INDIRECT("'"&E27&"'!"&"D10"))),INDIRECT("'"&E27&"'!"&"C:C"))):INDIRECT("'"&E27&"'!"&"G"&MATCH(DATE(2021,12,DAY(INDIRECT("'"&E27&"'!"&"D10"))),INDIRECT("'"&E27&"'!"&"C:C")))))} -> 2416.9581 | K27: {=IF(YEAR(INDIRECT("'"&E27&"'!"&"D10"))<2021=TRUE,SUM(INDIRECT("'"&E27&"'!"&"L"&MATCH(DATE(2021,1,DAY(INDIRECT("'"&E27&"'!"&"D10"))),INDIRECT("'"&E27&"'!"&"C:C"))):INDIRECT("'"&E27&"'!"&"L"&MATCH(DATE(2021,12,DAY(INDIRECT("'"&E27&"'!"&"D10"))),INDIRECT("'"&E27&"'!"&"C:C")))),SUM(INDIRECT("'"&E27&"'!"&"L"&MATCH(DATE(2021,MAX(1,MONTH(INDIRECT("'"&E27&"'!"&"D10"))),DAY(INDIRECT("'"&E27&"'!"&"D10"))),INDIRECT("'"&E27&"'!"&"C:C"))):INDIRECT("'"&E27&"'!"&"L"&MATCH(DATE(2021,12,DAY(INDIRECT("'"&E27&"'!"&"D10"))),INDIRECT("'"&E27&"'!"&"C:C")))))} -> -31594.299
... E30: 45. Westcom | F30: {=IF(YEAR(INDIRECT("'"&E30&"'!"&"D10"))<2021=TRUE,INDEX(INDIRECT("'"&E30&"'!"&"K:K"),MATCH(DATE(2021,1,DAY(INDIRECT("'"&E30&"'!"&"D10"))),INDIRECT("'"&E30&"'!"&"C:C"))),INDEX(INDIRECT("'"&E30&"'!"&"K:K"),MATCH(DATE(2021,MAX(1,MONTH(INDIRECT("'"&E30&"'!"&"D10"))),DAY(INDIRECT("'"&E30&"'!"&"D10"))),INDIRECT("'"&E30&"'!"&"C:C"))))} -> 59373.022 | G30: {=IF(YEAR(INDIRECT("'"&E30&"'!"&"D10"))<2021=TRUE,INDEX(INDIRECT("'"&E30&"'!"&"E:E"),MATCH(DATE(2021,1,DAY(INDIRECT("'"&E30&"'!"&"D10"))),INDIRECT("'"&E30&"'!"&"C:C"))),INDEX(INDIRECT("'"&E30&"'!"&"E:E"),MATCH(DATE(2021,MAX(1,MONTH(INDIRECT("'"&E30&"'!"&"D10"))),DAY(INDIRECT("'"&E30&"'!"&"D10"))),INDIRECT("'"&E30&"'!"&"C:C"))))} -> 60217.415 | H30: {=IF(YEAR(INDIRECT("'"&E30&"'!"&"D10"))<2021=TRUE,SUM(INDIRECT("'"&E30&"'!"&"F"&MATCH(DATE(2021,1,DAY(INDIRECT("'"&E30&"'!"&"D10"))),INDIRECT("'"&E30&"'!"&"C:C"))):INDIRECT("'"&E30&"'!"&"G"&MATCH(DATE(2021,12,DAY(INDIRECT("'"&E30&"'!"&"D10"))),INDIRECT("'"&E30&"'!"&"C:C")))),SUM(INDIRECT("'"&E30&"'!"&"F"&MATCH(DATE(2021,MAX(1,MONTH(INDIRECT("'"&E30&"'!"&"D10"))),DAY(INDIRECT("'"&E30&"'!"&"D10"))),INDIRECT("'"&E30&"'!"&"C:C"))):INDIRECT("'"&E30&"'!"&"G"&MATCH(DATE(2021,12,DAY(INDIRECT("'"&E30&"'!"&"D10"))),INDIRECT("'"&E30&"'!"&"C:C")))))} -> -27235.521 | I30: {=IF(YEAR(INDIRECT("'"&E30&"'!"&"D10"))<2021=TRUE,SUM(INDIRECT("'"&E30&"'!"&"F"&MATCH(DATE(2021,1,DAY(INDIRECT("'"&E30&"'!"&"D10"))),INDIRECT("'"&E30&"'!"&"C:C"))):INDIRECT("'"&E30&"'!"&"F"&MATCH(DATE(2021,12,DAY(INDIRECT("'"&E30&"'!"&"D10"))),INDIRECT("'"&E30&"'!"&"C:C")))),SUM(INDIRECT("'"&E30&"'!"&"F"&MATCH(DATE(2021,MAX(1,MONTH(INDIRECT("'"&E30&"'!"&"D10"))),DAY(INDIRECT("'"&E30&"'!"&"D10"))),INDIRECT("'"&E30&"'!"&"C:C"))):INDIRECT("'"&E30&"'!"&"F"&MATCH(DATE(2021,12,DAY(INDIRECT("'"&E30&"'!"&"D10"))),INDIRECT("'"&E30&"'!"&"C:C")))))} -> -28800 | J30: {=IF(YEAR(INDIRECT("'"&E30&"'!"&"D10"))<2021=TRUE,SUM(INDIRECT("'"&E30&"'!"&"G"&MATCH(DATE(2021,1,DAY(INDIRECT("'"&E30&"'!"&"D10"))),INDIRECT("'"&E30&"'!"&"C:C"))):INDIRECT("'"&E30&"'!"&"G"&MATCH(DATE(2021,12,DAY(INDIRECT("'"&E30&"'!"&"D10"))),INDIRECT("'"&E30&"'!"&"C:C")))),SUM(INDIRECT("'"&E30&"'!"&"G"&MATCH(DATE(2021,MAX(1,MONTH(INDIRECT("'"&E30&"'!"&"D10"))),DAY(INDIRECT("'"&E30&"'!"&"D10"))),INDIRECT("'"&E30&"'!"&"C:C"))):INDIRECT("'"&E30&"'!"&"G"&MATCH(DATE(2021,12,DAY(INDIRECT("'"&E30&"'!"&"D10"))),INDIRECT("'"&E30&"'!"&"C:C")))))} -> 1564.4791 | K30: {=IF(YEAR(INDIRECT("'"&E30&"'!"&"D10"))<2021=TRUE,SUM(INDIRECT("'"&E30&"'!"&"L"&MATCH(DATE(2021,1,DAY(INDIRECT("'"&E30&"'!"&"D10"))),INDIRECT("'"&E30&"'!"&"C:C"))):INDIRECT("'"&E30&"'!"&"L"&MATCH(DATE(2021,12,DAY(INDIRECT("'"&E30&"'!"&"D10"))),INDIRECT("'"&E30&"'!"&"C:C")))),SUM(INDIRECT("'"&E30&"'!"&"L"&MATCH(DATE(2021,MAX(1,MONTH(INDIRECT("'"&E30&"'!"&"D10"))),DAY(INDIRECT("'"&E30&"'!"&"D10"))),INDIRECT("'"&E30&"'!"&"C:C"))):INDIRECT("'"&E30&"'!"&"L"&MATCH(DATE(2021,12,DAY(INDIRECT("'"&E30&"'!"&"D10"))),INDIRECT("'"&E30&"'!"&"C:C")))))} -> -27402.933

Sheet Lease Summary
A1: No | B1: Profit Center | C1: Brand | D1: Outlet | E1: Address | F1: Lease Starts | G1: Ends | H1: Rate | I1: Option to Renewal
A2: 1 | B2: 10BASGA010 | C2: PastaMania | D2: Seng Kang (SKG) | E2: 57 Anchorvale Road #02-02 Singapore 544964 | F2: 44470 | G2: 45565 | H2: 20120 | I2: No option to renew
A3: 2 | B3: 10BASGA002 | C3: PastaMania | D3: Cineleisure (CNL) | E3: 8 Grange Road #02-23/23A Cathay Cineleisure Singapore 239695 | F3: 43388 | G3: 44483 | H3: (Closed)
A4: 3 | B4: 10BASGA005 | C4: PastaMania | D4: Westmall (WM) | E4: 1 Bukit Batok Central Link #01-40 Singapore 658713 | F4: 44492 | G4: 45587 | H4: 16567.32 | I4: No option to renew
A5: 4 | B5: 14CASGA023 | C5: Kraftwich | D5: Sample | E5: 6 Eu Tong Sent Street #01-53/54/61/62/63 The Central Singapore 059817 | F5: 44501 | G5: 44865 | H5: 19730.2 | I5: No option to renew
A6: 5 | B6: 10BASGA013 | C6: PastaMania | D6: City Square Mall (CSM) | E6: 180 Kitchener Road #02-21/22 Singapore 208539 | F6: 44212 | G6: 44576 | H6: 9674.4 | I6: No option to renew
A7: 6 | B7: 10GASGA018 | C7: PastaMania | D7: Nordcom2 Cloud Kitchen (NC2) | E7: Nordcom 2 28 Gambas Crescent Level 3, Kitchen #1 Singapore 757012 | F7: 44013 | G7: 44651 | H7: (No fixed component)
A8: 7 | B8: 12BASGA019 | C8: Commons | D8: Jewel (JWL) | E8: 78 Airport Boulevard Singapore 819666 | F8: 43566 | G8: 44661 | H8: (Closed)
A9: 8 | B9: 10BASGA011 | C9: PastaMania | D9: JEM (JEM) | E9: 50 Jurong Gateway Road #04-26 Singapore 608549 | F9: 43631 | G9: 44726 | H9: 27478.49 | I9: Option stated but with no amount
A10: 9 | B10: 10BASGA009 | C10: PastaMania | D10: Parco Bugis Junction (PBJ) | E10: Bugis Junction 200 Victoria Street #B1-08 Singapore 188024 | F10: 43678 | G10: 44773 | H10: 34584.43 | I10: Option stated but with no amount
A11: 10 | B11: 14CASGA024 | C11: Kraftwich | D11: Paya Lebar Square (PSQ) | E11: 60 Paya Lebar Road #01-09/10/11 Paya Lebar Square Singapore 409051 | F11: 43617 | G11: 44804 | H11: 20835 | I11: Option stated but with no amount
A12: 11 | B12: 10BASGA006 | C12: PastaMania | D12: CCK Lot 1 (CCK) | E12: LOT ONE 21 Chua Chu Kang Ave 4, #03-02A Singapore 689812 | F12: 43749 | G12: 44844 | H12: 28571.91 | I12: No option to renew
A13: 12 | B13: 14CASGA022 | C13: Kraftwich | D13: Harbourfront Centre | E13: 1 Maritime Square #01-58/59/60 Harbourfront Centre Singapore 099253 | F13: 43790 | G13: 44885 | H13: 14144.48 | I13: No option to renew
A14: 13 | B14: 10BASGA012 | C14: PastaMania | D14: Jurong Swimming Complex (JSC) | E14: 21 Jurong East Street 31 (Jurong East Sports & Recreation Centre) #01-01 Singapore 609517 | F14: 43800 | G14: 44895 | H14: 7200 | I14: No option to renew
A15: 14 | B15: 10BASGA016 | C15: PastaMania | D15: Viva Delivery Hub (VDH) | E15: 750 Chai Chee Road Viva Business Park #01-12 Singapore 469000 | F15: 43831 | G15: 44926 | H15: 6350.7 | I15: Option stated but with no amount
A16: 15 | B16: 28HASGB005 | C16: Zac Butchery | D16: Zac Butchery Figaro (FIG) | E16: 1B Figaro Street Singapore 458322 | F16: 44211 | G16: 44940 | H16: 6500 | I16: No option to renew
A17: 16 | B17: 10BASGA017 | C17: PastaMania | D17: Hillion Mall (HIM) | E17: 17 Petir Road #B2-48/49/50 Singapore 678278 | F17: 43885 | G17: 44980 | H17: See A28 | I17: No option to renew
A18: 17 | B18: 10BASGA003 | C18: PastaMania | D18: Tampines Mall (TMP) | E18: 4 Tampines Central 5 #04-21/22 Tampines Mall Singapore 529510 | F18: 44075 | G18: 45169 | H18: See A28 | I18: No option to renew
A19: 18 | B19: 10BASGA001 | C19: PastaMania | D19: Causeway point (CWP) | E19: 1 Woodlands Square #B1-20 Singapore 738099 | F19: 44197 | G19: 45291 | H19: See A28 | I19: No option to renew
A20: 19 | B20: 10BASGA015 | C20: PastaMania | D20: Fairprice Hub (FPH) | E20: Fairprice Hub 1 Joo Koon Circle #01-41,47,48 Singapore 629117 | F20: 44180 | G20: 45274 | H20: See A28 | I20: No option to renew
A21: 20 | B21: 10BASGA008 | C21: PastaMania | D21: Northpoint City (NPT) | E21: 930 Yishun Ave 2 #03-01/02 NorthPoint Shopping Centre NorthPoint Shopping Centre | F21: 44298 | G21: 45393 | H21: See A28 | I21: No option to renew
A22: 21 | B22: 11CASGA020 | C22: KW X Pronto | D22: Fusionopolis One (FSP) | E22: 1 Fusionopolis Way, #01-04 Singapore 138632 | F22: 44309 | G22: 45404 | H22: See A28 | I22: No option to renew
A23: 22 | B23: 10BASGA004 | C23: PastaMania | D23: Harbourfront Centre (HFC) | E23: 1 Maritime Square, #02-05/06/07 Harbour Front Centre Singapore 099253 | F23: 44301 | G23: 45412 | H23: See A28 | I23: No option to renew
A24: 23 | B24: 11CASGA021 | C24: KW X Pronto | D24: Parkway Parade (PWP) | E24: 80 Marine Parade Road #B1-83C Singapore 449269 | F24: 44352 | G24: 45447 | H24: See A28 | I24: No option to renew
A25: 24 | B25: 17AASGA102 | C25: Kinki Restaurant & Bar | D25: Customs House | E25: 70, #02-02 Collyer Quay, Customs House, 049323 | F25: 43831 | G25: 44926 | H25: (Either % of T/O or fixed)
A26: 25 | B26: 16AASGA101 | C26: Bedrock Bar & Grill | D26: Pan Pacific | E26: 96 Somerset Road #01-05 | F26: 44515 | G26: 45610 | H26: 49268 | I26: No option to renew
A27: 26 | B27: 15AASGA100 | C27: Fat Cow | D27: Camden Medical Centre | E27: #01-01/02 Camden Medical Centre | F27: 44018 | G27: 45112 | H27: See A28 | I27: No option to renew
A28: 27 | B28: 18BASGA104 | C28: Oriole Coffee + Bar | D28: Pan Pacific Oriole | E28: 96 Somerset Road #01-01 | F28: 44515 | G28: 45610 | H28: 35005.6 | I28: No option to renew
A29: 28 | B29: 19BASGA106 | C29: The Marmalade Pantry | D29: ION | E29: 32 ION Orchard, 2 Orchard Turn, Singapore 218213 #04-11A&27-32 | F29: 43521 | G29: 44616 | H29: (Either % of T/O or fixed)
A30: 29 | B30: 19FASGA109 | C30: The Marmalade Pantry | D30: Novena | E30: 8 Sinaran Drive #01-02/04, Oasis Hotel Novena Singapore 307470 | F30: 43466 | G30: 44561 | H30: % Rent
A31: 30 | B31: 19FASGA112 | C31: The Marmalade Pantry | D31: Downtown | E31: 100 Peck Seah Street, #01-01 Oasia Hotel Downtown Singapore 079333 | F31: 43586 | G31: 44681 | H31: % Rent
A32: 31 | B32: 23FASGA200 | C32: Saltwater | D32: Village Hotel Changi | E32: 1 Netheravon Rd Village Hotel Changi, Level 1 Singapore 508502 | F32: 43374 | G32: 44469 | H32: (Closed)
A33: 32 | B33: 25FASGA207 | C33: Katong Kitchen | D33: Village Hotel Katong | E33: 25 Marine Parade Village Hotel Katong, Level 4 Singapore 449536 | F33: 43374 | G33: 44469 | H33: (Closed)
A34: 33 | B34: 24FASGA204 | C34: Straits Café | D34: Rendezvous Hotel | E34: 9 Bras Basah Rd Rendezvous Hotel Singapore, Level 1 Singapore 189559 | F34: 43739 | G34: 44834 | H34: 38104.2 | I34: No option to renew
A35: 34 | B35: 26FASGA210 | C35: Native Kitchen | D35: Village Hotel Sentosa | E35: 10 Artillery Avenue Village Hotel at Sentosa, Lobby Level Singapore 099951 | F35: 43556 | G35: 44651 | H35: % Rent
A36: 35 | B36: 22EASGA105 | C36: CIN CIN | D36: Oasia Hotel Downtown | E36: 100 Peck Seah Street #01-02 Singapore 079333 | F36: 43617 | G36: 44712 | H36: % Rent
A37: 36 | B37: 10BASGA027 | C37: PastaMania | D37: Kallang Wave Mall | E37: 1 Stadium Place, #01-21/K10 Kallang Wave at the Singapore Sports Hub, Singapore 397628 | F37: 44270 | G37: 45365 | H37: % Rent
A38: 37 | B38: 14CASGA025 | C38: PastaMania | D38: Marina One | E38: 5 Straits View #B2-31/32 Marina One The Heart Singapore 018935 | F38: 43249 | G38: 44344 | H38: (Closed)
A39: 38 | B39: 10BASGA014 | C39: PastaMania | D39: SMU | E39: 70 Stamford Road, #B1-47 SMU, Li Ka Shing Building , 178901 Singapore | F39: 43235 | G39: 44330 | H39: (Closed)
A40: 39 | B40: 20CASGA116 | C40: TMP | D40: TMP SMU | E40: 70 Stamford Road, #B1-47 SMU, Li Ka Shing Building , 178901 Singapore | F40: 44331 | G40: 45426 | H40: See A28 | I40: No option to renew
A41: 40 | B41: 10BASGA007 | C41: Pastamania | D41: PM Bishan Junction 8 | E41: 9 Bishan Place #01-37 Junction 8 Singapore 579837 | F41: 43252 | G41: 44347 | H41: (Closed)
A42: 41 | B42: 10GASGA028 | C42: Pastamania | D42: PM Bishan Jalan Pemimpin | E42: Smart City Kitchen 59 Jalan Pemimipin #01-03 & 01-04, S(577218) | F42: 44409 | G42: 45504 | H42: See A28 | I42: Option stated but with no amount
A43: 42 | B43: 16AASGA115 | C43: Bedrock | D43: Bedrock Sentosa | E43: 23 Beach View, Singapore 098679 | F43: 44440 | G43: 45535 | H43: % Rent
A44: 43 | B44: 20CASGA118 | C44: TMP | D44: TMP Bugis | E44: 230 Victoria Street, Bugis Junction | F44: 44515 | G44: 45610 | H44: % Rent
A45: 44 | C45: HQ Office | D45: 7 Buroh Lane | E45: 7 Buroh Lane | F45: 44197 | G45: 45291 | H45: 9045 | I45: No option to renew
A46: 45 | C46: Westcom Warehouse | D46: 1 Tuas South Ave 6 #04-06 | E46: 1 Tuas South Ave 6 #04-06 | F46: 43891 | G46: 44985 | H46: 2400 | I46: No option to renew
H48: `

Sheet 1. Sengkang
B1: Underlying asset: | C1: Lease
B2: Outlet: | C2: Seng Kang (SKG)
F3: 1. Sengkang
B5: Underlying asset:
B6: Payment mode: | C6: Monthly cash payments
B7: Monthly payment: | C7: $ | D7: =VLOOKUP($C$2,'Lease Summary'!D:H,5,FALSE) -> 20120
D9: FROM | E9: TO
B10: Lease period: | C10: Non cancelable period: | D10: =VLOOKUP($C$2,'Lease Summary'!D:H,3,FALSE) -> 44470 | E10: =VLOOKUP($C$2,'Lease Summary'!D:H,4,FALSE) -> 45565 | F10: =DATEDIF(D10,E10,"m")+1 -> 36 | G10: months
C11: Extended period: ^1 | E11: =VLOOKUP($C$2,'Lease Summary'!D:I,6,FALSE) -> No option to renew | F11: =IFERROR(DATEDIF(E10,E11,"m")+1,VALUE("0")) -> 0 | G11: months
C12: Total lease period: | F12: =SUM(F10:F11) -> 36 | G12: months
C13: Remaining period as at | D13: 44561 | F13: =DATEDIF(D13,MAX(E10,E11),"m")+1 -> 33 | G13: months
B15: Incremental borrowing rate | F15: 0.035 | G15: per annum
F16: =+(1+F15)^(1/12)-1 -> 0.0028708987 | G16: per month
F17: =F12/12 -> 3 | G17: years
C20: Lease liability | F20: $ | H20: $ | J20: Rights of use assets | M20: $
C22: PV of remaining fixed payments | F22: =D7 -> 20120 | G22: per month | H22: =-PV(F16,F12,F22,0,1) -> 689183.77 | J22: ROU | M22: =H22 -> 689183.77
D25: Lease liabilities amortisation table | J25: Rights of use assets amortisation table
D26: Period # | E26: Opening | F26: Payment | G26: Interest | H26: Closing | J26: Period # | K26: Opening | L26: Depreciation | M26: Closing | O26: Acc. Payment | P26: Acc. Interest | Q26: Acc. Depn
E27: $ | F27: $ | G27: $ | H27: $ | J27: $ | K27: $ | L27: $ | M27: $ | O27: $ | P27: $ | Q27: $
C29: =D10 -> 44470 | D29: 1 | E29: =H22 -> 689183.77 | F29: =-D7 -> -20120 | G29: =((E29+F29)*($F$16)) -> 1920.8143 | H29: =SUM(E29:G29) -> 670984.58 | J29: =D29 -> 1 | K29: =M22 -> 689183.77 | L29: =-$M$22/$F$12 -> -19143.994 | M29: =K29+L29 -> 670039.77 | O29: =+F29 -> -20120 | P29: =+G29 -> 1920.8143 | Q29: =-L29 -> 19143.994
C30: =DATE(YEAR(C29),MONTH(C29)+1,DAY(C29)) -> 44501 | D30: =D29+1 -> 2 | E30: =H29 -> 670984.58 | F30: =F29 -> -20120 | G30: =((E30+F30)*($F$16)) -> 1868.5663 | H30: =SUM(E30:G30) -> 652733.15 | J30: =D30 -> 2 | K30: =M29 -> 670039.77 | L30: =-$M$22/$F$12 -> -19143.994 | M30: =K30+L30 -> 650895.78 | O30: =+O29+F30 -> -40240 | P30: =+P29+G30 -> 3789.3806 | Q30: =+Q29-L30 -> 38287.987
C31: =DATE(YEAR(C30),MONTH(C30)+1,DAY(C30)) -> 44531 | D31: =D30+1 -> 3 | E31: =H30 -> 652733.15 | F31: =F30 -> -20120 | G31: =((E31+F31)*($F$16)) -> 1816.1683 | H31: =SUM(E31:G31) -> 634429.32 | J31: =D31 -> 3 | K31: =M30 -> 650895.78 | L31: =-$M$22/$F$12 -> -19143.994 | M31: =K31+L31 -> 631751.79 | O31: =+O30+F31 -> -60360 | P31: =+P30+G31 -> 5605.5489 | Q31: =+Q30-L31 -> 57431.981
C32: =DATE(YEAR(C31),MONTH(C31)+1,DAY(C31)) -> 44562 | D32: =D31+1 -> 4 | E32: =H31 -> 634429.32 | F32: =F31 -> -20120 | G32: =((E32+F32)*($F$16)) -> 1763.6198 | H32: =SUM(E32:G32) -> 616072.94 | J32: =D32 -> 4 | K32: =M31 -> 631751.79 | L32: =-$M$22/$F$12 -> -19143.994 | M32: =K32+L32 -> 612607.79 | O32: =+O31+F32 -> -80480 | P32: =+P31+G32 -> 7369.1687 | Q32: =+Q31-L32 -> 76575.974
C33: =DATE(YEAR(C32),MONTH(C32)+1,DAY(C32)) -> 44593 | D33: =D32+1 -> 5 | E33: =H32 -> 616072.94 | F33: =F32 -> -20120 | G33: =((E33+F33)*($F$16)) -> 1710.9205 | H33: =SUM(E33:G33) -> 597663.86 | J33: =D33 -> 5 | K33: =M32 -> 612607.79 | L33: =-$M$22/$F$12 -> -19143.994 | M33: =K33+L33 -> 593463.8 | O33: =+O32+F33 -> -100600 | P33: =+P32+G33 -> 9080.0892 | Q33: =+Q32-L33 -> 95719.968
C34: =DATE(YEAR(C33),MONTH(C33)+1,DAY(C33)) -> 44621 | D34: =D33+1 -> 6 | E34: =H33 -> 597663.86 | F34: =F33 -> -20120 | G34: =((E34+F34)*($F$16)) -> 1658.0699 | H34: =SUM(E34:G34) -> 579201.93 | J34: =D34 -> 6 | K34: =M33 -> 593463.8 | L34: =-$M$22/$F$12 -> -19143.994 | M34: =K34+L34 -> 574319.81 | O34: =+O33+F34 -> -120720 | P34: =+P33+G34 -> 10738.159 | Q34: =+Q33-L34 -> 114863.96
C35: =DATE(YEAR(C34),MONTH(C34)+1,DAY(C34)) -> 44652 | D35: =D34+1 -> 7 | E35: =H34 -> 579201.93 | F35: =F34 -> -20120 | G35: =((E35+F35)*($F$16)) -> 1605.0676 | H35: =SUM(E35:G35) -> 560686.99 | J35: =D35 -> 7 | K35: =M34 -> 574319.81 | L35: =-$M$22/$F$12 -> -19143.994 | M35: =K35+L35 -> 555175.81 | O35: =+O34+F35 -> -140840 | P35: =+P34+G35 -> 12343.227 | Q35: =+Q34-L35 -> 134007.95
C36: =DATE(YEAR(C35),MONTH(C35)+1,DAY(C35)) -> 44682 | D36: =D35+1 -> 8 | E36: =H35 -> 560686.99 | F36: =F35 -> -20120 | G36: =((E36+F36)*($F$16)) -> 1551.9131 | H36: =SUM(E36:G36) -> 542118.91 | J36: =D36 -> 8 | K36: =M35 -> 555175.81 | L36: =-$M$22/$F$12 -> -19143.994 | M36: =K36+L36 -> 536031.82 | O36: =+O35+F36 -> -160960 | P36: =+P35+G36 -> 13895.14 | Q36: =+Q35-L36 -> 153151.95
C37: =DATE(YEAR(C36),MONTH(C36)+1,DAY(C36)) -> 44713 | D37: =D36+1 -> 9 | E37: =H36 -> 542118.91 | F37: =F36 -> -20120 | G37: =((E37+F37)*($F$16)) -> 1498.606 | H37: =SUM(E37:G37) -> 523497.51 | J37: =D37 -> 9 | K37: =M36 -> 536031.82 | L37: =-$M$22/$F$12 -> -19143.994 | M37: =K37+L37 -> 516887.83 | O37: =+O36+F37 -> -181080 | P37: =+P36+G37 -> 15393.746 | Q37: =+Q36-L37 -> 172295.94
C38: =DATE(YEAR(C37),MONTH(C37)+1,DAY(C37)) -> 44743 | D38: =D37+1 -> 10 | E38: =H37 -> 523497.51 | F38: =F37 -> -20120 | G38: =((E38+F38)*($F$16)) -> 1445.1459 | H38: =SUM(E38:G38) -> 504822.66 | J38: =D38 -> 10 | K38: =M37 -> 516887.83 | L38: =-$M$22/$F$12 -> -19143.994 | M38: =K38+L38 -> 497743.83 | O38: =+O37+F38 -> -201200 | P38: =+P37+G38 -> 16838.892 | Q38: =+Q37-L38 -> 191439.94
C39: =DATE(YEAR(C38),MONTH(C38)+1,DAY(C38)) -> 44774 | D39: =D38+1 -> 11 | E39: =H38 -> 504822.66 | F39: =F38 -> -20120 | G39: =((E39+F39)*($F$16)) -> 1391.5322 | H39: =SUM(E39:G39) -> 486094.19 | J39: =D39 -> 11 | K39: =M38 -> 497743.83 | L39: =-$M$22/$F$12 -> -19143.994 | M39: =K39+L39 -> 478599.84 | O39: =+O38+F39 -> -221320 | P39: =+P38+G39 -> 18230.424 | Q39: =+Q38-L39 -> 210583.93
C40: =DATE(YEAR(C39),MONTH(C39)+1,DAY(C39)) -> 44805 | D40: =D39+1 -> 12 | E40: =H39 -> 486094.19 | F40: =F39 -> -20120 | G40: =((E40+F40)*($F$16)) -> 1337.7647 | H40: =SUM(E40:G40) -> 467311.96 | J40: =D40 -> 12 | K40: =M39 -> 478599.84 | L40: =-$M$22/$F$12 -> -19143.994 | M40: =K40+L40 -> 459455.84 | O40: =+O39+F40 -> -241440 | P40: =+P39+G40 -> 19568.189 | Q40: =+Q39-L40 -> 229727.92
C41: =DATE(YEAR(C40),MONTH(C40)+1,DAY(C40)) -> 44835 | D41: =D40+1 -> 13 | E41: =H40 -> 467311.96 | F41: =F40 -> -20120 | G41: =((E41+F41)*($F$16)) -> 1283.8428 | H41: =SUM(E41:G41) -> 448475.8 | J41: =D41 -> 13 | K41: =M40 -> 459455.84 | L41: =-$M$22/$F$12 -> -19143.994 | M41: =K41+L41 -> 440311.85 | O41: =+O40+F41 -> -261560 | P41: =+P40+G41 -> 20852.031 | Q41: =+Q40-L41 -> 248871.92
... C64: =DATE(YEAR(C63),MONTH(C63)+1,DAY(C63)) -> 45536 | D64: =D63+1 -> 36 | E64: =H63 -> 20120 | F64: =F63 -> -20120 | G64: =((E64+F64)*($F$16)) -> -2.0345435e-11 | H64: =SUM(E64:G64) -> -7.1071282e-09 | J64: =D64 -> 36 | K64: =M63 -> 19143.994 | L64: =-$M$22/$F$12 -> -19143.994 | M64: =K64+L64 -> -3.6379788e-10 | O64: =+O63+F64 -> -724320 | P64: =+P63+G64 -> 35136.233 | Q64: =+Q63-L64 -> 689183.77
C65: =DATE(YEAR(C64),MONTH(C64)+1,DAY(C64)) -> 45566
C66: =DATE(YEAR(C65),MONTH(C65)+1,DAY(C65)) -> 45597
C67: =DATE(YEAR(C66),MONTH(C66)+1,DAY(C66)) -> 45627
C68: =DATE(YEAR(C67),MONTH(C67)+1,DAY(C67)) -> 45658
C69: =DATE(YEAR(C68),MONTH(C68)+1,DAY(C68)) -> 45689
C70: =DATE(YEAR(C69),MONTH(C69)+1,DAY(C69)) -> 45717
C71: =DATE(YEAR(C70),MONTH(C70)+1,DAY(C70)) -> 45748
C72: =DATE(YEAR(C71),MONTH(C71)+1,DAY(C71)) -> 45778
C73: =DATE(YEAR(C72),MONTH(C72)+1,DAY(C72)) -> 45809
C74: =DATE(YEAR(C73),MONTH(C73)+1,DAY(C73)) -> 45839
C75: =DATE(YEAR(C74),MONTH(C74)+1,DAY(C74)) -> 45870
C76: =DATE(YEAR(C75),MONTH(C75)+1,DAY(C75)) -> 45901
... C107: =DATE(YEAR(C106),MONTH(C106)+1,DAY(C106)) -> 46844
C110: check | E110: =SUM(F110:G110)+H22 -> -6.868504e-09 | F110: =SUM(F29:F107) -> -724320 | G110: =SUM(G29:G107) -> 35136.233
F112: As per audit
D113: Effect of adoption of SFRS(I) 16: | F113: Start of lease in 2021 | G113: 44561
F114: $ | G114: $
D115: Non-Current Assets
D116: Right-of-Use Assets | F116: =IF(YEAR(D10)<2021=TRUE,INDEX(K:K,MATCH(DATE(2021,1,DAY(D10)),C:C)),INDEX(K:K,MATCH(DATE(2021,MAX(1,MONTH(D10)),DAY(D10)),C:C))) -> 689183.77 | G116: =INDEX(M:M,MATCH(DATE(2021,12,DAY(D10)),C:C)) -> 631751.79
D118: Current Liabilities
D119: Lease Liabilities | F119: =IF(YEAR(D10)<2021=TRUE,SUM(INDIRECT("F"&MATCH(DATE(2021,1,DAY(D10)),C:C)):INDIRECT("G"&MATCH(DATE(2021,12,DAY(D10)),C:C))),SUM(INDIRECT("F"&MATCH(DATE(2021,MAX(1,MONTH(D10)),DAY(D10)),C:C)):INDIRECT("G"&MATCH(DATE(2021,12,DAY(D10)),C:C)))) -> -54754.451 | G119: =IFERROR(SUM(INDIRECT("F"&MATCH(DATE(2022,1,DAY(D10)),C:C)):INDIRECT("G"&MATCH(DATE(2022,1,DAY(D10)),C:C)+11)),VALUE("0")) -> -223788.22 | I119: {=IF(YEAR(INDIRECT("'"&F3&"'!"&"D10"))<2021=TRUE,SUM(INDIRECT("'"&F3&"'!"&"F"&MATCH(DATE(2021,1,DAY(INDIRECT("'"&F3&"'!"&"D10"))),INDIRECT("'"&F3&"'!"&"C:C"))):INDIRECT("G"&MATCH(DATE(2021,12,DAY(INDIRECT("'"&F3&"'!"&"D10"))),INDIRECT("'"&F3&"'!"&"C:C")))),SUM(INDIRECT("F"&MATCH(DATE(2021,MAX(1,MONTH(INDIRECT("'"&F3&"'!"&"D10"))),DAY(INDIRECT("'"&F3&"'!"&"D10"))),INDIRECT("'"&F3&"'!"&"C:C"))):INDIRECT("G"&MATCH(DATE(2021,12,DAY(INDIRECT("'"&F3&"'!"&"D10"))),INDIRECT("'"&F3&"'!"&"C:C")))))} -> -54754.451 | J119: {=IF(YEAR(INDIRECT("'"&F3&"'!"&"D10"))<2021=TRUE,SUM(INDIRECT("F"&MATCH(DATE(2021,1,DAY(INDIRECT("'"&F3&"'!"&"D10"))),INDIRECT("'"&F3&"'!"&"C:C"))):INDIRECT("F"&MATCH(DATE(2021,12,DAY(INDIRECT("'"&F3&"'!"&"D10"))),INDIRECT("'"&F3&"'!"&"C:C")))),SUM(INDIRECT("F"&MATCH(DATE(2021,MAX(1,MONTH(INDIRECT("'"&F3&"'!"&"D10"))),DAY(INDIRECT("'"&F3&"'!"&"D10"))),INDIRECT("'"&F3&"'!"&"C:C"))):INDIRECT("F"&MATCH(DATE(2021,12,DAY(INDIRECT("'"&F3&"'!"&"D10"))),INDIRECT("'"&F3&"'!"&"C:C")))))} -> -60360
B121: {=IF(YEAR(INDIRECT("'"&F3&"'!"&"D10"))<2021=TRUE,SUM(INDIRECT("F"&MATCH(DATE(2021,1,DAY(INDIRECT("'"&F3&"'!"&"D10"))),INDIRECT("'"&F3&"'!"&"C:C"))):INDIRECT("G"&MATCH(DATE(2021,12,DAY(INDIRECT("'"&F3&"'!"&"D10"))),INDIRECT("'"&F3&"'!"&"C:C")))),SUM(INDIRECT("F"&MATCH(DATE(2021,MAX(1,MONTH(INDIRECT("'"&F3&"'!"&"D10"))),DAY(INDIRECT("'"&F3&"'!"&"D10"))),INDIRECT("'"&F3&"'!"&"C:C"))):INDIRECT("G"&MATCH(DATE(2021,12,DAY(INDIRECT("'"&F3&"'!"&"D10"))),INDIRECT("'"&F3&"'!"&"C:C")))))} -> -54754.451
D122: Non-Current Liabilities | I122: {=IF(YEAR(INDIRECT("'"&F3&"'!"&"D10"))<2021=TRUE,SUM(INDIRECT("F"&MATCH(DATE(2021,1,DAY(INDIRECT("'"&F3&"'!"&"D10"))),INDIRECT("'"&F3&"'!"&"C:C"))):INDIRECT("G"&MATCH(DATE(2021,12,DAY(INDIRECT("'"&F3&"'!"&"D10"))),INDIRECT("'"&F3&"'!"&"C:C")))),SUM(INDIRECT("F"&MATCH(DATE(2021,MAX(1,MONTH(INDIRECT("'"&F3&"'!"&"D10"))),DAY(INDIRECT("'"&F3&"'!"&"D10"))),INDIRECT("'"&F3&"'!"&"C:C"))):INDIRECT("G"&MATCH(DATE(2021,12,DAY(INDIRECT("'"&F3&"'!"&"D10"))),INDIRECT("'"&F3&"'!"&"C:C")))))} -> -54754.451
D123: Lease Liabilities | F123: =SUM(G119,G123) -> -634429.32 | G123: =IFERROR(SUM(INDIRECT("F"&MATCH(DATE(2023,1,DAY(D10)),C:C)):G107),VALUE("0")) -> -410641.1 | K123: {=SUM(INDIRECT("F"&MATCH(DATE(2021,MAX(1,MONTH(INDIRECT("'"&F3&"'!"&"D10"))),DAY(INDIRECT("'"&F3&"'!"&"D10"))),INDIRECT("'"&F3&"'!"&"C:C"))):INDIRECT("G"&MATCH(DATE(2021,12,DAY(INDIRECT("'"&F3&"'!"&"D10"))),INDIRECT("'"&F3&"'!"&"C:C"))))} -> -54754.451 | L123: {=INDIRECT("'"&F3&"'!"&"F"&MATCH(DATE(2021,MAX(1,MONTH(INDIRECT("'"&F3&"'!"&"D10"))),DAY(INDIRECT("'"&F3&"'!"&"D10"))),INDIRECT("'"&F3&"'!"&"C:C")))} -> -20120
L124: "F"
L125: {=INDIRECT("'"&F3&"'!"&"D10")} -> 44470
D128: Contractual undiscounted cashflow
D129: within one financial year | G129: =IFERROR(SUM(INDIRECT("F"&MATCH(DATE(2022,1,DAY(D10)),C:C)):INDIRECT("F"&MATCH(DATE(2022,1,DAY(D10)),C:C)+11)),VALUE("0")) -> -241440
D130: between one and five financial year | G130: =IFERROR(SUM(INDIRECT("F"&MATCH(DATE(2023,1,DAY(D10)),C:C)):F107),VALUE("0")) -> -422520

Sheet 3. Westmall
B1: Underlying asset: | C1: Lease
B2: Outlet: | C2: Westmall (WM)
B5: Underlying asset:
B6: Payment mode: | C6: Monthly cash payments
B7: Monthly payment: | C7: $ | D7: =VLOOKUP($C$2,'Lease Summary'!D:H,5,FALSE) -> 16567.32
D9: FROM | E9: TO
B10: Lease period: | C10: Non cancelable period: | D10: =VLOOKUP($C$2,'Lease Summary'!D:H,3,FALSE) -> 44492 | E10: =VLOOKUP($C$2,'Lease Summary'!D:H,4,FALSE) -> 45587 | F10: =DATEDIF(D10,E10,"m")+1 -> 36 | G10: months
C11: Extended period: ^1 | E11: =VLOOKUP($C$2,'Lease Summary'!D:I,6,FALSE) -> No option to renew | F11: =IFERROR(DATEDIF(E10,E11,"m")+1,VALUE("0")) -> 0 | G11: months
C12: Total lease period: | F12: =SUM(F10:F11) -> 36 | G12: months
C13: Remaining period as at | D13: 44561 | F13: =DATEDIF(D13,MAX(E10,E11),"m")+1 -> 34 | G13: months
B15: Incremental borrowing rate | F15: 0.035 | G15: per annum
F16: =+(1+F15)^(1/12)-1 -> 0.0028708987 | G16: per month
F17: =F12/12 -> 3 | G17: years
C20: Lease liability | F20: $ | H20: $ | J20: Rights of use assets | M20: $
C22: PV of remaining fixed payments | F22: =D7 -> 16567.32 | G22: per month | H22: =-PV(F16,F12,F22,0,1) -> 567491.45 | J22: ROU | M22: =H22 -> 567491.45
D25: Lease liabilities amortisation table | J25: Rights of use assets amortisation table
D26: Period # | E26: Opening | F26: Payment | G26: Interest | H26: Closing | J26: Period # | K26: Opening | L26: Depreciation | M26: Closing | O26: Acc. Payment | P26: Acc. Interest | Q26: Acc. Depn
E27: $ | F27: $ | G27: $ | H27: $ | J27: $ | K27: $ | L27: $ | M27: $ | O27: $ | P27: $ | Q27: $
C29: =D10 -> 44492 | D29: 1 | E29: =H22 -> 567491.45 | F29: =-D7 -> -16567.32 | G29: =((E29+F29)*($F$16)) -> 1581.6474 | H29: =SUM(E29:G29) -> 552505.78 | J29: =D29 -> 1 | K29: =M22 -> 567491.45 | L29: =-$M$22/$F$12 -> -15763.651 | M29: =K29+L29 -> 551727.8 | O29: =+F29 -> -16567.32 | P29: =+G29 -> 1581.6474 | Q29: =-L29 -> 15763.651
C30: =DATE(YEAR(C29),MONTH(C29)+1,DAY(C29)) -> 44523 | D30: =D29+1 -> 2 | E30: =H29 -> 552505.78 | F30: =F29 -> -16567.32 | G30: =((E30+F30)*($F$16)) -> 1538.625 | H30: =SUM(E30:G30) -> 537477.08 | J30: =D30 -> 2 | K30: =M29 -> 551727.8 | L30: =-$M$22/$F$12 -> -15763.651 | M30: =K30+L30 -> 535964.15 | O30: =+O29+F30 -> -33134.64 | P30: =+P29+G30 -> 3120.2724 | Q30: =+Q29-L30 -> 31527.303
C31: =DATE(YEAR(C30),MONTH(C30)+1,DAY(C30)) -> 44553 | D31: =D30+1 -> 3 | E31: =H30 -> 537477.08 | F31: =F30 -> -16567.32 | G31: =((E31+F31)*($F$16)) -> 1495.4792 | H31: =SUM(E31:G31) -> 522405.24 | J31: =D31 -> 3 | K31: =M30 -> 535964.15 | L31: =-$M$22/$F$12 -> -15763.651 | M31: =K31+L31 -> 520200.5 | O31: =+O30+F31 -> -49701.96 | P31: =+P30+G31 -> 4615.7516 | Q31: =+Q30-L31 -> 47290.954
C32: =DATE(YEAR(C31),MONTH(C31)+1,DAY(C31)) -> 44584 | D32: =D31+1 -> 4 | E32: =H31 -> 522405.24 | F32: =F31 -> -16567.32 | G32: =((E32+F32)*($F$16)) -> 1452.2094 | H32: =SUM(E32:G32) -> 507290.13 | J32: =D32 -> 4 | K32: =M31 -> 520200.5 | L32: =-$M$22/$F$12 -> -15763.651 | M32: =K32+L32 -> 504436.85 | O32: =+O31+F32 -> -66269.28 | P32: =+P31+G32 -> 6067.961 | Q32: =+Q31-L32 -> 63054.606
C33: =DATE(YEAR(C32),MONTH(C32)+1,DAY(C32)) -> 44615 | D33: =D32+1 -> 5 | E33: =H32 -> 507290.13 | F33: =F32 -> -16567.32 | G33: =((E33+F33)*($F$16)) -> 1408.8155 | H33: =SUM(E33:G33) -> 492131.63 | J33: =D33 -> 5 | K33: =M32 -> 504436.85 | L33: =-$M$22/$F$12 -> -15763.651 | M33: =K33+L33 -> 488673.19 | O33: =+O32+F33 -> -82836.6 | P33: =+P32+G33 -> 7476.7765 | Q33: =+Q32-L33 -> 78818.257
C34: =DATE(YEAR(C33),MONTH(C33)+1,DAY(C33)) -> 44643 | D34: =D33+1 -> 6 | E34: =H33 -> 492131.63 | F34: =F33 -> -16567.32 | G34: =((E34+F34)*($F$16)) -> 1365.297 | H34: =SUM(E34:G34) -> 476929.61 | J34: =D34 -> 6 | K34: =M33 -> 488673.19 | L34: =-$M$22/$F$12 -> -15763.651 | M34: =K34+L34 -> 472909.54 | O34: =+O33+F34 -> -99403.92 | P34: =+P33+G34 -> 8842.0735 | Q34: =+Q33-L34 -> 94581.909
C35: =DATE(YEAR(C34),MONTH(C34)+1,DAY(C34)) -> 44674 | D35: =D34+1 -> 7 | E35: =H34 -> 476929.61 | F35: =F34 -> -16567.32 | G35: =((E35+F35)*($F$16)) -> 1321.6535 | H35: =SUM(E35:G35) -> 461683.94 | J35: =D35 -> 7 | K35: =M34 -> 472909.54 | L35: =-$M$22/$F$12 -> -15763.651 | M35: =K35+L35 -> 457145.89 | O35: =+O34+F35 -> -115971.24 | P35: =+P34+G35 -> 10163.727 | Q35: =+Q34-L35 -> 110345.56
C36: =DATE(YEAR(C35),MONTH(C35)+1,DAY(C35)) -> 44704 | D36: =D35+1 -> 8 | E36: =H35 -> 461683.94 | F36: =F35 -> -16567.32 | G36: =((E36+F36)*($F$16)) -> 1277.8847 | H36: =SUM(E36:G36) -> 446394.5 | J36: =D36 -> 8 | K36: =M35 -> 457145.89 | L36: =-$M$22/$F$12 -> -15763.651 | M36: =K36+L36 -> 441382.24 | O36: =+O35+F36 -> -132538.56 | P36: =+P35+G36 -> 11441.612 | Q36: =+Q35-L36 -> 126109.21
C37: =DATE(YEAR(C36),MONTH(C36)+1,DAY(C36)) -> 44735 | D37: =D36+1 -> 9 | E37: =H36 -> 446394.5 | F37: =F36 -> -16567.32 | G37: =((E37+F37)*($F$16)) -> 1233.9903 | H37: =SUM(E37:G37) -> 431061.17 | J37: =D37 -> 9 | K37: =M36 -> 441382.24 | L37: =-$M$22/$F$12 -> -15763.651 | M37: =K37+L37 -> 425618.59 | O37: =+O36+F37 -> -149105.88 | P37: =+P36+G37 -> 12675.602 | Q37: =+Q36-L37 -> 141872.86
C38: =DATE(YEAR(C37),MONTH(C37)+1,DAY(C37)) -> 44765 | D38: =D37+1 -> 10 | E38: =H37 -> 431061.17 | F38: =F37 -> -16567.32 | G38: =((E38+F38)*($F$16)) -> 1189.9699 | H38: =SUM(E38:G38) -> 415683.82 | J38: =D38 -> 10 | K38: =M37 -> 425618.59 | L38: =-$M$22/$F$12 -> -15763.651 | M38: =K38+L38 -> 409854.94 | O38: =+O37+F38 -> -165673.2 | P38: =+P37+G38 -> 13865.572 | Q38: =+Q37-L38 -> 157636.51
C39: =DATE(YEAR(C38),MONTH(C38)+1,DAY(C38)) -> 44796 | D39: =D38+1 -> 11 | E39: =H38 -> 415683.82 | F39: =F38 -> -16567.32 | G39: =((E39+F39)*($F$16)) -> 1145.8231 | H39: =SUM(E39:G39) -> 400262.33 | J39: =D39 -> 11 | K39: =M38 -> 409854.94 | L39: =-$M$22/$F$12 -> -15763.651 | M39: =K39+L39 -> 394091.29 | O39: =+O38+F39 -> -182240.52 | P39: =+P38+G39 -> 15011.395 | Q39: =+Q38-L39 -> 173400.17
C40: =DATE(YEAR(C39),MONTH(C39)+1,DAY(C39)) -> 44827 | D40: =D39+1 -> 12 | E40: =H39 -> 400262.33 | F40: =F39 -> -16567.32 | G40: =((E40+F40)*($F$16)) -> 1101.5495 | H40: =SUM(E40:G40) -> 384796.56 | J40: =D40 -> 12 | K40: =M39 -> 394091.29 | L40: =-$M$22/$F$12 -> -15763.651 | M40: =K40+L40 -> 378327.63 | O40: =+O39+F40 -> -198807.84 | P40: =+P39+G40 -> 16112.944 | Q40: =+Q39-L40 -> 189163.82
C41: =DATE(YEAR(C40),MONTH(C40)+1,DAY(C40)) -> 44857 | D41: =D40+1 -> 13 | E41: =H40 -> 384796.56 | F41: =F40 -> -16567.32 | G41: =((E41+F41)*($F$16)) -> 1057.1488 | H41: =SUM(E41:G41) -> 369286.39 | J41: =D41 -> 13 | K41: =M40 -> 378327.63 | L41: =-$M$22/$F$12 -> -15763.651 | M41: =K41+L41 -> 362563.98 | O41: =+O40+F41 -> -215375.16 | P41: =+P40+G41 -> 17170.093 | Q41: =+Q40-L41 -> 204927.47
... C64: =DATE(YEAR(C63),MONTH(C63)+1,DAY(C63)) -> 45558 | D64: =D63+1 -> 36 | E64: =H63 -> 16567.32 | F64: =F63 -> -16567.32 | G64: =((E64+F64)*($F$16)) -> -1.6449723e-11 | H64: =SUM(E64:G64) -> -5.7462663e-09 | J64: =D64 -> 36 | K64: =M63 -> 15763.651 | L64: =-$M$22/$F$12 -> -15763.651 | M64: =K64+L64 -> -4.4747139e-10 | O64: =+O63+F64 -> -596423.52 | P64: =+P63+G64 -> 28932.068 | Q64: =+Q63-L64 -> 567491.45
C65: =DATE(YEAR(C64),MONTH(C64)+1,DAY(C64)) -> 45588
C66: =DATE(YEAR(C65),MONTH(C65)+1,DAY(C65)) -> 45619
C67: =DATE(YEAR(C66),MONTH(C66)+1,DAY(C66)) -> 45649
C68: =DATE(YEAR(C67),MONTH(C67)+1,DAY(C67)) -> 45680
C69: =DATE(YEAR(C68),MONTH(C68)+1,DAY(C68)) -> 45711
C70: =DATE(YEAR(C69),MONTH(C69)+1,DAY(C69)) -> 45739
C71: =DATE(YEAR(C70),MONTH(C70)+1,DAY(C70)) -> 45770
C72: =DATE(YEAR(C71),MONTH(C71)+1,DAY(C71)) -> 45800
C73: =DATE(YEAR(C72),MONTH(C72)+1,DAY(C72)) -> 45831
C74: =DATE(YEAR(C73),MONTH(C73)+1,DAY(C73)) -> 45861
C75: =DATE(YEAR(C74),MONTH(C74)+1,DAY(C74)) -> 45892
C76: =DATE(YEAR(C75),MONTH(C75)+1,DAY(C75)) -> 45923
... C107: =DATE(YEAR(C106),MONTH(C106)+1,DAY(C106)) -> 46866
C110: check | E110: =SUM(F110:G110)+H22 -> -5.5879354e-09 | F110: =SUM(F29:F107) -> -596423.52 | G110: =SUM(G29:G107) -> 28932.068
F112: As per audit
D113: Effect of adoption of SFRS(I) 16: | F113: Start of lease in 2021 | G113: 44561
F114: $ | G114: $
D115: Non-Current Assets
D116: Right-of-Use Assets | F116: =IF(YEAR(D10)<2021=TRUE,INDEX(K:K,MATCH(DATE(2021,1,DAY(D10)),C:C)),INDEX(K:K,MATCH(DATE(2021,MAX(1,MONTH(D10)),DAY(D10)),C:C))) -> 567491.45 | G116: =INDEX(M:M,MATCH(DATE(2021,12,DAY(D10)),C:C)) -> 520200.5
D118: Current Liabilities
D119: Lease Liabilities | F119: =IF(YEAR(D10)<2021=TRUE,SUM(INDIRECT("F"&MATCH(DATE(2021,1,DAY(D10)),C:C)):INDIRECT("G"&MATCH(DATE(2021,12,DAY(D10)),C:C))),SUM(INDIRECT("F"&MATCH(DATE(2021,MAX(1,MONTH(D10)),DAY(D10)),C:C)):INDIRECT("G"&MATCH(DATE(2021,12,DAY(D10)),C:C)))) -> -45086.208 | G119: =IFERROR(SUM(INDIRECT("F"&MATCH(DATE(2022,1,DAY(D10)),C:C)):INDIRECT("G"&MATCH(DATE(2022,1,DAY(D10)),C:C)+11)),VALUE("0")) -> -184272.91
D122: Non-Current Liabilities
D123: Lease Liabilities | F123: =SUM(G119,G123) -> -522405.24 | G123: =IFERROR(SUM(INDIRECT("F"&MATCH(DATE(2023,1,DAY(D10)),C:C)):G107),VALUE("0")) -> -338132.33
D128: Contractual undiscounted cashflow
D129: within one financial year | G129: =IFERROR(SUM(INDIRECT("F"&MATCH(DATE(2022,1,DAY(D10)),C:C)):INDIRECT("F"&MATCH(DATE(2022,1,DAY(D10)),C:C)+11)),VALUE("0")) -> -198807.84
D130: between one and five financial year | G130: =IFERROR(SUM(INDIRECT("F"&MATCH(DATE(2023,1,DAY(D10)),C:C)):F107),VALUE("0")) -> -347913.72

Sheet 4. CTL
B1: Underlying asset: | C1: Lease
B2: Outlet: | C2: Sample
B5: Underlying asset:
B6: Payment mode: | C6: Monthly cash payments
B7: Monthly payment: | C7: $ | D7: =VLOOKUP($C$2,'Lease Summary'!D:H,5,FALSE) -> 19730.2
D9: FROM | E9: TO
B10: Lease period: | C10: Non cancelable period: | D10: =VLOOKUP($C$2,'Lease Summary'!D:H,3,FALSE) -> 44501 | E10: =VLOOKUP($C$2,'Lease Summary'!D:H,4,FALSE) -> 44865 | F10: =DATEDIF(D10,E10,"m")+1 -> 12 | G10: months
C11: Extended period: ^1 | E11: =VLOOKUP($C$2,'Lease Summary'!D:I,6,FALSE) -> No option to renew | F11: =IFERROR(DATEDIF(E10,E11,"m")+1,VALUE("0")) -> 0 | G11: months
C12: Total lease period: | F12: =SUM(F10:F11) -> 12 | G12: months
C13: Remaining period as at | D13: 44561 | F13: =DATEDIF(D13,MAX(E10,E11),"m")+1 -> 11 | G13: months
B15: Incremental borrowing rate | F15: 0.035 | G15: per annum
F16: =+(1+F15)^(1/12)-1 -> 0.0028708987 | G16: per month
F17: =F12/12 -> 1 | G17: years
C20: Lease liability | F20: $ | H20: $ | J20: Rights of use assets | M20: $
C22: PV of remaining fixed payments | F22: =D7 -> 19730.2 | G22: per month | H22: =-PV(F16,F12,F22,0,1) -> 233069.98 | J22: ROU | M22: =H22 -> 233069.98
D25: Lease liabilities amortisation table | J25: Rights of use assets amortisation table
D26: Period # | E26: Opening | F26: Payment | G26: Interest | H26: Closing | J26: Period # | K26: Opening | L26: Depreciation | M26: Closing | O26: Acc. Payment | P26: Acc. Interest | Q26: Acc. Depn
E27: $ | F27: $ | G27: $ | H27: $ | J27: $ | K27: $ | L27: $ | M27: $ | O27: $ | P27: $ | Q27: $
C29: =D10 -> 44501 | D29: 1 | E29: =H22 -> 233069.98 | F29: =-D7 -> -19730.2 | G29: =((E29+F29)*($F$16)) -> 612.4769 | H29: =SUM(E29:G29) -> 213952.26 | J29: =D29 -> 1 | K29: =M22 -> 233069.98 | L29: =-$M$22/$F$12 -> -19422.498 | M29: =K29+L29 -> 213647.48 | O29: =+F29 -> -19730.2 | P29: =+G29 -> 612.4769 | Q29: =-L29 -> 19422.498
C30: =DATE(YEAR(C29),MONTH(C29)+1,DAY(C29)) -> 44531 | D30: =D29+1 -> 2 | E30: =H29 -> 213952.26 | F30: =F29 -> -19730.2 | G30: =((E30+F30)*($F$16)) -> 557.59186 | H30: =SUM(E30:G30) -> 194779.65 | J30: =D30 -> 2 | K30: =M29 -> 213647.48 | L30: =-$M$22/$F$12 -> -19422.498 | M30: =K30+L30 -> 194224.98 | O30: =+O29+F30 -> -39460.4 | P30: =+P29+G30 -> 1170.0688 | Q30: =+Q29-L30 -> 38844.997
C31: =DATE(YEAR(C30),MONTH(C30)+1,DAY(C30)) -> 44562 | D31: =D30+1 -> 3 | E31: =H30 -> 194779.65 | F31: =F30 -> -19730.2 | G31: =((E31+F31)*($F$16)) -> 502.54924 | H31: =SUM(E31:G31) -> 175552 | J31: =D31 -> 3 | K31: =M30 -> 194224.98 | L31: =-$M$22/$F$12 -> -19422.498 | M31: =K31+L31 -> 174802.49 | O31: =+O30+F31 -> -59190.6 | P31: =+P30+G31 -> 1672.618 | Q31: =+Q30-L31 -> 58267.495
C32: =DATE(YEAR(C31),MONTH(C31)+1,DAY(C31)) -> 44593 | D32: =D31+1 -> 4 | E32: =H31 -> 175552 | F32: =F31 -> -19730.2 | G32: =((E32+F32)*($F$16)) -> 447.3486 | H32: =SUM(E32:G32) -> 156269.15 | J32: =D32 -> 4 | K32: =M31 -> 174802.49 | L32: =-$M$22/$F$12 -> -19422.498 | M32: =K32+L32 -> 155379.99 | O32: =+O31+F32 -> -78920.8 | P32: =+P31+G32 -> 2119.9666 | Q32: =+Q31-L32 -> 77689.993
C33: =DATE(YEAR(C32),MONTH(C32)+1,DAY(C32)) -> 44621 | D33: =D32+1 -> 5 | E33: =H32 -> 156269.15 | F33: =F32 -> -19730.2 | G33: =((E33+F33)*($F$16)) -> 391.98949 | H33: =SUM(E33:G33) -> 136930.94 | J33: =D33 -> 5 | K33: =M32 -> 155379.99 | L33: =-$M$22/$F$12 -> -19422.498 | M33: =K33+L33 -> 135957.49 | O33: =+O32+F33 -> -98651 | P33: =+P32+G33 -> 2511.9561 | Q33: =+Q32-L33 -> 97112.492
C34: =DATE(YEAR(C33),MONTH(C33)+1,DAY(C33)) -> 44652 | D34: =D33+1 -> 6 | E34: =H33 -> 136930.94 | F34: =F33 -> -19730.2 | G34: =((E34+F34)*($F$16)) -> 336.47144 | H34: =SUM(E34:G34) -> 117537.21 | J34: =D34 -> 6 | K34: =M33 -> 135957.49 | L34: =-$M$22/$F$12 -> -19422.498 | M34: =K34+L34 -> 116534.99 | O34: =+O33+F34 -> -118381.2 | P34: =+P33+G34 -> 2848.4275 | Q34: =+Q33-L34 -> 116534.99
C35: =DATE(YEAR(C34),MONTH(C34)+1,DAY(C34)) -> 44682 | D35: =D34+1 -> 7 | E35: =H34 -> 117537.21 | F35: =F34 -> -19730.2 | G35: =((E35+F35)*($F$16)) -> 280.79401 | H35: =SUM(E35:G35) -> 98087.802 | J35: =D35 -> 7 | K35: =M34 -> 116534.99 | L35: =-$M$22/$F$12 -> -19422.498 | M35: =K35+L35 -> 97112.492 | O35: =+O34+F35 -> -138111.4 | P35: =+P34+G35 -> 3129.2215 | Q35: =+Q34-L35 -> 135957.49
C36: =DATE(YEAR(C35),MONTH(C35)+1,DAY(C35)) -> 44713 | D36: =D35+1 -> 8 | E36: =H35 -> 98087.802 | F36: =F35 -> -19730.2 | G36: =((E36+F36)*($F$16)) -> 224.95674 | H36: =SUM(E36:G36) -> 78582.559 | J36: =D36 -> 8 | K36: =M35 -> 97112.492 | L36: =-$M$22/$F$12 -> -19422.498 | M36: =K36+L36 -> 77689.993 | O36: =+O35+F36 -> -157841.6 | P36: =+P35+G36 -> 3354.1783 | Q36: =+Q35-L36 -> 155379.99
C37: =DATE(YEAR(C36),MONTH(C36)+1,DAY(C36)) -> 44743 | D37: =D36+1 -> 9 | E37: =H36 -> 78582.559 | F37: =F36 -> -19730.2 | G37: =((E37+F37)*($F$16)) -> 168.95916 | H37: =SUM(E37:G37) -> 59021.318 | J37: =D37 -> 9 | K37: =M36 -> 77689.993 | L37: =-$M$22/$F$12 -> -19422.498 | M37: =K37+L37 -> 58267.495 | O37: =+O36+F37 -> -177571.8 | P37: =+P36+G37 -> 3523.1374 | Q37: =+Q36-L37 -> 174802.49
C38: =DATE(YEAR(C37),MONTH(C37)+1,DAY(C37)) -> 44774 | D38: =D37+1 -> 10 | E38: =H37 -> 59021.318 | F38: =F37 -> -19730.2 | G38: =((E38+F38)*($F$16)) -> 112.80082 | H38: =SUM(E38:G38) -> 39403.919 | J38: =D38 -> 10 | K38: =M37 -> 58267.495 | L38: =-$M$22/$F$12 -> -19422.498 | M38: =K38+L38 -> 38844.997 | O38: =+O37+F38 -> -197302 | P38: =+P37+G38 -> 3635.9383 | Q38: =+Q37-L38 -> 194224.98
C39: =DATE(YEAR(C38),MONTH(C38)+1,DAY(C38)) -> 44805 | D39: =D38+1 -> 11 | E39: =H38 -> 39403.919 | F39: =F38 -> -19730.2 | G39: =((E39+F39)*($F$16)) -> 56.481254 | H39: =SUM(E39:G39) -> 19730.2 | J39: =D39 -> 11 | K39: =M38 -> 38844.997 | L39: =-$M$22/$F$12 -> -19422.498 | M39: =K39+L39 -> 19422.498 | O39: =+O38+F39 -> -217032.2 | P39: =+P38+G39 -> 3692.4195 | Q39: =+Q38-L39 -> 213647.48
C40: =DATE(YEAR(C39),MONTH(C39)+1,DAY(C39)) -> 44835 | D40: =D39+1 -> 12 | E40: =H39 -> 19730.2 | F40: =F39 -> -19730.2 | G40: =((E40+F40)*($F$16)) -> -5.0968031e-12 | H40: =SUM(E40:G40) -> -1.7804305e-09 | J40: =D40 -> 12 | K40: =M39 -> 19422.498 | L40: =-$M$22/$F$12 -> -19422.498 | M40: =K40+L40 -> -7.2759576e-11 | O40: =+O39+F40 -> -236762.4 | P40: =+P39+G40 -> 3692.4195 | Q40: =+Q39-L40 -> 233069.98
C41: =DATE(YEAR(C40),MONTH(C40)+1,DAY(C40)) -> 44866
C42: =DATE(YEAR(C41),MONTH(C41)+1,DAY(C41)) -> 44896
C43: =DATE(YEAR(C42),MONTH(C42)+1,DAY(C42)) -> 44927
C44: =DATE(YEAR(C43),MONTH(C43)+1,DAY(C43)) -> 44958
C45: =DATE(YEAR(C44),MONTH(C44)+1,DAY(C44)) -> 44986
C46: =DATE(YEAR(C45),MONTH(C45)+1,DAY(C45)) -> 45017
C47: =DATE(YEAR(C46),MONTH(C46)+1,DAY(C46)) -> 45047
C48: =DATE(YEAR(C47),MONTH(C47)+1,DAY(C47)) -> 45078
C49: =DATE(YEAR(C48),MONTH(C48)+1,DAY(C48)) -> 45108
C50: =DATE(YEAR(C49),MONTH(C49)+1,DAY(C49)) -> 45139
C51: =DATE(YEAR(C50),MONTH(C50)+1,DAY(C50)) -> 45170
C52: =DATE(YEAR(C51),MONTH(C51)+1,DAY(C51)) -> 45200
... C107: =DATE(YEAR(C106),MONTH(C106)+1,DAY(C106)) -> 46874
C110: check | E110: =SUM(F110:G110)+H22 -> -1.7753337e-09 | F110: =SUM(F29:F107) -> -236762.4 | G110: =SUM(G29:G107) -> 3692.4195
F112: As per audit
D113: Effect of adoption of SFRS(I) 16: | F113: Start of lease in 2021 | G113: 44561
F114: $ | G114: $
D115: Non-Current Assets
D116: Right-of-Use Assets | F116: =IF(YEAR(D10)<2021=TRUE,INDEX(K:K,MATCH(DATE(2021,1,DAY(D10)),C:C)),INDEX(K:K,MATCH(DATE(2021,MAX(1,MONTH(D10)),DAY(D10)),C:C))) -> 233069.98 | G116: =INDEX(M:M,MATCH(DATE(2021,12,DAY(D10)),C:C)) -> 194224.98
D118: Current Liabilities
D119: Lease Liabilities | F119: =IF(YEAR(D10)<2021=TRUE,SUM(INDIRECT("F"&MATCH(DATE(2021,1,DAY(D10)),C:C)):INDIRECT("G"&MATCH(DATE(2021,12,DAY(D10)),C:C))),SUM(INDIRECT("F"&MATCH(DATE(2021,MAX(1,MONTH(D10)),DAY(D10)),C:C)):INDIRECT("G"&MATCH(DATE(2021,12,DAY(D10)),C:C)))) -> -38290.331 | G119: =IFERROR(SUM(INDIRECT("F"&MATCH(DATE(2022,1,DAY(D10)),C:C)):INDIRECT("G"&MATCH(DATE(2022,1,DAY(D10)),C:C)+11)),VALUE("0")) -> -194779.65
D122: Non-Current Liabilities
D123: Lease Liabilities | F123: =SUM(G119,G123) -> -194779.65 | G123: =IFERROR(SUM(INDIRECT("F"&MATCH(DATE(2023,1,DAY(D10)),C:C)):G107),VALUE("0")) -> 0
D128: Contractual undiscounted cashflow
D129: within one financial year | G129: =IFERROR(SUM(INDIRECT("F"&MATCH(DATE(2022,1,DAY(D10)),C:C)):INDIRECT("F"&MATCH(DATE(2022,1,DAY(D10)),C:C)+11)),VALUE("0")) -> -197302
D130: between one and five financial year | G130: =IFERROR(SUM(INDIRECT("F"&MATCH(DATE(2023,1,DAY(D10)),C:C)):F107),VALUE("0")) -> 0

Sheet 5. City Sq
B1: Underlying asset: | C1: Lease
B2: Outlet: | C2: City Square Mall (CSM)
B5: Underlying asset:
B6: Payment mode: | C6: Monthly cash payments
B7: Monthly payment: | C7: $ | D7: =VLOOKUP($C$2,'Lease Summary'!D:H,5,FALSE) -> 9674.4
D9: FROM | E9: TO
B10: Lease period: | C10: Non cancelable period: | D10: =VLOOKUP($C$2,'Lease Summary'!D:H,3,FALSE) -> 44212 | E10: =VLOOKUP($C$2,'Lease Summary'!D:H,4,FALSE) -> 44576 | F10: =DATEDIF(D10,E10,"m")+1 -> 12 | G10: months
C11: Extended period: ^1 | E11: =VLOOKUP($C$2,'Lease Summary'!D:I,6,FALSE) -> No option to renew | F11: =IFERROR(DATEDIF(E10,E11,"m")+1,VALUE("0")) -> 0 | G11: months
C12: Total lease period: | F12: =SUM(F10:F11) -> 12 | G12: months
C13: Remaining period as at | D13: 44561 | F13: =DATEDIF(D13,MAX(E10,E11),"m")+1 -> 1 | G13: months
B15: Incremental borrowing rate | F15: 0.035 | G15: per annum
F16: =+(1+F15)^(1/12)-1 -> 0.0028708987 | G16: per month
F17: =F12/12 -> 1 | G17: years
C20: Lease liability | F20: $ | H20: $ | J20: Rights of use assets | M20: $
C22: PV of remaining fixed payments | F22: =D7 -> 9674.4 | G22: per month | H22: =-PV(F16,F12,F22,0,1) -> 114282.28 | J22: ROU | M22: =H22 -> 114282.28
D25: Lease liabilities amortisation table | J25: Rights of use assets amortisation table
D26: Period # | E26: Opening | F26: Payment | G26: Interest | H26: Closing | J26: Period # | K26: Opening | L26: Depreciation | M26: Closing | O26: Acc. Payment | P26: Acc. Interest | Q26: Acc. Depn
E27: $ | F27: $ | G27: $ | H27: $ | J27: $ | K27: $ | L27: $ | M27: $ | O27: $ | P27: $ | Q27: $
C29: =D10 -> 44212 | D29: 1 | E29: =H22 -> 114282.28 | F29: =-D7 -> -9674.4 | G29: =((E29+F29)*($F$16)) -> 300.31863 | H29: =SUM(E29:G29) -> 104908.2 | J29: =D29 -> 1 | K29: =M22 -> 114282.28 | L29: =-$M$22/$F$12 -> -9523.5232 | M29: =K29+L29 -> 104758.76 | O29: =+F29 -> -9674.4 | P29: =+G29 -> 300.31863 | Q29: =-L29 -> 9523.5232
C30: =DATE(YEAR(C29),MONTH(C29)+1,DAY(C29)) -> 44243 | D30: =D29+1 -> 2 | E30: =H29 -> 104908.2 | F30: =F29 -> -9674.4 | G30: =((E30+F30)*($F$16)) -> 273.40659 | H30: =SUM(E30:G30) -> 95507.204 | J30: =D30 -> 2 | K30: =M29 -> 104758.76 | L30: =-$M$22/$F$12 -> -9523.5232 | M30: =K30+L30 -> 95235.232 | O30: =+O29+F30 -> -19348.8 | P30: =+P29+G30 -> 573.72521 | Q30: =+Q29-L30 -> 19047.046
C31: =DATE(YEAR(C30),MONTH(C30)+1,DAY(C30)) -> 44271 | D31: =D30+1 -> 3 | E31: =H30 -> 95507.204 | F31: =F30 -> -9674.4 | G31: =((E31+F31)*($F$16)) -> 246.41729 | H31: =SUM(E31:G31) -> 86079.221 | J31: =D31 -> 3 | K31: =M30 -> 95235.232 | L31: =-$M$22/$F$12 -> -9523.5232 | M31: =K31+L31 -> 85711.709 | O31: =+O30+F31 -> -29023.2 | P31: =+P30+G31 -> 820.1425 | Q31: =+Q30-L31 -> 28570.57
C32: =DATE(YEAR(C31),MONTH(C31)+1,DAY(C31)) -> 44302 | D32: =D31+1 -> 4 | E32: =H31 -> 86079.221 | F32: =F31 -> -9674.4 | G32: =((E32+F32)*($F$16)) -> 219.3505 | H32: =SUM(E32:G32) -> 76624.172 | J32: =D32 -> 4 | K32: =M31 -> 85711.709 | L32: =-$M$22/$F$12 -> -9523.5232 | M32: =K32+L32 -> 76188.186 | O32: =+O31+F32 -> -38697.6 | P32: =+P31+G32 -> 1039.493 | Q32: =+Q31-L32 -> 38094.093
C33: =DATE(YEAR(C32),MONTH(C32)+1,DAY(C32)) -> 44332 | D33: =D32+1 -> 5 | E33: =H32 -> 76624.172 | F33: =F32 -> -9674.4 | G33: =((E33+F33)*($F$16)) -> 192.20601 | H33: =SUM(E33:G33) -> 67141.978 | J33: =D33 -> 5 | K33: =M32 -> 76188.186 | L33: =-$M$22/$F$12 -> -9523.5232 | M33: =K33+L33 -> 66664.663 | O33: =+O32+F33 -> -48372 | P33: =+P32+G33 -> 1231.699 | Q33: =+Q32-L33 -> 47617.616
C34: =DATE(YEAR(C33),MONTH(C33)+1,DAY(C33)) -> 44363 | D34: =D33+1 -> 6 | E34: =H33 -> 67141.978 | F34: =F33 -> -9674.4 | G34: =((E34+F34)*($F$16)) -> 164.9836 | H34: =SUM(E34:G34) -> 57632.562 | J34: =D34 -> 6 | K34: =M33 -> 66664.663 | L34: =-$M$22/$F$12 -> -9523.5232 | M34: =K34+L34 -> 57141.139 | O34: =+O33+F34 -> -58046.4 | P34: =+P33+G34 -> 1396.6826 | Q34: =+Q33-L34 -> 57141.139
C35: =DATE(YEAR(C34),MONTH(C34)+1,DAY(C34)) -> 44393 | D35: =D34+1 -> 7 | E35: =H34 -> 57632.562 | F35: =F34 -> -9674.4 | G35: =((E35+F35)*($F$16)) -> 137.68302 | H35: =SUM(E35:G35) -> 48095.845 | J35: =D35 -> 7 | K35: =M34 -> 57141.139 | L35: =-$M$22/$F$12 -> -9523.5232 | M35: =K35+L35 -> 47617.616 | O35: =+O34+F35 -> -67720.8 | P35: =+P34+G35 -> 1534.3656 | Q35: =+Q34-L35 -> 66664.663
C36: =DATE(YEAR(C35),MONTH(C35)+1,DAY(C35)) -> 44424 | D36: =D35+1 -> 8 | E36: =H35 -> 48095.845 | F36: =F35 -> -9674.4 | G36: =((E36+F36)*($F$16)) -> 110.30408 | H36: =SUM(E36:G36) -> 38531.749 | J36: =D36 -> 8 | K36: =M35 -> 47617.616 | L36: =-$M$22/$F$12 -> -9523.5232 | M36: =K36+L36 -> 38094.093 | O36: =+O35+F36 -> -77395.2 | P36: =+P35+G36 -> 1644.6697 | Q36: =+Q35-L36 -> 76188.186
C37: =DATE(YEAR(C36),MONTH(C36)+1,DAY(C36)) -> 44455 | D37: =D36+1 -> 9 | E37: =H36 -> 38531.749 | F37: =F36 -> -9674.4 | G37: =((E37+F37)*($F$16)) -> 82.846525 | H37: =SUM(E37:G37) -> 28940.195 | J37: =D37 -> 9 | K37: =M36 -> 38094.093 | L37: =-$M$22/$F$12 -> -9523.5232 | M37: =K37+L37 -> 28570.57 | O37: =+O36+F37 -> -87069.6 | P37: =+P36+G37 -> 1727.5162 | Q37: =+Q36-L37 -> 85711.709
C38: =DATE(YEAR(C37),MONTH(C37)+1,DAY(C37)) -> 44485 | D38: =D37+1 -> 10 | E38: =H37 -> 28940.195 | F38: =F37 -> -9674.4 | G38: =((E38+F38)*($F$16)) -> 55.310147 | H38: =SUM(E38:G38) -> 19321.105 | J38: =D38 -> 10 | K38: =M37 -> 28570.57 | L38: =-$M$22/$F$12 -> -9523.5232 | M38: =K38+L38 -> 19047.046 | O38: =+O37+F38 -> -96744 | P38: =+P37+G38 -> 1782.8264 | Q38: =+Q37-L38 -> 95235.232
C39: =DATE(YEAR(C38),MONTH(C38)+1,DAY(C38)) -> 44516 | D39: =D38+1 -> 11 | E39: =H38 -> 19321.105 | F39: =F38 -> -9674.4 | G39: =((E39+F39)*($F$16)) -> 27.694714 | H39: =SUM(E39:G39) -> 9674.4 | J39: =D39 -> 11 | K39: =M38 -> 19047.046 | L39: =-$M$22/$F$12 -> -9523.5232 | M39: =K39+L39 -> 9523.5232 | O39: =+O38+F39 -> -106418.4 | P39: =+P38+G39 -> 1810.5211 | Q39: =+Q38-L39 -> 104758.76
C40: =DATE(YEAR(C39),MONTH(C39)+1,DAY(C39)) -> 44546 | D40: =D39+1 -> 12 | E40: =H39 -> 9674.4 | F40: =F39 -> -9674.4 | G40: =((E40+F40)*($F$16)) -> -2.3656269e-12 | H40: =SUM(E40:G40) -> -8.2636783e-10 | J40: =D40 -> 12 | K40: =M39 -> 9523.5232 | L40: =-$M$22/$F$12 -> -9523.5232 | M40: =K40+L40 -> 0 | O40: =+O39+F40 -> -116092.8 | P40: =+P39+G40 -> 1810.5211 | Q40: =+Q39-L40 -> 114282.28
C41: =DATE(YEAR(C40),MONTH(C40)+1,DAY(C40)) -> 44577
C42: =DATE(YEAR(C41),MONTH(C41)+1,DAY(C41)) -> 44608
C43: =DATE(YEAR(C42),MONTH(C42)+1,DAY(C42)) -> 44636
C44: =DATE(YEAR(C43),MONTH(C43)+1,DAY(C43)) -> 44667
C45: =DATE(YEAR(C44),MONTH(C44)+1,DAY(C44)) -> 44697
C46: =DATE(YEAR(C45),MONTH(C45)+1,DAY(C45)) -> 44728
C47: =DATE(YEAR(C46),MONTH(C46)+1,DAY(C46)) -> 44758
C48: =DATE(YEAR(C47),MONTH(C47)+1,DAY(C47)) -> 44789
C49: =DATE(YEAR(C48),MONTH(C48)+1,DAY(C48)) -> 44820
C50: =DATE(YEAR(C49),MONTH(C49)+1,DAY(C49)) -> 44850
C51: =DATE(YEAR(C50),MONTH(C50)+1,DAY(C50)) -> 44881
C52: =DATE(YEAR(C51),MONTH(C51)+1,DAY(C51)) -> 44911
... C107: =DATE(YEAR(C106),MONTH(C106)+1,DAY(C106)) -> 46584
C110: check | E110: =SUM(F110:G110)+H22 -> -8.1490725e-10 | F110: =SUM(F29:F107) -> -116092.8 | G110: =SUM(G29:G107) -> 1810.5211
F112: As per audit
D113: Effect of adoption of SFRS(I) 16: | F113: Start of lease in 2021 | G113: 44561
F114: $ | G114: $
D115: Non-Current Assets
D116: Right-of-Use Assets | F116: =IF(YEAR(D10)<2021=TRUE,INDEX(K:K,MATCH(DATE(2021,1,DAY(D10)),C:C)),INDEX(K:K,MATCH(DATE(2021,MAX(1,MONTH(D10)),DAY(D10)),C:C))) -> 114282.28 | G116: =INDEX(M:M,MATCH(DATE(2021,12,DAY(D10)),C:C)) -> 0
D118: Current Liabilities
D119: Lease Liabilities | F119: =IF(YEAR(D10)<2021=TRUE,SUM(INDIRECT("F"&MATCH(DATE(2021,1,DAY(D10)),C:C)):INDIRECT("G"&MATCH(DATE(2021,12,DAY(D10)),C:C))),SUM(INDIRECT("F"&MATCH(DATE(2021,MAX(1,MONTH(D10)),DAY(D10)),C:C)):INDIRECT("G"&MATCH(DATE(2021,12,DAY(D10)),C:C)))) -> -114282.28 | G119: =IFERROR(SUM(INDIRECT("F"&MATCH(DATE(2022,1,DAY(D10)),C:C)):INDIRECT("G"&MATCH(DATE(2022,1,DAY(D10)),C:C)+11)),VALUE("0")) -> 0
D122: Non-Current Liabilities
D123: Lease Liabilities | F123: =SUM(G119,G123) -> 0 | G123: =IFERROR(SUM(INDIRECT("F"&MATCH(DATE(2023,1,DAY(D10)),C:C)):G107),VALUE("0")) -> 0
D128: Contractual undiscounted cashflow
D129: within one financial year | G129: =IFERROR(SUM(INDIRECT("F"&MATCH(DATE(2022,1,DAY(D10)),C:C)):INDIRECT("F"&MATCH(DATE(2022,1,DAY(D10)),C:C)+11)),VALUE("0")) -> 0
D130: between one and five financial year | G130: =IFERROR(SUM(INDIRECT("F"&MATCH(DATE(2023,1,DAY(D10)),C:C)):F107),VALUE("0")) -> 0

Sheet 8. JEM
B1: Underlying asset: | C1: Lease
B2: Outlet: | C2: JEM (JEM)
B5: Underlying asset:
B6: Payment mode: | C6: Monthly cash payments
B7: Monthly payment: | C7: $ | D7: =VLOOKUP($C$2,'Lease Summary'!D:H,5,FALSE) -> 27478.49
D9: FROM | E9: TO
B10: Lease period: | C10: Non cancelable period: | D10: =VLOOKUP($C$2,'Lease Summary'!D:H,3,FALSE) -> 43631 | E10: =VLOOKUP($C$2,'Lease Summary'!D:H,4,FALSE) -> 44726 | F10: =DATEDIF(D10,E10,"m")+1 -> 36 | G10: months
C11: Extended period: ^1 | E11: =VLOOKUP($C$2,'Lease Summary'!D:I,6,FALSE) -> Option stated but with no amount | F11: =IFERROR(DATEDIF(E10,E11,"m")+1,VALUE("0")) -> 0 | G11: months
C12: Total lease period: | F12: =SUM(F10:F11) -> 36 | G12: months
C13: Remaining period as at | D13: 44561 | F13: =DATEDIF(D13,MAX(E10,E11),"m")+1 -> 6 | G13: months
B15: Incremental borrowing rate | F15: 0.035 | G15: per annum
F16: =+(1+F15)^(1/12)-1 -> 0.0028708987 | G16: per month
F17: =F12/12 -> 3 | G17: years
C20: Lease liability | F20: $ | H20: $ | J20: Rights of use assets | M20: $
C22: PV of remaining fixed payments | F22: =D7 -> 27478.49 | G22: per month | H22: =-PV(F16,F12,F22,0,1) -> 941239.03 | J22: ROU | M22: =H22 -> 941239.03
D25: Lease liabilities amortisation table | J25: Rights of use assets amortisation table
D26: Period # | E26: Opening | F26: Payment | G26: Interest | H26: Closing | J26: Period # | K26: Opening | L26: Depreciation | M26: Closing | O26: Acc. Payment | P26: Acc. Interest | Q26: Acc. Depn
E27: $ | F27: $ | G27: $ | H27: $ | J27: $ | K27: $ | L27: $ | M27: $ | O27: $ | P27: $ | Q27: $
C29: =D10 -> 43631 | D29: 1 | E29: =H22 -> 941239.03 | F29: =-D7 -> -27478.49 | G29: =((E29+F29)*($F$16)) -> 2623.314 | H29: =SUM(E29:G29) -> 916383.85 | J29: =D29 -> 1 | K29: =M22 -> 941239.03 | L29: =-$M$22/$F$12 -> -26145.529 | M29: =K29+L29 -> 915093.5 | O29: =+F29 -> -27478.49 | P29: =+G29 -> 2623.314 | Q29: =-L29 -> 26145.529
C30: =DATE(YEAR(C29),MONTH(C29)+1,DAY(C29)) -> 43661 | D30: =D29+1 -> 2 | E30: =H29 -> 916383.85 | F30: =F29 -> -27478.49 | G30: =((E30+F30)*($F$16)) -> 2551.9573 | H30: =SUM(E30:G30) -> 891457.32 | J30: =D30 -> 2 | K30: =M29 -> 915093.5 | L30: =-$M$22/$F$12 -> -26145.529 | M30: =K30+L30 -> 888947.97 | O30: =+O29+F30 -> -54956.98 | P30: =+P29+G30 -> 5175.2712 | Q30: =+Q29-L30 -> 52291.057
C31: =DATE(YEAR(C30),MONTH(C30)+1,DAY(C30)) -> 43692 | D31: =D30+1 -> 3 | E31: =H30 -> 891457.32 | F31: =F30 -> -27478.49 | G31: =((E31+F31)*($F$16)) -> 2480.3957 | H31: =SUM(E31:G31) -> 866459.23 | J31: =D31 -> 3 | K31: =M30 -> 888947.97 | L31: =-$M$22/$F$12 -> -26145.529 | M31: =K31+L31 -> 862802.44 | O31: =+O30+F31 -> -82435.47 | P31: =+P30+G31 -> 7655.6669 | Q31: =+Q30-L31 -> 78436.586
C32: =DATE(YEAR(C31),MONTH(C31)+1,DAY(C31)) -> 43723 | D32: =D31+1 -> 4 | E32: =H31 -> 866459.23 | F32: =F31 -> -27478.49 | G32: =((E32+F32)*($F$16)) -> 2408.6287 | H32: =SUM(E32:G32) -> 841389.36 | J32: =D32 -> 4 | K32: =M31 -> 862802.44 | L32: =-$M$22/$F$12 -> -26145.529 | M32: =K32+L32 -> 836656.91 | O32: =+O31+F32 -> -109913.96 | P32: =+P31+G32 -> 10064.296 | Q32: =+Q31-L32 -> 104582.11
C33: =DATE(YEAR(C32),MONTH(C32)+1,DAY(C32)) -> 43753 | D33: =D32+1 -> 5 | E33: =H32 -> 841389.36 | F33: =F32 -> -27478.49 | G33: =((E33+F33)*($F$16)) -> 2336.6557 | H33: =SUM(E33:G33) -> 816247.53 | J33: =D33 -> 5 | K33: =M32 -> 836656.91 | L33: =-$M$22/$F$12 -> -26145.529 | M33: =K33+L33 -> 810511.39 | O33: =+O32+F33 -> -137392.45 | P33: =+P32+G33 -> 12400.951 | Q33: =+Q32-L33 -> 130727.64
C34: =DATE(YEAR(C33),MONTH(C33)+1,DAY(C33)) -> 43784 | D34: =D33+1 -> 6 | E34: =H33 -> 816247.53 | F34: =F33 -> -27478.49 | G34: =((E34+F34)*($F$16)) -> 2264.476 | H34: =SUM(E34:G34) -> 791033.52 | J34: =D34 -> 6 | K34: =M33 -> 810511.39 | L34: =-$M$22/$F$12 -> -26145.529 | M34: =K34+L34 -> 784365.86 | O34: =+O33+F34 -> -164870.94 | P34: =+P33+G34 -> 14665.427 | Q34: =+Q33-L34 -> 156873.17
C35: =DATE(YEAR(C34),MONTH(C34)+1,DAY(C34)) -> 43814 | D35: =D34+1 -> 7 | E35: =H34 -> 791033.52 | F35: =F34 -> -27478.49 | G35: =((E35+F35)*($F$16)) -> 2192.0891 | H35: =SUM(E35:G35) -> 765747.12 | J35: =D35 -> 7 | K35: =M34 -> 784365.86 | L35: =-$M$22/$F$12 -> -26145.529 | M35: =K35+L35 -> 758220.33 | O35: =+O34+F35 -> -192349.43 | P35: =+P34+G35 -> 16857.517 | Q35: =+Q34-L35 -> 183018.7
C36: =DATE(YEAR(C35),MONTH(C35)+1,DAY(C35)) -> 43845 | D36: =D35+1 -> 8 | E36: =H35 -> 765747.12 | F36: =F35 -> -27478.49 | G36: =((E36+F36)*($F$16)) -> 2119.4945 | H36: =SUM(E36:G36) -> 740388.12 | J36: =D36 -> 8 | K36: =M35 -> 758220.33 | L36: =-$M$22/$F$12 -> -26145.529 | M36: =K36+L36 -> 732074.8 | O36: =+O35+F36 -> -219827.92 | P36: =+P35+G36 -> 18977.011 | Q36: =+Q35-L36 -> 209164.23
C37: =DATE(YEAR(C36),MONTH(C36)+1,DAY(C36)) -> 43876 | D37: =D36+1 -> 9 | E37: =H36 -> 740388.12 | F37: =F36 -> -27478.49 | G37: =((E37+F37)*($F$16)) -> 2046.6913 | H37: =SUM(E37:G37) -> 714956.32 | J37: =D37 -> 9 | K37: =M36 -> 732074.8 | L37: =-$M$22/$F$12 -> -26145.529 | M37: =K37+L37 -> 705929.27 | O37: =+O36+F37 -> -247306.41 | P37: =+P36+G37 -> 21023.702 | Q37: =+Q36-L37 -> 235309.76
C38: =DATE(YEAR(C37),MONTH(C37)+1,DAY(C37)) -> 43905 | D38: =D37+1 -> 10 | E38: =H37 -> 714956.32 | F38: =F37 -> -27478.49 | G38: =((E38+F38)*($F$16)) -> 1973.6792 | H38: =SUM(E38:G38) -> 689451.51 | J38: =D38 -> 10 | K38: =M37 -> 705929.27 | L38: =-$M$22/$F$12 -> -26145.529 | M38: =K38+L38 -> 679783.74 | O38: =+O37+F38 -> -274784.9 | P38: =+P37+G38 -> 22997.382 | Q38: =+Q37-L38 -> 261455.29
C39: =DATE(YEAR(C38),MONTH(C38)+1,DAY(C38)) -> 43936 | D39: =D38+1 -> 11 | E39: =H38 -> 689451.51 | F39: =F38 -> -27478.49 | G39: =((E39+F39)*($F$16)) -> 1900.4575 | H39: =SUM(E39:G39) -> 663873.48 | J39: =D39 -> 11 | K39: =M38 -> 679783.74 | L39: =-$M$22/$F$12 -> -26145.529 | M39: =K39+L39 -> 653638.21 | O39: =+O38+F39 -> -302263.39 | P39: =+P38+G39 -> 24897.839 | Q39: =+Q38-L39 -> 287600.81
C40: =DATE(YEAR(C39),MONTH(C39)+1,DAY(C39)) -> 43966 | D40: =D39+1 -> 12 | E40: =H39 -> 663873.48 | F40: =F39 -> -27478.49 | G40: =((E40+F40)*($F$16)) -> 1827.0256 | H40: =SUM(E40:G40) -> 638222.01 | J40: =D40 -> 12 | K40: =M39 -> 653638.21 | L40: =-$M$22/$F$12 -> -26145.529 | M40: =K40+L40 -> 627492.69 | O40: =+O39+F40 -> -329741.88 | P40: =+P39+G40 -> 26724.865 | Q40: =+Q39-L40 -> 313746.34
C41: =DATE(YEAR(C40),MONTH(C40)+1,DAY(C40)) -> 43997 | D41: =D40+1 -> 13 | E41: =H40 -> 638222.01 | F41: =F40 -> -27478.49 | G41: =((E41+F41)*($F$16)) -> 1753.3828 | H41: =SUM(E41:G41) -> 612496.91 | J41: =D41 -> 13 | K41: =M40 -> 627492.69 | L41: =-$M$22/$F$12 -> -26145.529 | M41: =K41+L41 -> 601347.16 | O41: =+O40+F41 -> -357220.37 | P41: =+P40+G41 -> 28478.247 | Q41: =+Q40-L41 -> 339891.87
... C64: =DATE(YEAR(C63),MONTH(C63)+1,DAY(C63)) -> 44696 | D64: =D63+1 -> 36 | E64: =H63 -> 27478.49 | F64: =F63 -> -27478.49 | G64: =((E64+F64)*($F$16)) -> -2.5630235e-11 | H64: =SUM(E64:G64) -> -8.9532302e-09 | J64: =D64 -> 36 | K64: =M63 -> 26145.529 | L64: =-$M$22/$F$12 -> -26145.529 | M64: =K64+L64 -> 3.783498e-10 | O64: =+O63+F64 -> -989225.64 | P64: =+P63+G64 -> 47986.611 | Q64: =+Q63-L64 -> 941239.03
C65: =DATE(YEAR(C64),MONTH(C64)+1,DAY(C64)) -> 44727
C66: =DATE(YEAR(C65),MONTH(C65)+1,DAY(C65)) -> 44757
C67: =DATE(YEAR(C66),MONTH(C66)+1,DAY(C66)) -> 44788
C68: =DATE(YEAR(C67),MONTH(C67)+1,DAY(C67)) -> 44819
C69: =DATE(YEAR(C68),MONTH(C68)+1,DAY(C68)) -> 44849
C70: =DATE(YEAR(C69),MONTH(C69)+1,DAY(C69)) -> 44880
C71: =DATE(YEAR(C70),MONTH(C70)+1,DAY(C70)) -> 44910
C72: =DATE(YEAR(C71),MONTH(C71)+1,DAY(C71)) -> 44941
C73: =DATE(YEAR(C72),MONTH(C72)+1,DAY(C72)) -> 44972
C74: =DATE(YEAR(C73),MONTH(C73)+1,DAY(C73)) -> 45000
C75: =DATE(YEAR(C74),MONTH(C74)+1,DAY(C74)) -> 45031
C76: =DATE(YEAR(C75),MONTH(C75)+1,DAY(C75)) -> 45061
... C107: =DATE(YEAR(C106),MONTH(C106)+1,DAY(C106)) -> 46006
C110: check | E110: =SUM(F110:G110)+H22 -> -8.8475645e-09 | F110: =SUM(F29:F107) -> -989225.64 | G110: =SUM(G29:G107) -> 47986.611
F112: As per audit
D113: Effect of adoption of SFRS(I) 16: | F113: Start of lease in 2021 | G113: 44561
F114: $ | G114: $
D115: Non-Current Assets
D116: Right-of-Use Assets | F116: =IF(YEAR(D10)<2021=TRUE,INDEX(K:K,MATCH(DATE(2021,1,DAY(D10)),C:C)),INDEX(K:K,MATCH(DATE(2021,MAX(1,MONTH(D10)),DAY(D10)),C:C))) -> 444473.99 | G116: =INDEX(M:M,MATCH(DATE(2021,12,DAY(D10)),C:C)) -> 130727.64
D118: Current Liabilities
D119: Lease Liabilities | F119: =IF(YEAR(D10)<2021=TRUE,SUM(INDIRECT("F"&MATCH(DATE(2021,1,DAY(D10)),C:C)):INDIRECT("G"&MATCH(DATE(2021,12,DAY(D10)),C:C))),SUM(INDIRECT("F"&MATCH(DATE(2021,MAX(1,MONTH(D10)),DAY(D10)),C:C)):INDIRECT("G"&MATCH(DATE(2021,12,DAY(D10)),C:C)))) -> -319979.81 | G119: =IFERROR(SUM(INDIRECT("F"&MATCH(DATE(2022,1,DAY(D10)),C:C)):INDIRECT("G"&MATCH(DATE(2022,1,DAY(D10)),C:C)+11)),VALUE("0")) -> -136608.08
D122: Non-Current Liabilities
D123: Lease Liabilities | F123: =SUM(G119,G123) -> -136608.08 | G123: =IFERROR(SUM(INDIRECT("F"&MATCH(DATE(2023,1,DAY(D10)),C:C)):G107),VALUE("0")) -> 0
D128: Contractual undiscounted cashflow
D129: within one financial year | G129: =IFERROR(SUM(INDIRECT("F"&MATCH(DATE(2022,1,DAY(D10)),C:C)):INDIRECT("F"&MATCH(DATE(2022,1,DAY(D10)),C:C)+11)),VALUE("0")) -> -137392.45
D130: between one and five financial year | G130: =IFERROR(SUM(INDIRECT("F"&MATCH(DATE(2023,1,DAY(D10)),C:C)):F107),VALUE("0")) -> 0

Sheet 9. PBJ
B1: Underlying asset: | C1: Lease
B2: Outlet: | C2: Parco Bugis Junction (PBJ)
B5: Underlying asset:
B6: Payment mode: | C6: Monthly cash payments
B7: Monthly payment: | C7: $ | D7: =VLOOKUP($C$2,'Lease Summary'!D:H,5,FALSE) -> 34584.43
D9: FROM | E9: TO
B10: Lease period: | C10: Non cancelable period: | D10: =VLOOKUP($C$2,'Lease Summary'!D:H,3,FALSE) -> 43678 | E10: =VLOOKUP($C$2,'Lease Summary'!D:H,4,FALSE) -> 44773 | F10: =DATEDIF(D10,E10,"m")+1 -> 36 | G10: months
C11: Extended period: ^1 | E11: =VLOOKUP($C$2,'Lease Summary'!D:I,6,FALSE) -> Option stated but with no amount | F11: =IFERROR(DATEDIF(E10,E11,"m")+1,VALUE("0")) -> 0 | G11: months
C12: Total lease period: | F12: =SUM(F10:F11) -> 36 | G12: months
C13: Remaining period as at | D13: 44561 | F13: =DATEDIF(D13,MAX(E10,E11),"m")+1 -> 8 | G13: months
B15: Incremental borrowing rate | F15: 0.035 | G15: per annum
F16: =+(1+F15)^(1/12)-1 -> 0.0028708987 | G16: per month
F17: =F12/12 -> 3 | G17: years
C20: Lease liability | F20: $ | H20: $ | J20: Rights of use assets | M20: $
C22: PV of remaining fixed payments | F22: =D7 -> 34584.43 | G22: per month | H22: =-PV(F16,F12,F22,0,1) -> 1184643.5 | J22: ROU | M22: =H22 -> 1184643.5
D25: Lease liabilities amortisation table | J25: Rights of use assets amortisation table
D26: Period # | E26: Opening | F26: Payment | G26: Interest | H26: Closing | J26: Period # | K26: Opening | L26: Depreciation | M26: Closing | O26: Acc. Payment | P26: Acc. Interest | Q26: Acc. Depn
E27: $ | F27: $ | G27: $ | H27: $ | J27: $ | K27: $ | L27: $ | M27: $ | O27: $ | P27: $ | Q27: $
C29: =D10 -> 43678 | D29: 1 | E29: =H22 -> 1184643.5 | F29: =-D7 -> -34584.43 | G29: =((E29+F29)*($F$16)) -> 3301.7032 | H29: =SUM(E29:G29) -> 1153360.8 | J29: =D29 -> 1 | K29: =M22 -> 1184643.5 | L29: =-$M$22/$F$12 -> -32906.765 | M29: =K29+L29 -> 1151736.8 | O29: =+F29 -> -34584.43 | P29: =+G29 -> 3301.7032 | Q29: =-L29 -> 32906.765
C30: =DATE(YEAR(C29),MONTH(C29)+1,DAY(C29)) -> 43709 | D30: =D29+1 -> 2 | E30: =H29 -> 1153360.8 | F30: =F29 -> -34584.43 | G30: =((E30+F30)*($F$16)) -> 3211.8936 | H30: =SUM(E30:G30) -> 1121988.3 | J30: =D30 -> 2 | K30: =M29 -> 1151736.8 | L30: =-$M$22/$F$12 -> -32906.765 | M30: =K30+L30 -> 1118830 | O30: =+O29+F30 -> -69168.86 | P30: =+P29+G30 -> 6513.5968 | Q30: =+Q29-L30 -> 65813.529
C31: =DATE(YEAR(C30),MONTH(C30)+1,DAY(C30)) -> 43739 | D31: =D30+1 -> 3 | E31: =H30 -> 1121988.3 | F31: =F30 -> -34584.43 | G31: =((E31+F31)*($F$16)) -> 3121.8263 | H31: =SUM(E31:G31) -> 1090525.7 | J31: =D31 -> 3 | K31: =M30 -> 1118830 | L31: =-$M$22/$F$12 -> -32906.765 | M31: =K31+L31 -> 1085923.2 | O31: =+O30+F31 -> -103753.29 | P31: =+P30+G31 -> 9635.4231 | Q31: =+Q30-L31 -> 98720.294
C32: =DATE(YEAR(C31),MONTH(C31)+1,DAY(C31)) -> 43770 | D32: =D31+1 -> 4 | E32: =H31 -> 1090525.7 | F32: =F31 -> -34584.43 | G32: =((E32+F32)*($F$16)) -> 3031.5003 | H32: =SUM(E32:G32) -> 1058972.7 | J32: =D32 -> 4 | K32: =M31 -> 1085923.2 | L32: =-$M$22/$F$12 -> -32906.765 | M32: =K32+L32 -> 1053016.5 | O32: =+O31+F32 -> -138337.72 | P32: =+P31+G32 -> 12666.923 | Q32: =+Q31-L32 -> 131627.06
C33: =DATE(YEAR(C32),MONTH(C32)+1,DAY(C32)) -> 43800 | D33: =D32+1 -> 5 | E33: =H32 -> 1058972.7 | F33: =F32 -> -34584.43 | G33: =((E33+F33)*($F$16)) -> 2940.9151 | H33: =SUM(E33:G33) -> 1027329.2 | J33: =D33 -> 5 | K33: =M32 -> 1053016.5 | L33: =-$M$22/$F$12 -> -32906.765 | M33: =K33+L33 -> 1020109.7 | O33: =+O32+F33 -> -172922.15 | P33: =+P32+G33 -> 15607.838 | Q33: =+Q32-L33 -> 164533.82
C34: =DATE(YEAR(C33),MONTH(C33)+1,DAY(C33)) -> 43831 | D34: =D33+1 -> 6 | E34: =H33 -> 1027329.2 | F34: =F33 -> -34584.43 | G34: =((E34+F34)*($F$16)) -> 2850.0697 | H34: =SUM(E34:G34) -> 995594.85 | J34: =D34 -> 6 | K34: =M33 -> 1020109.7 | L34: =-$M$22/$F$12 -> -32906.765 | M34: =K34+L34 -> 987202.94 | O34: =+O33+F34 -> -207506.58 | P34: =+P33+G34 -> 18457.908 | Q34: =+Q33-L34 -> 197440.59
C35: =DATE(YEAR(C34),MONTH(C34)+1,DAY(C34)) -> 43862 | D35: =D34+1 -> 7 | E35: =H34 -> 995594.85 | F35: =F34 -> -34584.43 | G35: =((E35+F35)*($F$16)) -> 2758.9636 | H35: =SUM(E35:G35) -> 963769.39 | J35: =D35 -> 7 | K35: =M34 -> 987202.94 | L35: =-$M$22/$F$12 -> -32906.765 | M35: =K35+L35 -> 954296.17 | O35: =+O34+F35 -> -242091.01 | P35: =+P34+G35 -> 21216.872 | Q35: =+Q34-L35 -> 230347.35
C36: =DATE(YEAR(C35),MONTH(C35)+1,DAY(C35)) -> 43891 | D36: =D35+1 -> 8 | E36: =H35 -> 963769.39 | F36: =F35 -> -34584.43 | G36: =((E36+F36)*($F$16)) -> 2667.5959 | H36: =SUM(E36:G36) -> 931852.55 | J36: =D36 -> 8 | K36: =M35 -> 954296.17 | L36: =-$M$22/$F$12 -> -32906.765 | M36: =K36+L36 -> 921389.41 | O36: =+O35+F36 -> -276675.44 | P36: =+P35+G36 -> 23884.468 | Q36: =+Q35-L36 -> 263254.12
C37: =DATE(YEAR(C36),MONTH(C36)+1,DAY(C36)) -> 43922 | D37: =D36+1 -> 9 | E37: =H36 -> 931852.55 | F37: =F36 -> -34584.43 | G37: =((E37+F37)*($F$16)) -> 2575.9659 | H37: =SUM(E37:G37) -> 899844.09 | J37: =D37 -> 9 | K37: =M36 -> 921389.41 | L37: =-$M$22/$F$12 -> -32906.765 | M37: =K37+L37 -> 888482.64 | O37: =+O36+F37 -> -311259.87 | P37: =+P36+G37 -> 26460.434 | Q37: =+Q36-L37 -> 296160.88
C38: =DATE(YEAR(C37),MONTH(C37)+1,DAY(C37)) -> 43952 | D38: =D37+1 -> 10 | E38: =H37 -> 899844.09 | F38: =F37 -> -34584.43 | G38: =((E38+F38)*($F$16)) -> 2484.0729 | H38: =SUM(E38:G38) -> 867743.73 | J38: =D38 -> 10 | K38: =M37 -> 888482.64 | L38: =-$M$22/$F$12 -> -32906.765 | M38: =K38+L38 -> 855575.88 | O38: =+O37+F38 -> -345844.3 | P38: =+P37+G38 -> 28944.506 | Q38: =+Q37-L38 -> 329067.65
C39: =DATE(YEAR(C38),MONTH(C38)+1,DAY(C38)) -> 43983 | D39: =D38+1 -> 11 | E39: =H38 -> 867743.73 | F39: =F38 -> -34584.43 | G39: =((E39+F39)*($F$16)) -> 2391.916 | H39: =SUM(E39:G39) -> 835551.22 | J39: =D39 -> 11 | K39: =M38 -> 855575.88 | L39: =-$M$22/$F$12 -> -32906.765 | M39: =K39+L39 -> 822669.12 | O39: =+O38+F39 -> -380428.73 | P39: =+P38+G39 -> 31336.422 | Q39: =+Q38-L39 -> 361974.41
C40: =DATE(YEAR(C39),MONTH(C39)+1,DAY(C39)) -> 44013 | D40: =D39+1 -> 12 | E40: =H39 -> 835551.22 | F40: =F39 -> -34584.43 | G40: =((E40+F40)*($F$16)) -> 2299.4945 | H40: =SUM(E40:G40) -> 803266.28 | J40: =D40 -> 12 | K40: =M39 -> 822669.12 | L40: =-$M$22/$F$12 -> -32906.765 | M40: =K40+L40 -> 789762.35 | O40: =+O39+F40 -> -415013.16 | P40: =+P39+G40 -> 33635.917 | Q40: =+Q39-L40 -> 394881.18
C41: =DATE(YEAR(C40),MONTH(C40)+1,DAY(C40)) -> 44044 | D41: =D40+1 -> 13 | E41: =H40 -> 803266.28 | F41: =F40 -> -34584.43 | G41: =((E41+F41)*($F$16)) -> 2206.8077 | H41: =SUM(E41:G41) -> 770888.66 | J41: =D41 -> 13 | K41: =M40 -> 789762.35 | L41: =-$M$22/$F$12 -> -32906.765 | M41: =K41+L41 -> 756855.59 | O41: =+O40+F41 -> -449597.59 | P41: =+P40+G41 -> 35842.725 | Q41: =+Q40-L41 -> 427787.94
... C64: =DATE(YEAR(C63),MONTH(C63)+1,DAY(C63)) -> 44743 | D64: =D63+1 -> 36 | E64: =H63 -> 34584.43 | F64: =F63 -> -34584.43 | G64: =((E64+F64)*($F$16)) -> -3.4382533e-11 | H64: =SUM(E64:G64) -> -1.2010609e-08 | J64: =D64 -> 36 | K64: =M63 -> 32906.765 | L64: =-$M$22/$F$12 -> -32906.765 | M64: =K64+L64 -> -6.9849193e-10 | O64: =+O63+F64 -> -1245039.5 | P64: =+P63+G64 -> 60395.953 | Q64: =+Q63-L64 -> 1184643.5
C65: =DATE(YEAR(C64),MONTH(C64)+1,DAY(C64)) -> 44774
C66: =DATE(YEAR(C65),MONTH(C65)+1,DAY(C65)) -> 44805
C67: =DATE(YEAR(C66),MONTH(C66)+1,DAY(C66)) -> 44835
C68: =DATE(YEAR(C67),MONTH(C67)+1,DAY(C67)) -> 44866
C69: =DATE(YEAR(C68),MONTH(C68)+1,DAY(C68)) -> 44896
C70: =DATE(YEAR(C69),MONTH(C69)+1,DAY(C69)) -> 44927
C71: =DATE(YEAR(C70),MONTH(C70)+1,DAY(C70)) -> 44958
C72: =DATE(YEAR(C71),MONTH(C71)+1,DAY(C71)) -> 44986
C73: =DATE(YEAR(C72),MONTH(C72)+1,DAY(C72)) -> 45017
C74: =DATE(YEAR(C73),MONTH(C73)+1,DAY(C73)) -> 45047
C75: =DATE(YEAR(C74),MONTH(C74)+1,DAY(C74)) -> 45078
C76: =DATE(YEAR(C75),MONTH(C75)+1,DAY(C75)) -> 45108
... C107: =DATE(YEAR(C106),MONTH(C106)+1,DAY(C106)) -> 46054
C110: check | E110: =SUM(F110:G110)+H22 -> -1.2107193e-08 | F110: =SUM(F29:F107) -> -1245039.5 | G110: =SUM(G29:G107) -> 60395.953
F112: As per audit
D113: Effect of adoption of SFRS(I) 16: | F113: Start of lease in 2021 | G113: 44561
F114: $ | G114: $
D115: Non-Current Assets
D116: Right-of-Use Assets | F116: =IF(YEAR(D10)<2021=TRUE,INDEX(K:K,MATCH(DATE(2021,1,DAY(D10)),C:C)),INDEX(K:K,MATCH(DATE(2021,MAX(1,MONTH(D10)),DAY(D10)),C:C))) -> 625228.53 | G116: =INDEX(M:M,MATCH(DATE(2021,12,DAY(D10)),C:C)) -> 230347.35
D118: Current Liabilities
D119: Lease Liabilities | F119: =IF(YEAR(D10)<2021=TRUE,SUM(INDIRECT("F"&MATCH(DATE(2021,1,DAY(D10)),C:C)):INDIRECT("G"&MATCH(DATE(2021,12,DAY(D10)),C:C))),SUM(INDIRECT("F"&MATCH(DATE(2021,MAX(1,MONTH(D10)),DAY(D10)),C:C)):INDIRECT("G"&MATCH(DATE(2021,12,DAY(D10)),C:C)))) -> -400424.16 | G119: =IFERROR(SUM(INDIRECT("F"&MATCH(DATE(2022,1,DAY(D10)),C:C)):INDIRECT("G"&MATCH(DATE(2022,1,DAY(D10)),C:C)+11)),VALUE("0")) -> -240021.81
D122: Non-Current Liabilities
D123: Lease Liabilities | F123: =SUM(G119,G123) -> -240021.81 | G123: =IFERROR(SUM(INDIRECT("F"&MATCH(DATE(2023,1,DAY(D10)),C:C)):G107),VALUE("0")) -> 0
D128: Contractual undiscounted cashflow
D129: within one financial year | G129: =IFERROR(SUM(INDIRECT("F"&MATCH(DATE(2022,1,DAY(D10)),C:C)):INDIRECT("F"&MATCH(DATE(2022,1,DAY(D10)),C:C)+11)),VALUE("0")) -> -242091.01
D130: between one and five financial year | G130: =IFERROR(SUM(INDIRECT("F"&MATCH(DATE(2023,1,DAY(D10)),C:C)):F107),VALUE("0")) -> 0

Sheet 10. PSQ
B1: Underlying asset: | C1: Lease
B2: Outlet: | C2: Paya Lebar Square (PSQ)
B5: Underlying asset:
B6: Payment mode: | C6: Monthly cash payments
B7: Monthly payment: | C7: $ | D7: =VLOOKUP($C$2,'Lease Summary'!D:H,5,FALSE) -> 20835
D9: FROM | E9: TO
B10: Lease period: | C10: Non cancelable period: | D10: =VLOOKUP($C$2,'Lease Summary'!D:H,3,FALSE) -> 43617 | E10: =VLOOKUP($C$2,'Lease Summary'!D:H,4,FALSE) -> 44804 | F10: =DATEDIF(D10,E10,"m")+1 -> 39 | G10: months
C11: Extended period: ^1 | E11: =VLOOKUP($C$2,'Lease Summary'!D:I,6,FALSE) -> Option stated but with no amount | F11: =IFERROR(DATEDIF(E10,E11,"m")+1,VALUE("0")) -> 0 | G11: months
C12: Total lease period: | F12: =SUM(F10:F11) -> 39 | G12: months
C13: Remaining period as at | D13: 44561 | F13: =DATEDIF(D13,MAX(E10,E11),"m")+1 -> 9 | G13: months
B15: Incremental borrowing rate | F15: 0.035 | G15: per annum
F16: =+(1+F15)^(1/12)-1 -> 0.0028708987 | G16: per month
F17: =F12/12 -> 3.25 | G17: years
C20: Lease liability | F20: $ | H20: $ | J20: Rights of use assets | M20: $
C22: PV of remaining fixed payments | F22: =D7 -> 20835 | G22: per month | H22: =-PV(F16,F12,F22,0,1) -> 769889.84 | J22: ROU | M22: =H22 -> 769889.84
D25: Lease liabilities amortisation table | J25: Rights of use assets amortisation table
D26: Period # | E26: Opening | F26: Payment | G26: Interest | H26: Closing | J26: Period # | K26: Opening | L26: Depreciation | M26: Closing | O26: Acc. Payment | P26: Acc. Interest | Q26: Acc. Depn
E27: $ | F27: $ | G27: $ | H27: $ | J27: $ | K27: $ | L27: $ | M27: $ | O27: $ | P27: $ | Q27: $
C29: =D10 -> 43617 | D29: 1 | E29: =H22 -> 769889.84 | F29: =-D7 -> -20835 | G29: =((E29+F29)*($F$16)) -> 2150.4606 | H29: =SUM(E29:G29) -> 751205.3 | J29: =D29 -> 1 | K29: =M22 -> 769889.84 | L29: =-$M$22/$F$12 -> -19740.765 | M29: =K29+L29 -> 750149.07 | O29: =+F29 -> -20835 | P29: =+G29 -> 2150.4606 | Q29: =-L29 -> 19740.765
C30: =DATE(YEAR(C29),MONTH(C29)+1,DAY(C29)) -> 43647 | D30: =D29+1 -> 2 | E30: =H29 -> 751205.3 | F30: =F29 -> -20835 | G30: =((E30+F30)*($F$16)) -> 2096.8191 | H30: =SUM(E30:G30) -> 732467.11 | J30: =D30 -> 2 | K30: =M29 -> 750149.07 | L30: =-$M$22/$F$12 -> -19740.765 | M30: =K30+L30 -> 730408.31 | O30: =+O29+F30 -> -41670 | P30: =+P29+G30 -> 4247.2797 | Q30: =+Q29-L30 -> 39481.53
C31: =DATE(YEAR(C30),MONTH(C30)+1,DAY(C30)) -> 43678 | D31: =D30+1 -> 3 | E31: =H30 -> 732467.11 | F31: =F30 -> -20835 | G31: =((E31+F31)*($F$16)) -> 2043.0237 | H31: =SUM(E31:G31) -> 713675.14 | J31: =D31 -> 3 | K31: =M30 -> 730408.31 | L31: =-$M$22/$F$12 -> -19740.765 | M31: =K31+L31 -> 710667.54 | O31: =+O30+F31 -> -62505 | P31: =+P30+G31 -> 6290.3034 | Q31: =+Q30-L31 -> 59222.295
C32: =DATE(YEAR(C31),MONTH(C31)+1,DAY(C31)) -> 43709 | D32: =D31+1 -> 4 | E32: =H31 -> 713675.14 | F32: =F31 -> -20835 | G32: =((E32+F32)*($F$16)) -> 1989.0739 | H32: =SUM(E32:G32) -> 694829.21 | J32: =D32 -> 4 | K32: =M31 -> 710667.54 | L32: =-$M$22/$F$12 -> -19740.765 | M32: =K32+L32 -> 690926.78 | O32: =+O31+F32 -> -83340 | P32: =+P31+G32 -> 8279.3773 | Q32: =+Q31-L32 -> 78963.06
C33: =DATE(YEAR(C32),MONTH(C32)+1,DAY(C32)) -> 43739 | D33: =D32+1 -> 5 | E33: =H32 -> 694829.21 | F33: =F32 -> -20835 | G33: =((E33+F33)*($F$16)) -> 1934.9691 | H33: =SUM(E33:G33) -> 675929.18 | J33: =D33 -> 5 | K33: =M32 -> 690926.78 | L33: =-$M$22/$F$12 -> -19740.765 | M33: =K33+L33 -> 671186.01 | O33: =+O32+F33 -> -104175 | P33: =+P32+G33 -> 10214.346 | Q33: =+Q32-L33 -> 98703.825
C34: =DATE(YEAR(C33),MONTH(C33)+1,DAY(C33)) -> 43770 | D34: =D33+1 -> 6 | E34: =H33 -> 675929.18 | F34: =F33 -> -20835 | G34: =((E34+F34)*($F$16)) -> 1880.709 | H34: =SUM(E34:G34) -> 656974.89 | J34: =D34 -> 6 | K34: =M33 -> 671186.01 | L34: =-$M$22/$F$12 -> -19740.765 | M34: =K34+L34 -> 651445.25 | O34: =+O33+F34 -> -125010 | P34: =+P33+G34 -> 12095.055 | Q34: =+Q33-L34 -> 118444.59
C35: =DATE(YEAR(C34),MONTH(C34)+1,DAY(C34)) -> 43800 | D35: =D34+1 -> 7 | E35: =H34 -> 656974.89 | F35: =F34 -> -20835 | G35: =((E35+F35)*($F$16)) -> 1826.2932 | H35: =SUM(E35:G35) -> 637966.18 | J35: =D35 -> 7 | K35: =M34 -> 651445.25 | L35: =-$M$22/$F$12 -> -19740.765 | M35: =K35+L35 -> 631704.48 | O35: =+O34+F35 -> -145845 | P35: =+P34+G35 -> 13921.349 | Q35: =+Q34-L35 -> 138185.36
C36: =DATE(YEAR(C35),MONTH(C35)+1,DAY(C35)) -> 43831 | D36: =D35+1 -> 8 | E36: =H35 -> 637966.18 | F36: =F35 -> -20835 | G36: =((E36+F36)*($F$16)) -> 1771.7211 | H36: =SUM(E36:G36) -> 618902.91 | J36: =D36 -> 8 | K36: =M35 -> 631704.48 | L36: =-$M$22/$F$12 -> -19740.765 | M36: =K36+L36 -> 611963.72 | O36: =+O35+F36 -> -166680 | P36: =+P35+G36 -> 15693.07 | Q36: =+Q35-L36 -> 157926.12
C37: =DATE(YEAR(C36),MONTH(C36)+1,DAY(C36)) -> 43862 | D37: =D36+1 -> 9 | E37: =H36 -> 618902.91 | F37: =F36 -> -20835 | G37: =((E37+F37)*($F$16)) -> 1716.9924 | H37: =SUM(E37:G37) -> 599784.9 | J37: =D37 -> 9 | K37: =M36 -> 611963.72 | L37: =-$M$22/$F$12 -> -19740.765 | M37: =K37+L37 -> 592222.95 | O37: =+O36+F37 -> -187515 | P37: =+P36+G37 -> 17410.062 | Q37: =+Q36-L37 -> 177666.89
C38: =DATE(YEAR(C37),MONTH(C37)+1,DAY(C37)) -> 43891 | D38: =D37+1 -> 10 | E38: =H37 -> 599784.9 | F38: =F37 -> -20835 | G38: =((E38+F38)*($F$16)) -> 1662.1065 | H38: =SUM(E38:G38) -> 580612 | J38: =D38 -> 10 | K38: =M37 -> 592222.95 | L38: =-$M$22/$F$12 -> -19740.765 | M38: =K38+L38 -> 572482.19 | O38: =+O37+F38 -> -208350 | P38: =+P37+G38 -> 19072.169 | Q38: =+Q37-L38 -> 197407.65
C39: =DATE(YEAR(C38),MONTH(C38)+1,DAY(C38)) -> 43922 | D39: =D38+1 -> 11 | E39: =H38 -> 580612 | F39: =F38 -> -20835 | G39: =((E39+F39)*($F$16)) -> 1607.0631 | H39: =SUM(E39:G39) -> 561384.07 | J39: =D39 -> 11 | K39: =M38 -> 572482.19 | L39: =-$M$22/$F$12 -> -19740.765 | M39: =K39+L39 -> 552741.42 | O39: =+O38+F39 -> -229185 | P39: =+P38+G39 -> 20679.232 | Q39: =+Q38-L39 -> 217148.42
C40: =DATE(YEAR(C39),MONTH(C39)+1,DAY(C39)) -> 43952 | D40: =D39+1 -> 12 | E40: =H39 -> 561384.07 | F40: =F39 -> -20835 | G40: =((E40+F40)*($F$16)) -> 1551.8616 | H40: =SUM(E40:G40) -> 542100.93 | J40: =D40 -> 12 | K40: =M39 -> 552741.42 | L40: =-$M$22/$F$12 -> -19740.765 | M40: =K40+L40 -> 533000.66 | O40: =+O39+F40 -> -250020 | P40: =+P39+G40 -> 22231.093 | Q40: =+Q39-L40 -> 236889.18
C41: =DATE(YEAR(C40),MONTH(C40)+1,DAY(C40)) -> 43983 | D41: =D40+1 -> 13 | E41: =H40 -> 542100.93 | F41: =F40 -> -20835 | G41: =((E41+F41)*($F$16)) -> 1496.5017 | H41: =SUM(E41:G41) -> 522762.43 | J41: =D41 -> 13 | K41: =M40 -> 533000.66 | L41: =-$M$22/$F$12 -> -19740.765 | M41: =K41+L41 -> 513259.89 | O41: =+O40+F41 -> -270855 | P41: =+P40+G41 -> 23727.595 | Q41: =+Q40-L41 -> 256629.95
... C67: =DATE(YEAR(C66),MONTH(C66)+1,DAY(C66)) -> 44774 | D67: =D66+1 -> 39 | E67: =H66 -> 20835 | F67: =F66 -> -20835 | G67: =((E67+F67)*($F$16)) -> -1.8935459e-11 | H67: =SUM(E67:G67) -> -6.614591e-09 | J67: =D67 -> 39 | K67: =M66 -> 19740.765 | L67: =-$M$22/$F$12 -> -19740.765 | M67: =K67+L67 -> 3.2014214e-10 | O67: =+O66+F67 -> -812565 | P67: =+P66+G67 -> 42675.165 | Q67: =+Q66-L67 -> 769889.84
C68: =DATE(YEAR(C67),MONTH(C67)+1,DAY(C67)) -> 44805
C69: =DATE(YEAR(C68),MONTH(C68)+1,DAY(C68)) -> 44835
C70: =DATE(YEAR(C69),MONTH(C69)+1,DAY(C69)) -> 44866
C71: =DATE(YEAR(C70),MONTH(C70)+1,DAY(C70)) -> 44896
C72: =DATE(YEAR(C71),MONTH(C71)+1,DAY(C71)) -> 44927
C73: =DATE(YEAR(C72),MONTH(C72)+1,DAY(C72)) -> 44958
C74: =DATE(YEAR(C73),MONTH(C73)+1,DAY(C73)) -> 44986
C75: =DATE(YEAR(C74),MONTH(C74)+1,DAY(C74)) -> 45017
C76: =DATE(YEAR(C75),MONTH(C75)+1,DAY(C75)) -> 45047
C77: =DATE(YEAR(C76),MONTH(C76)+1,DAY(C76)) -> 45078
C78: =DATE(YEAR(C77),MONTH(C77)+1,DAY(C77)) -> 45108
C79: =DATE(YEAR(C78),MONTH(C78)+1,DAY(C78)) -> 45139
... C107: =DATE(YEAR(C106),MONTH(C106)+1,DAY(C106)) -> 45992
C110: check | E110: =SUM(F110:G110)+H22 -> -6.6356733e-09 | F110: =SUM(F29:F107) -> -812565 | G110: =SUM(G29:G107) -> 42675.165
F112: As per audit
D113: Effect of adoption of SFRS(I) 16: | F113: Start of lease in 2021 | G113: 44561
F114: $ | G114: $
D115: Non-Current Assets
D116: Right-of-Use Assets | F116: =IF(YEAR(D10)<2021=TRUE,INDEX(K:K,MATCH(DATE(2021,1,DAY(D10)),C:C)),INDEX(K:K,MATCH(DATE(2021,MAX(1,MONTH(D10)),DAY(D10)),C:C))) -> 394815.3 | G116: =INDEX(M:M,MATCH(DATE(2021,12,DAY(D10)),C:C)) -> 157926.12
D118: Current Liabilities
D119: Lease Liabilities | F119: =IF(YEAR(D10)<2021=TRUE,SUM(INDIRECT("F"&MATCH(DATE(2021,1,DAY(D10)),C:C)):INDIRECT("G"&MATCH(DATE(2021,12,DAY(D10)),C:C))),SUM(INDIRECT("F"&MATCH(DATE(2021,MAX(1,MONTH(D10)),DAY(D10)),C:C)):INDIRECT("G"&MATCH(DATE(2021,12,DAY(D10)),C:C)))) -> -240540.45 | G119: =IFERROR(SUM(INDIRECT("F"&MATCH(DATE(2022,1,DAY(D10)),C:C)):INDIRECT("G"&MATCH(DATE(2022,1,DAY(D10)),C:C)+11)),VALUE("0")) -> -165019.5
D122: Non-Current Liabilities
D123: Lease Liabilities | F123: =SUM(G119,G123) -> -165019.5 | G123: =IFERROR(SUM(INDIRECT("F"&MATCH(DATE(2023,1,DAY(D10)),C:C)):G107),VALUE("0")) -> 0
D128: Contractual undiscounted cashflow
D129: within one financial year | G129: =IFERROR(SUM(INDIRECT("F"&MATCH(DATE(2022,1,DAY(D10)),C:C)):INDIRECT("F"&MATCH(DATE(2022,1,DAY(D10)),C:C)+11)),VALUE("0")) -> -166680
D130: between one and five financial year | G130: =IFERROR(SUM(INDIRECT("F"&MATCH(DATE(2023,1,DAY(D10)),C:C)):F107),VALUE("0")) -> 0

Sheet 11. Lot1
B1: Underlying asset: | C1: Lease
B2: Outlet: | C2: CCK Lot 1 (CCK)
B5: Underlying asset:
B6: Payment mode: | C6: Monthly cash payments
B7: Monthly payment: | C7: $ | D7: =VLOOKUP($C$2,'Lease Summary'!D:H,5,FALSE) -> 28571.91
D9: FROM | E9: TO
B10: Lease period: | C10: Non cancelable period: | D10: =VLOOKUP($C$2,'Lease Summary'!D:H,3,FALSE) -> 43749 | E10: =VLOOKUP($C$2,'Lease Summary'!D:H,4,FALSE) -> 44844 | F10: =DATEDIF(D10,E10,"m")+1 -> 36 | G10: months
C11: Extended period: ^1 | E11: =VLOOKUP($C$2,'Lease Summary'!D:I,6,FALSE) -> No option to renew | F11: =IFERROR(DATEDIF(E10,E11,"m")+1,VALUE("0")) -> 0 | G11: months
C12: Total lease period: | F12: =SUM(F10:F11) -> 36 | G12: months
C13: Remaining period as at | D13: 44561 | F13: =DATEDIF(D13,MAX(E10,E11),"m")+1 -> 10 | G13: months
B15: Incremental borrowing rate | F15: 0.035 | G15: per annum
F16: =+(1+F15)^(1/12)-1 -> 0.0028708987 | G16: per month
F17: =F12/12 -> 3 | G17: years
C20: Lease liability | F20: $ | H20: $ | J20: Rights of use assets | M20: $
C22: PV of remaining fixed payments | F22: =D7 -> 28571.91 | G22: per month | H22: =-PV(F16,F12,F22,0,1) -> 978692.67 | J22: ROU | M22: =H22 -> 978692.67
D25: Lease liabilities amortisation table | J25: Rights of use assets amortisation table
D26: Period # | E26: Opening | F26: Payment | G26: Interest | H26: Closing | J26: Period # | K26: Opening | L26: Depreciation | M26: Closing | O26: Acc. Payment | P26: Acc. Interest | Q26: Acc. Depn
E27: $ | F27: $ | G27: $ | H27: $ | J27: $ | K27: $ | L27: $ | M27: $ | O27: $ | P27: $ | Q27: $
C29: =D10 -> 43749 | D29: 1 | E29: =H22 -> 978692.67 | F29: =-D7 -> -28571.91 | G29: =((E29+F29)*($F$16)) -> 2727.7005 | H29: =SUM(E29:G29) -> 952848.46 | J29: =D29 -> 1 | K29: =M22 -> 978692.67 | L29: =-$M$22/$F$12 -> -27185.908 | M29: =K29+L29 -> 951506.76 | O29: =+F29 -> -28571.91 | P29: =+G29 -> 2727.7005 | Q29: =-L29 -> 27185.908
C30: =DATE(YEAR(C29),MONTH(C29)+1,DAY(C29)) -> 43780 | D30: =D29+1 -> 2 | E30: =H29 -> 952848.46 | F30: =F29 -> -28571.91 | G30: =((E30+F30)*($F$16)) -> 2653.5044 | H30: =SUM(E30:G30) -> 926930.06 | J30: =D30 -> 2 | K30: =M29 -> 951506.76 | L30: =-$M$22/$F$12 -> -27185.908 | M30: =K30+L30 -> 924320.86 | O30: =+O29+F30 -> -57143.82 | P30: =+P29+G30 -> 5381.2049 | Q30: =+Q29-L30 -> 54371.815
C31: =DATE(YEAR(C30),MONTH(C30)+1,DAY(C30)) -> 43810 | D31: =D30+1 -> 3 | E31: =H30 -> 926930.06 | F31: =F30 -> -28571.91 | G31: =((E31+F31)*($F$16)) -> 2579.0953 | H31: =SUM(E31:G31) -> 900937.24 | J31: =D31 -> 3 | K31: =M30 -> 924320.86 | L31: =-$M$22/$F$12 -> -27185.908 | M31: =K31+L31 -> 897134.95 | O31: =+O30+F31 -> -85715.73 | P31: =+P30+G31 -> 7960.3001 | Q31: =+Q30-L31 -> 81557.723
C32: =DATE(YEAR(C31),MONTH(C31)+1,DAY(C31)) -> 43841 | D32: =D31+1 -> 4 | E32: =H31 -> 900937.24 | F32: =F31 -> -28571.91 | G32: =((E32+F32)*($F$16)) -> 2504.4725 | H32: =SUM(E32:G32) -> 874869.81 | J32: =D32 -> 4 | K32: =M31 -> 897134.95 | L32: =-$M$22/$F$12 -> -27185.908 | M32: =K32+L32 -> 869949.04 | O32: =+O31+F32 -> -114287.64 | P32: =+P31+G32 -> 10464.773 | Q32: =+Q31-L32 -> 108743.63
C33: =DATE(YEAR(C32),MONTH(C32)+1,DAY(C32)) -> 43872 | D33: =D32+1 -> 5 | E33: =H32 -> 874869.81 | F33: =F32 -> -28571.91 | G33: =((E33+F33)*($F$16)) -> 2429.6355 | H33: =SUM(E33:G33) -> 848727.53 | J33: =D33 -> 5 | K33: =M32 -> 869949.04 | L33: =-$M$22/$F$12 -> -27185.908 | M33: =K33+L33 -> 842763.13 | O33: =+O32+F33 -> -142859.55 | P33: =+P32+G33 -> 12894.408 | Q33: =+Q32-L33 -> 135929.54
C34: =DATE(YEAR(C33),MONTH(C33)+1,DAY(C33)) -> 43901 | D34: =D33+1 -> 6 | E34: =H33 -> 848727.53 | F34: =F33 -> -28571.91 | G34: =((E34+F34)*($F$16)) -> 2354.5837 | H34: =SUM(E34:G34) -> 822510.2 | J34: =D34 -> 6 | K34: =M33 -> 842763.13 | L34: =-$M$22/$F$12 -> -27185.908 | M34: =K34+L34 -> 815577.23 | O34: =+O33+F34 -> -171431.46 | P34: =+P33+G34 -> 15248.992 | Q34: =+Q33-L34 -> 163115.45
C35: =DATE(YEAR(C34),MONTH(C34)+1,DAY(C34)) -> 43932 | D35: =D34+1 -> 7 | E35: =H34 -> 822510.2 | F35: =F34 -> -28571.91 | G35: =((E35+F35)*($F$16)) -> 2279.3164 | H35: =SUM(E35:G35) -> 796217.61 | J35: =D35 -> 7 | K35: =M34 -> 815577.23 | L35: =-$M$22/$F$12 -> -27185.908 | M35: =K35+L35 -> 788391.32 | O35: =+O34+F35 -> -200003.37 | P35: =+P34+G35 -> 17528.308 | Q35: =+Q34-L35 -> 190301.35
C36: =DATE(YEAR(C35),MONTH(C35)+1,DAY(C35)) -> 43962 | D36: =D35+1 -> 8 | E36: =H35 -> 796217.61 | F36: =F35 -> -28571.91 | G36: =((E36+F36)*($F$16)) -> 2203.8331 | H36: =SUM(E36:G36) -> 769849.53 | J36: =D36 -> 8 | K36: =M35 -> 788391.32 | L36: =-$M$22/$F$12 -> -27185.908 | M36: =K36+L36 -> 761205.41 | O36: =+O35+F36 -> -228575.28 | P36: =+P35+G36 -> 19732.141 | Q36: =+Q35-L36 -> 217487.26
C37: =DATE(YEAR(C36),MONTH(C36)+1,DAY(C36)) -> 43993 | D37: =D36+1 -> 9 | E37: =H36 -> 769849.53 | F37: =F36 -> -28571.91 | G37: =((E37+F37)*($F$16)) -> 2128.133 | H37: =SUM(E37:G37) -> 743405.76 | J37: =D37 -> 9 | K37: =M36 -> 761205.41 | L37: =-$M$22/$F$12 -> -27185.908 | M37: =K37+L37 -> 734019.5 | O37: =+O36+F37 -> -257147.19 | P37: =+P36+G37 -> 21860.274 | Q37: =+Q36-L37 -> 244673.17
C38: =DATE(YEAR(C37),MONTH(C37)+1,DAY(C37)) -> 44023 | D38: =D37+1 -> 10 | E38: =H37 -> 743405.76 | F38: =F37 -> -28571.91 | G38: =((E38+F38)*($F$16)) -> 2052.2156 | H38: =SUM(E38:G38) -> 716886.06 | J38: =D38 -> 10 | K38: =M37 -> 734019.5 | L38: =-$M$22/$F$12 -> -27185.908 | M38: =K38+L38 -> 706833.6 | O38: =+O37+F38 -> -285719.1 | P38: =+P37+G38 -> 23912.49 | Q38: =+Q37-L38 -> 271859.08
C39: =DATE(YEAR(C38),MONTH(C38)+1,DAY(C38)) -> 44054 | D39: =D38+1 -> 11 | E39: =H38 -> 716886.06 | F39: =F38 -> -28571.91 | G39: =((E39+F39)*($F$16)) -> 1976.0802 | H39: =SUM(E39:G39) -> 690290.23 | J39: =D39 -> 11 | K39: =M38 -> 706833.6 | L39: =-$M$22/$F$12 -> -27185.908 | M39: =K39+L39 -> 679647.69 | O39: =+O38+F39 -> -314291.01 | P39: =+P38+G39 -> 25888.57 | Q39: =+Q38-L39 -> 299044.98
C40: =DATE(YEAR(C39),MONTH(C39)+1,DAY(C39)) -> 44085 | D40: =D39+1 -> 12 | E40: =H39 -> 690290.23 | F40: =F39 -> -28571.91 | G40: =((E40+F40)*($F$16)) -> 1899.7263 | H40: =SUM(E40:G40) -> 663618.05 | J40: =D40 -> 12 | K40: =M39 -> 679647.69 | L40: =-$M$22/$F$12 -> -27185.908 | M40: =K40+L40 -> 652461.78 | O40: =+O39+F40 -> -342862.92 | P40: =+P39+G40 -> 27788.296 | Q40: =+Q39-L40 -> 326230.89
C41: =DATE(YEAR(C40),MONTH(C40)+1,DAY(C40)) -> 44115 | D41: =D40+1 -> 13 | E41: =H40 -> 663618.05 | F41: =F40 -> -28571.91 | G41: =((E41+F41)*($F$16)) -> 1823.1531 | H41: =SUM(E41:G41) -> 636869.29 | J41: =D41 -> 13 | K41: =M40 -> 652461.78 | L41: =-$M$22/$F$12 -> -27185.908 | M41: =K41+L41 -> 625275.87 | O41: =+O40+F41 -> -371434.83 | P41: =+P40+G41 -> 29611.45 | Q41: =+Q40-L41 -> 353416.8
... C64: =DATE(YEAR(C63),MONTH(C63)+1,DAY(C63)) -> 44815 | D64: =D63+1 -> 36 | E64: =H63 -> 28571.91 | F64: =F63 -> -28571.91 | G64: =((E64+F64)*($F$16)) -> -2.8335301e-11 | H64: =SUM(E64:G64) -> -9.8981718e-09 | J64: =D64 -> 36 | K64: =M63 -> 27185.908 | L64: =-$M$22/$F$12 -> -27185.908 | M64: =K64+L64 -> -3.9290171e-10 | O64: =+O63+F64 -> -1028588.8 | P64: =+P63+G64 -> 49896.087 | Q64: =+Q63-L64 -> 978692.67
C65: =DATE(YEAR(C64),MONTH(C64)+1,DAY(C64)) -> 44845
C66: =DATE(YEAR(C65),MONTH(C65)+1,DAY(C65)) -> 44876
C67: =DATE(YEAR(C66),MONTH(C66)+1,DAY(C66)) -> 44906
C68: =DATE(YEAR(C67),MONTH(C67)+1,DAY(C67)) -> 44937
C69: =DATE(YEAR(C68),MONTH(C68)+1,DAY(C68)) -> 44968
C70: =DATE(YEAR(C69),MONTH(C69)+1,DAY(C69)) -> 44996
C71: =DATE(YEAR(C70),MONTH(C70)+1,DAY(C70)) -> 45027
C72: =DATE(YEAR(C71),MONTH(C71)+1,DAY(C71)) -> 45057
C73: =DATE(YEAR(C72),MONTH(C72)+1,DAY(C72)) -> 45088
C74: =DATE(YEAR(C73),MONTH(C73)+1,DAY(C73)) -> 45118
C75: =DATE(YEAR(C74),MONTH(C74)+1,DAY(C74)) -> 45149
C76: =DATE(YEAR(C75),MONTH(C75)+1,DAY(C75)) -> 45180
... C107: =DATE(YEAR(C106),MONTH(C106)+1,DAY(C106)) -> 46123
C110: check | E110: =SUM(F110:G110)+H22 -> -1.0128133e-08 | F110: =SUM(F29:F107) -> -1028588.8 | G110: =SUM(G29:G107) -> 49896.087
F112: As per audit
D113: Effect of adoption of SFRS(I) 16: | F113: Start of lease in 2021 | G113: 44561
F114: $ | G114: $
D115: Non-Current Assets
D116: Right-of-Use Assets | F116: =IF(YEAR(D10)<2021=TRUE,INDEX(K:K,MATCH(DATE(2021,1,DAY(D10)),C:C)),INDEX(K:K,MATCH(DATE(2021,MAX(1,MONTH(D10)),DAY(D10)),C:C))) -> 570904.06 | G116: =INDEX(M:M,MATCH(DATE(2021,12,DAY(D10)),C:C)) -> 244673.17
D118: Current Liabilities
D119: Lease Liabilities | F119: =IF(YEAR(D10)<2021=TRUE,SUM(INDIRECT("F"&MATCH(DATE(2021,1,DAY(D10)),C:C)):INDIRECT("G"&MATCH(DATE(2021,12,DAY(D10)),C:C))),SUM(INDIRECT("F"&MATCH(DATE(2021,MAX(1,MONTH(D10)),DAY(D10)),C:C)):INDIRECT("G"&MATCH(DATE(2021,12,DAY(D10)),C:C)))) -> -328918.93 | G119: =IFERROR(SUM(INDIRECT("F"&MATCH(DATE(2022,1,DAY(D10)),C:C)):INDIRECT("G"&MATCH(DATE(2022,1,DAY(D10)),C:C)+11)),VALUE("0")) -> -254222.25
D122: Non-Current Liabilities
D123: Lease Liabilities | F123: =SUM(G119,G123) -> -254222.25 | G123: =IFERROR(SUM(INDIRECT("F"&MATCH(DATE(2023,1,DAY(D10)),C:C)):G107),VALUE("0")) -> 0
D128: Contractual undiscounted cashflow
D129: within one financial year | G129: =IFERROR(SUM(INDIRECT("F"&MATCH(DATE(2022,1,DAY(D10)),C:C)):INDIRECT("F"&MATCH(DATE(2022,1,DAY(D10)),C:C)+11)),VALUE("0")) -> -257147.19
D130: between one and five financial year | G130: =IFERROR(SUM(INDIRECT("F"&MATCH(DATE(2023,1,DAY(D10)),C:C)):F107),VALUE("0")) -> 0

Sheet 12. KWHFC
B1: Underlying asset: | C1: Lease
B2: Outlet: | C2: Harbourfront Centre
B5: Underlying asset:
B6: Payment mode: | C6: Monthly cash payments
B7: Monthly payment: | C7: $ | D7: =VLOOKUP($C$2,'Lease Summary'!D:H,5,FALSE) -> 14144.48
D9: FROM | E9: TO
B10: Lease period: | C10: Non cancelable period: | D10: =VLOOKUP($C$2,'Lease Summary'!D:H,3,FALSE) -> 43790 | E10: =VLOOKUP($C$2,'Lease Summary'!D:H,4,FALSE) -> 44885 | F10: =DATEDIF(D10,E10,"m")+1 -> 36 | G10: months
C11: Extended period: ^1 | E11: =VLOOKUP($C$2,'Lease Summary'!D:I,6,FALSE) -> No option to renew | F11: =IFERROR(DATEDIF(E10,E11,"m")+1,VALUE("0")) -> 0 | G11: months
C12: Total lease period: | F12: =SUM(F10:F11) -> 36 | G12: months
C13: Remaining period as at | D13: 44561 | F13: =DATEDIF(D13,MAX(E10,E11),"m")+1 -> 11 | G13: months
B15: Incremental borrowing rate | F15: 0.035 | G15: per annum
F16: =+(1+F15)^(1/12)-1 -> 0.0028708987 | G16: per month
F17: =F12/12 -> 3 | G17: years
C20: Lease liability | F20: $ | H20: $ | J20: Rights of use assets | M20: $
C22: PV of remaining fixed payments | F22: =D7 -> 14144.48 | G22: per month | H22: =-PV(F16,F12,F22,0,1) -> 484500.3 | J22: ROU | M22: =H22 -> 484500.3
D25: Lease liabilities amortisation table | J25: Rights of use assets amortisation table
D26: Period # | E26: Opening | F26: Payment | G26: Interest | H26: Closing | J26: Period # | K26: Opening | L26: Depreciation | M26: Closing | O26: Acc. Payment | P26: Acc. Interest | Q26: Acc. Depn
E27: $ | F27: $ | G27: $ | H27: $ | J27: $ | K27: $ | L27: $ | M27: $ | O27: $ | P27: $ | Q27: $
C29: =D10 -> 43790 | D29: 1 | E29: =H22 -> 484500.3 | F29: =-D7 -> -14144.48 | G29: =((E29+F29)*($F$16)) -> 1350.3439 | H29: =SUM(E29:G29) -> 471706.16 | J29: =D29 -> 1 | K29: =M22 -> 484500.3 | L29: =-$M$22/$F$12 -> -13458.342 | M29: =K29+L29 -> 471041.96 | O29: =+F29 -> -14144.48 | P29: =+G29 -> 1350.3439 | Q29: =-L29 -> 13458.342
C30: =DATE(YEAR(C29),MONTH(C29)+1,DAY(C29)) -> 43820 | D30: =D29+1 -> 2 | E30: =H29 -> 471706.16 | F30: =F29 -> -14144.48 | G30: =((E30+F30)*($F$16)) -> 1313.6132 | H30: =SUM(E30:G30) -> 458875.3 | J30: =D30 -> 2 | K30: =M29 -> 471041.96 | L30: =-$M$22/$F$12 -> -13458.342 | M30: =K30+L30 -> 457583.62 | O30: =+O29+F30 -> -28288.96 | P30: =+P29+G30 -> 2663.9572 | Q30: =+Q29-L30 -> 26916.683
C31: =DATE(YEAR(C30),MONTH(C30)+1,DAY(C30)) -> 43851 | D31: =D30+1 -> 3 | E31: =H30 -> 458875.3 | F31: =F30 -> -14144.48 | G31: =((E31+F31)*($F$16)) -> 1276.7771 | H31: =SUM(E31:G31) -> 446007.59 | J31: =D31 -> 3 | K31: =M30 -> 457583.62 | L31: =-$M$22/$F$12 -> -13458.342 | M31: =K31+L31 -> 444125.27 | O31: =+O30+F31 -> -42433.44 | P31: =+P30+G31 -> 3940.7343 | Q31: =+Q30-L31 -> 40375.025
C32: =DATE(YEAR(C31),MONTH(C31)+1,DAY(C31)) -> 43882 | D32: =D31+1 -> 4 | E32: =H31 -> 446007.59 | F32: =F31 -> -14144.48 | G32: =((E32+F32)*($F$16)) -> 1239.8353 | H32: =SUM(E32:G32) -> 433102.95 | J32: =D32 -> 4 | K32: =M31 -> 444125.27 | L32: =-$M$22/$F$12 -> -13458.342 | M32: =K32+L32 -> 430666.93 | O32: =+O31+F32 -> -56577.92 | P32: =+P31+G32 -> 5180.5696 | Q32: =+Q31-L32 -> 53833.367
C33: =DATE(YEAR(C32),MONTH(C32)+1,DAY(C32)) -> 43911 | D33: =D32+1 -> 5 | E33: =H32 -> 433102.95 | F33: =F32 -> -14144.48 | G33: =((E33+F33)*($F$16)) -> 1202.7873 | H33: =SUM(E33:G33) -> 420161.26 | J33: =D33 -> 5 | K33: =M32 -> 430666.93 | L33: =-$M$22/$F$12 -> -13458.342 | M33: =K33+L33 -> 417208.59 | O33: =+O32+F33 -> -70722.4 | P33: =+P32+G33 -> 6383.3569 | Q33: =+Q32-L33 -> 67291.708
C34: =DATE(YEAR(C33),MONTH(C33)+1,DAY(C33)) -> 43942 | D34: =D33+1 -> 6 | E34: =H33 -> 420161.26 | F34: =F33 -> -14144.48 | G34: =((E34+F34)*($F$16)) -> 1165.633 | H34: =SUM(E34:G34) -> 407182.41 | J34: =D34 -> 6 | K34: =M33 -> 417208.59 | L34: =-$M$22/$F$12 -> -13458.342 | M34: =K34+L34 -> 403750.25 | O34: =+O33+F34 -> -84866.88 | P34: =+P33+G34 -> 7548.9899 | Q34: =+Q33-L34 -> 80750.05
C35: =DATE(YEAR(C34),MONTH(C34)+1,DAY(C34)) -> 43972 | D35: =D34+1 -> 7 | E35: =H34 -> 407182.41 | F35: =F34 -> -14144.48 | G35: =((E35+F35)*($F$16)) -> 1128.3721 | H35: =SUM(E35:G35) -> 394166.3 | J35: =D35 -> 7 | K35: =M34 -> 403750.25 | L35: =-$M$22/$F$12 -> -13458.342 | M35: =K35+L35 -> 390291.91 | O35: =+O34+F35 -> -99011.36 | P35: =+P34+G35 -> 8677.362 | Q35: =+Q34-L35 -> 94208.391
C36: =DATE(YEAR(C35),MONTH(C35)+1,DAY(C35)) -> 44003 | D36: =D35+1 -> 8 | E36: =H35 -> 394166.3 | F36: =F35 -> -14144.48 | G36: =((E36+F36)*($F$16)) -> 1091.0042 | H36: =SUM(E36:G36) -> 381112.83 | J36: =D36 -> 8 | K36: =M35 -> 390291.91 | L36: =-$M$22/$F$12 -> -13458.342 | M36: =K36+L36 -> 376833.57 | O36: =+O35+F36 -> -113155.84 | P36: =+P35+G36 -> 9768.3662 | Q36: =+Q35-L36 -> 107666.73
C37: =DATE(YEAR(C36),MONTH(C36)+1,DAY(C36)) -> 44033 | D37: =D36+1 -> 9 | E37: =H36 -> 381112.83 | F37: =F36 -> -14144.48 | G37: =((E37+F37)*($F$16)) -> 1053.529 | H37: =SUM(E37:G37) -> 368021.87 | J37: =D37 -> 9 | K37: =M36 -> 376833.57 | L37: =-$M$22/$F$12 -> -13458.342 | M37: =K37+L37 -> 363375.22 | O37: =+O36+F37 -> -127300.32 | P37: =+P36+G37 -> 10821.895 | Q37: =+Q36-L37 -> 121125.07
C38: =DATE(YEAR(C37),MONTH(C37)+1,DAY(C37)) -> 44064 | D38: =D37+1 -> 10 | E38: =H37 -> 368021.87 | F38: =F37 -> -14144.48 | G38: =((E38+F38)*($F$16)) -> 1015.9462 | H38: =SUM(E38:G38) -> 354893.34 | J38: =D38 -> 10 | K38: =M37 -> 363375.22 | L38: =-$M$22/$F$12 -> -13458.342 | M38: =K38+L38 -> 349916.88 | O38: =+O37+F38 -> -141444.8 | P38: =+P37+G38 -> 11837.841 | Q38: =+Q37-L38 -> 134583.42
C39: =DATE(YEAR(C38),MONTH(C38)+1,DAY(C38)) -> 44095 | D39: =D38+1 -> 11 | E39: =H38 -> 354893.34 | F39: =F38 -> -14144.48 | G39: =((E39+F39)*($F$16)) -> 978.25547 | H39: =SUM(E39:G39) -> 341727.12 | J39: =D39 -> 11 | K39: =M38 -> 349916.88 | L39: =-$M$22/$F$12 -> -13458.342 | M39: =K39+L39 -> 336458.54 | O39: =+O38+F39 -> -155589.28 | P39: =+P38+G39 -> 12816.097 | Q39: =+Q38-L39 -> 148041.76
C40: =DATE(YEAR(C39),MONTH(C39)+1,DAY(C39)) -> 44125 | D40: =D39+1 -> 12 | E40: =H39 -> 341727.12 | F40: =F39 -> -14144.48 | G40: =((E40+F40)*($F$16)) -> 940.45657 | H40: =SUM(E40:G40) -> 328523.09 | J40: =D40 -> 12 | K40: =M39 -> 336458.54 | L40: =-$M$22/$F$12 -> -13458.342 | M40: =K40+L40 -> 323000.2 | O40: =+O39+F40 -> -169733.76 | P40: =+P39+G40 -> 13756.553 | Q40: =+Q39-L40 -> 161500.1
C41: =DATE(YEAR(C40),MONTH(C40)+1,DAY(C40)) -> 44156 | D41: =D40+1 -> 13 | E41: =H40 -> 328523.09 | F41: =F40 -> -14144.48 | G41: =((E41+F41)*($F$16)) -> 902.54915 | H41: =SUM(E41:G41) -> 315281.16 | J41: =D41 -> 13 | K41: =M40 -> 323000.2 | L41: =-$M$22/$F$12 -> -13458.342 | M41: =K41+L41 -> 309541.86 | O41: =+O40+F41 -> -183878.24 | P41: =+P40+G41 -> 14659.102 | Q41: =+Q40-L41 -> 174958.44
... C64: =DATE(YEAR(C63),MONTH(C63)+1,DAY(C63)) -> 44855 | D64: =D63+1 -> 36 | E64: =H63 -> 14144.48 | F64: =F63 -> -14144.48 | G64: =((E64+F64)*($F$16)) -> -1.2851673e-11 | H64: =SUM(E64:G64) -> -4.4893846e-09 | J64: =D64 -> 36 | K64: =M63 -> 13458.342 | L64: =-$M$22/$F$12 -> -13458.342 | M64: =K64+L64 -> 3.601599e-10 | O64: =+O63+F64 -> -509201.28 | P64: =+P63+G64 -> 24700.981 | Q64: =+Q63-L64 -> 484500.3
C65: =DATE(YEAR(C64),MONTH(C64)+1,DAY(C64)) -> 44886
C66: =DATE(YEAR(C65),MONTH(C65)+1,DAY(C65)) -> 44916
C67: =DATE(YEAR(C66),MONTH(C66)+1,DAY(C66)) -> 44947
C68: =DATE(YEAR(C67),MONTH(C67)+1,DAY(C67)) -> 44978
C69: =DATE(YEAR(C68),MONTH(C68)+1,DAY(C68)) -> 45006
C70: =DATE(YEAR(C69),MONTH(C69)+1,DAY(C69)) -> 45037
C71: =DATE(YEAR(C70),MONTH(C70)+1,DAY(C70)) -> 45067
C72: =DATE(YEAR(C71),MONTH(C71)+1,DAY(C71)) -> 45098
C73: =DATE(YEAR(C72),MONTH(C72)+1,DAY(C72)) -> 45128
C74: =DATE(YEAR(C73),MONTH(C73)+1,DAY(C73)) -> 45159
C75: =DATE(YEAR(C74),MONTH(C74)+1,DAY(C74)) -> 45190
C76: =DATE(YEAR(C75),MONTH(C75)+1,DAY(C75)) -> 45220
... C107: =DATE(YEAR(C106),MONTH(C106)+1,DAY(C106)) -> 46163
C110: check | E110: =SUM(F110:G110)+H22 -> -4.4819899e-09 | F110: =SUM(F29:F107) -> -509201.28 | G110: =SUM(G29:G107) -> 24700.981
F112: As per audit
D113: Effect of adoption of SFRS(I) 16: | F113: Start of lease in 2021 | G113: 44561
F114: $ | G114: $
D115: Non-Current Assets
D116: Right-of-Use Assets | F116: =IF(YEAR(D10)<2021=TRUE,INDEX(K:K,MATCH(DATE(2021,1,DAY(D10)),C:C)),INDEX(K:K,MATCH(DATE(2021,MAX(1,MONTH(D10)),DAY(D10)),C:C))) -> 296083.52 | G116: =INDEX(M:M,MATCH(DATE(2021,12,DAY(D10)),C:C)) -> 134583.42
D118: Current Liabilities
D119: Lease Liabilities | F119: =IF(YEAR(D10)<2021=TRUE,SUM(INDIRECT("F"&MATCH(DATE(2021,1,DAY(D10)),C:C)):INDIRECT("G"&MATCH(DATE(2021,12,DAY(D10)),C:C))),SUM(INDIRECT("F"&MATCH(DATE(2021,MAX(1,MONTH(D10)),DAY(D10)),C:C)):INDIRECT("G"&MATCH(DATE(2021,12,DAY(D10)),C:C)))) -> -162364.67 | G119: =IFERROR(SUM(INDIRECT("F"&MATCH(DATE(2022,1,DAY(D10)),C:C)):INDIRECT("G"&MATCH(DATE(2022,1,DAY(D10)),C:C)+11)),VALUE("0")) -> -139636.54
D122: Non-Current Liabilities
D123: Lease Liabilities | F123: =SUM(G119,G123) -> -139636.54 | G123: =IFERROR(SUM(INDIRECT("F"&MATCH(DATE(2023,1,DAY(D10)),C:C)):G107),VALUE("0")) -> 0
D128: Contractual undiscounted cashflow
D129: within one financial year | G129: =IFERROR(SUM(INDIRECT("F"&MATCH(DATE(2022,1,DAY(D10)),C:C)):INDIRECT("F"&MATCH(DATE(2022,1,DAY(D10)),C:C)+11)),VALUE("0")) -> -141444.8
D130: between one and five financial year | G130: =IFERROR(SUM(INDIRECT("F"&MATCH(DATE(2023,1,DAY(D10)),C:C)):F107),VALUE("0")) -> 0

Sheet 13. JSC
B1: Underlying asset: | C1: Lease
B2: Outlet: | C2: Jurong Swimming Complex (JSC)
B5: Underlying asset:
B6: Payment mode: | C6: Monthly cash payments
B7: Monthly payment: | C7: $ | D7: =VLOOKUP($C$2,'Lease Summary'!D:H,5,FALSE) -> 7200
D9: FROM | E9: TO
B10: Lease period: | C10: Non cancelable period: | D10: =VLOOKUP($C$2,'Lease Summary'!D:H,3,FALSE) -> 43800 | E10: =VLOOKUP($C$2,'Lease Summary'!D:H,4,FALSE) -> 44895 | F10: =DATEDIF(D10,E10,"m")+1 -> 36 | G10: months
C11: Extended period: ^1 | E11: =VLOOKUP($C$2,'Lease Summary'!D:I,6,FALSE) -> No option to renew | F11: =IFERROR(DATEDIF(E10,E11,"m")+1,VALUE("0")) -> 0 | G11: months
C12: Total lease period: | F12: =SUM(F10:F11) -> 36 | G12: months
C13: Remaining period as at | D13: 44561 | F13: =DATEDIF(D13,MAX(E10,E11),"m")+1 -> 11 | G13: months
B15: Incremental borrowing rate | F15: 0.035 | G15: per annum
F16: =+(1+F15)^(1/12)-1 -> 0.0028708987 | G16: per month
F17: =F12/12 -> 3 | G17: years
C20: Lease liability | F20: $ | H20: $ | J20: Rights of use assets | M20: $
C22: PV of remaining fixed payments | F22: =D7 -> 7200 | G22: per month | H22: =-PV(F16,F12,F22,0,1) -> 246626.4 | J22: ROU | M22: =H22 -> 246626.4
D25: Lease liabilities amortisation table | J25: Rights of use assets amortisation table
D26: Period # | E26: Opening | F26: Payment | G26: Interest | H26: Closing | J26: Period # | K26: Opening | L26: Depreciation | M26: Closing | O26: Acc. Payment | P26: Acc. Interest | Q26: Acc. Depn
E27: $ | F27: $ | G27: $ | H27: $ | J27: $ | K27: $ | L27: $ | M27: $ | O27: $ | P27: $ | Q27: $
C29: =D10 -> 43800 | D29: 1 | E29: =H22 -> 246626.4 | F29: =-D7 -> -7200 | G29: =((E29+F29)*($F$16)) -> 687.36894 | H29: =SUM(E29:G29) -> 240113.77 | J29: =D29 -> 1 | K29: =M22 -> 246626.4 | L29: =-$M$22/$F$12 -> -6850.7333 | M29: =K29+L29 -> 239775.66 | O29: =+F29 -> -7200 | P29: =+G29 -> 687.36894 | Q29: =-L29 -> 6850.7333
C30: =DATE(YEAR(C29),MONTH(C29)+1,DAY(C29)) -> 43831 | D30: =D29+1 -> 2 | E30: =H29 -> 240113.77 | F30: =F29 -> -7200 | G30: =((E30+F30)*($F$16)) -> 668.67183 | H30: =SUM(E30:G30) -> 233582.44 | J30: =D30 -> 2 | K30: =M29 -> 239775.66 | L30: =-$M$22/$F$12 -> -6850.7333 | M30: =K30+L30 -> 232924.93 | O30: =+O29+F30 -> -14400 | P30: =+P29+G30 -> 1356.0408 | Q30: =+Q29-L30 -> 13701.467
C31: =DATE(YEAR(C30),MONTH(C30)+1,DAY(C30)) -> 43862 | D31: =D30+1 -> 3 | E31: =H30 -> 233582.44 | F31: =F30 -> -7200 | G31: =((E31+F31)*($F$16)) -> 649.92105 | H31: =SUM(E31:G31) -> 227032.36 | J31: =D31 -> 3 | K31: =M30 -> 232924.93 | L31: =-$M$22/$F$12 -> -6850.7333 | M31: =K31+L31 -> 226074.2 | O31: =+O30+F31 -> -21600 | P31: =+P30+G31 -> 2005.9618 | Q31: =+Q30-L31 -> 20552.2
C32: =DATE(YEAR(C31),MONTH(C31)+1,DAY(C31)) -> 43891 | D32: =D31+1 -> 4 | E32: =H31 -> 227032.36 | F32: =F31 -> -7200 | G32: =((E32+F32)*($F$16)) -> 631.11644 | H32: =SUM(E32:G32) -> 220463.48 | J32: =D32 -> 4 | K32: =M31 -> 226074.2 | L32: =-$M$22/$F$12 -> -6850.7333 | M32: =K32+L32 -> 219223.46 | O32: =+O31+F32 -> -28800 | P32: =+P31+G32 -> 2637.0783 | Q32: =+Q31-L32 -> 27402.933
C33: =DATE(YEAR(C32),MONTH(C32)+1,DAY(C32)) -> 43922 | D33: =D32+1 -> 5 | E33: =H32 -> 220463.48 | F33: =F32 -> -7200 | G33: =((E33+F33)*($F$16)) -> 612.25784 | H33: =SUM(E33:G33) -> 213875.73 | J33: =D33 -> 5 | K33: =M32 -> 219223.46 | L33: =-$M$22/$F$12 -> -6850.7333 | M33: =K33+L33 -> 212372.73 | O33: =+O32+F33 -> -36000 | P33: =+P32+G33 -> 3249.3361 | Q33: =+Q32-L33 -> 34253.666
C34: =DATE(YEAR(C33),MONTH(C33)+1,DAY(C33)) -> 43952 | D34: =D33+1 -> 6 | E34: =H33 -> 213875.73 | F34: =F33 -> -7200 | G34: =((E34+F34)*($F$16)) -> 593.3451 | H34: =SUM(E34:G34) -> 207269.08 | J34: =D34 -> 6 | K34: =M33 -> 212372.73 | L34: =-$M$22/$F$12 -> -6850.7333 | M34: =K34+L34 -> 205522 | O34: =+O33+F34 -> -43200 | P34: =+P33+G34 -> 3842.6812 | Q34: =+Q33-L34 -> 41104.4
C35: =DATE(YEAR(C34),MONTH(C34)+1,DAY(C34)) -> 43983 | D35: =D34+1 -> 7 | E35: =H34 -> 207269.08 | F35: =F34 -> -7200 | G35: =((E35+F35)*($F$16)) -> 574.37806 | H35: =SUM(E35:G35) -> 200643.46 | J35: =D35 -> 7 | K35: =M34 -> 205522 | L35: =-$M$22/$F$12 -> -6850.7333 | M35: =K35+L35 -> 198671.26 | O35: =+O34+F35 -> -50400 | P35: =+P34+G35 -> 4417.0593 | Q35: =+Q34-L35 -> 47955.133
C36: =DATE(YEAR(C35),MONTH(C35)+1,DAY(C35)) -> 44013 | D36: =D35+1 -> 8 | E36: =H35 -> 200643.46 | F36: =F35 -> -7200 | G36: =((E36+F36)*($F$16)) -> 555.35657 | H36: =SUM(E36:G36) -> 193998.81 | J36: =D36 -> 8 | K36: =M35 -> 198671.26 | L36: =-$M$22/$F$12 -> -6850.7333 | M36: =K36+L36 -> 191820.53 | O36: =+O35+F36 -> -57600 | P36: =+P35+G36 -> 4972.4158 | Q36: =+Q35-L36 -> 54805.866
C37: =DATE(YEAR(C36),MONTH(C36)+1,DAY(C36)) -> 44044 | D37: =D36+1 -> 9 | E37: =H36 -> 193998.81 | F37: =F36 -> -7200 | G37: =((E37+F37)*($F$16)) -> 536.28047 | H37: =SUM(E37:G37) -> 187335.09 | J37: =D37 -> 9 | K37: =M36 -> 191820.53 | L37: =-$M$22/$F$12 -> -6850.7333 | M37: =K37+L37 -> 184969.8 | O37: =+O36+F37 -> -64800 | P37: =+P36+G37 -> 5508.6963 | Q37: =+Q36-L37 -> 61656.599
C38: =DATE(YEAR(C37),MONTH(C37)+1,DAY(C37)) -> 44075 | D38: =D37+1 -> 10 | E38: =H37 -> 187335.09 | F38: =F37 -> -7200 | G38: =((E38+F38)*($F$16)) -> 517.14961 | H38: =SUM(E38:G38) -> 180652.24 | J38: =D38 -> 10 | K38: =M37 -> 184969.8 | L38: =-$M$22/$F$12 -> -6850.7333 | M38: =K38+L38 -> 178119.07 | O38: =+O37+F38 -> -72000 | P38: =+P37+G38 -> 6025.8459 | Q38: =+Q37-L38 -> 68507.333
C39: =DATE(YEAR(C38),MONTH(C38)+1,DAY(C38)) -> 44105 | D39: =D38+1 -> 11 | E39: =H38 -> 180652.24 | F39: =F38 -> -7200 | G39: =((E39+F39)*($F$16)) -> 497.96382 | H39: =SUM(E39:G39) -> 173950.21 | J39: =D39 -> 11 | K39: =M38 -> 178119.07 | L39: =-$M$22/$F$12 -> -6850.7333 | M39: =K39+L39 -> 171268.33 | O39: =+O38+F39 -> -79200 | P39: =+P38+G39 -> 6523.8098 | Q39: =+Q38-L39 -> 75358.066
C40: =DATE(YEAR(C39),MONTH(C39)+1,DAY(C39)) -> 44136 | D40: =D39+1 -> 12 | E40: =H39 -> 173950.21 | F40: =F39 -> -7200 | G40: =((E40+F40)*($F$16)) -> 478.72296 | H40: =SUM(E40:G40) -> 167228.93 | J40: =D40 -> 12 | K40: =M39 -> 171268.33 | L40: =-$M$22/$F$12 -> -6850.7333 | M40: =K40+L40 -> 164417.6 | O40: =+O39+F40 -> -86400 | P40: =+P39+G40 -> 7002.5327 | Q40: =+Q39-L40 -> 82208.799
C41: =DATE(YEAR(C40),MONTH(C40)+1,DAY(C40)) -> 44166 | D41: =D40+1 -> 13 | E41: =H40 -> 167228.93 | F41: =F40 -> -7200 | G41: =((E41+F41)*($F$16)) -> 459.42685 | H41: =SUM(E41:G41) -> 160488.36 | J41: =D41 -> 13 | K41: =M40 -> 164417.6 | L41: =-$M$22/$F$12 -> -6850.7333 | M41: =K41+L41 -> 157566.87 | O41: =+O40+F41 -> -93600 | P41: =+P40+G41 -> 7461.9596 | Q41: =+Q40-L41 -> 89059.533
... C64: =DATE(YEAR(C63),MONTH(C63)+1,DAY(C63)) -> 44866 | D64: =D63+1 -> 36 | E64: =H63 -> 7200 | F64: =F63 -> -7200 | G64: =((E64+F64)*($F$16)) -> -6.9611051e-12 | H64: =SUM(E64:G64) -> -2.431674e-09 | J64: =D64 -> 36 | K64: =M63 -> 6850.7333 | L64: =-$M$22/$F$12 -> -6850.7333 | M64: =K64+L64 -> 1.3642421e-10 | O64: =+O63+F64 -> -259200 | P64: =+P63+G64 -> 12573.602 | Q64: =+Q63-L64 -> 246626.4
C65: =DATE(YEAR(C64),MONTH(C64)+1,DAY(C64)) -> 44896
C66: =DATE(YEAR(C65),MONTH(C65)+1,DAY(C65)) -> 44927
C67: =DATE(YEAR(C66),MONTH(C66)+1,DAY(C66)) -> 44958
C68: =DATE(YEAR(C67),MONTH(C67)+1,DAY(C67)) -> 44986
C69: =DATE(YEAR(C68),MONTH(C68)+1,DAY(C68)) -> 45017
C70: =DATE(YEAR(C69),MONTH(C69)+1,DAY(C69)) -> 45047
C71: =DATE(YEAR(C70),MONTH(C70)+1,DAY(C70)) -> 45078
C72: =DATE(YEAR(C71),MONTH(C71)+1,DAY(C71)) -> 45108
C73: =DATE(YEAR(C72),MONTH(C72)+1,DAY(C72)) -> 45139
C74: =DATE(YEAR(C73),MONTH(C73)+1,DAY(C73)) -> 45170
C75: =DATE(YEAR(C74),MONTH(C74)+1,DAY(C74)) -> 45200
C76: =DATE(YEAR(C75),MONTH(C75)+1,DAY(C75)) -> 45231
... C107: =DATE(YEAR(C106),MONTH(C106)+1,DAY(C106)) -> 46174
C110: check | E110: =SUM(F110:G110)+H22 -> -2.4156179e-09 | F110: =SUM(F29:F107) -> -259200 | G110: =SUM(G29:G107) -> 12573.602
F112: As per audit
D113: Effect of adoption of SFRS(I) 16: | F113: Start of lease in 2021 | G113: 44561
F114: $ | G114: $
D115: Non-Current Assets
D116: Right-of-Use Assets | F116: =IF(YEAR(D10)<2021=TRUE,INDEX(K:K,MATCH(DATE(2021,1,DAY(D10)),C:C)),INDEX(K:K,MATCH(DATE(2021,MAX(1,MONTH(D10)),DAY(D10)),C:C))) -> 157566.87 | G116: =INDEX(M:M,MATCH(DATE(2021,12,DAY(D10)),C:C)) -> 75358.066
D118: Current Liabilities
D119: Lease Liabilities | F119: =IF(YEAR(D10)<2021=TRUE,SUM(INDIRECT("F"&MATCH(DATE(2021,1,DAY(D10)),C:C)):INDIRECT("G"&MATCH(DATE(2021,12,DAY(D10)),C:C))),SUM(INDIRECT("F"&MATCH(DATE(2021,MAX(1,MONTH(D10)),DAY(D10)),C:C)):INDIRECT("G"&MATCH(DATE(2021,12,DAY(D10)),C:C)))) -> -82412.299 | G119: =IFERROR(SUM(INDIRECT("F"&MATCH(DATE(2022,1,DAY(D10)),C:C)):INDIRECT("G"&MATCH(DATE(2022,1,DAY(D10)),C:C)+11)),VALUE("0")) -> -78076.059
D122: Non-Current Liabilities
D123: Lease Liabilities | F123: =SUM(G119,G123) -> -78076.059 | G123: =IFERROR(SUM(INDIRECT("F"&MATCH(DATE(2023,1,DAY(D10)),C:C)):G107),VALUE("0")) -> 0
D128: Contractual undiscounted cashflow
D129: within one financial year | G129: =IFERROR(SUM(INDIRECT("F"&MATCH(DATE(2022,1,DAY(D10)),C:C)):INDIRECT("F"&MATCH(DATE(2022,1,DAY(D10)),C:C)+11)),VALUE("0")) -> -79200
D130: between one and five financial year | G130: =IFERROR(SUM(INDIRECT("F"&MATCH(DATE(2023,1,DAY(D10)),C:C)):F107),VALUE("0")) -> 0

Sheet 14. Viva
B1: Underlying asset: | C1: Lease
B2: Outlet: | C2: Viva Delivery Hub (VDH)
B5: Underlying asset:
B6: Payment mode: | C6: Monthly cash payments
B7: Monthly payment: | C7: $ | D7: =VLOOKUP($C$2,'Lease Summary'!D:H,5,FALSE) -> 6350.7
D9: FROM | E9: TO
B10: Lease period: | C10: Non cancelable period: | D10: =VLOOKUP($C$2,'Lease Summary'!D:H,3,FALSE) -> 43831 | E10: =VLOOKUP($C$2,'Lease Summary'!D:H,4,FALSE) -> 44926 | F10: =DATEDIF(D10,E10,"m")+1 -> 36 | G10: months
C11: Extended period: ^1 | E11: =VLOOKUP($C$2,'Lease Summary'!D:I,6,FALSE) -> Option stated but with no amount | F11: =IFERROR(DATEDIF(E10,E11,"m")+1,VALUE("0")) -> 0 | G11: months
C12: Total lease period: | F12: =SUM(F10:F11) -> 36 | G12: months
C13: Remaining period as at | D13: 44561 | F13: =DATEDIF(D13,MAX(E10,E11),"m")+1 -> 13 | G13: months
B15: Incremental borrowing rate | F15: 0.035 | G15: per annum
F16: =+(1+F15)^(1/12)-1 -> 0.0028708987 | G16: per month
F17: =F12/12 -> 3 | G17: years
C20: Lease liability | F20: $ | H20: $ | J20: Rights of use assets | M20: $
C22: PV of remaining fixed payments | F22: =D7 -> 6350.7 | G22: per month | H22: =-PV(F16,F12,F22,0,1) -> 217534.76 | J22: ROU | M22: =H22 -> 217534.76
D25: Lease liabilities amortisation table | J25: Rights of use assets amortisation table
D26: Period # | E26: Opening | F26: Payment | G26: Interest | H26: Closing | J26: Period # | K26: Opening | L26: Depreciation | M26: Closing | O26: Acc. Payment | P26: Acc. Interest | Q26: Acc. Depn
E27: $ | F27: $ | G27: $ | H27: $ | J27: $ | K27: $ | L27: $ | M27: $ | O27: $ | P27: $ | Q27: $
C29: =D10 -> 43831 | D29: 1 | E29: =H22 -> 217534.76 | F29: =-D7 -> -6350.7 | G29: =((E29+F29)*($F$16)) -> 606.28804 | H29: =SUM(E29:G29) -> 211790.35 | J29: =D29 -> 1 | K29: =M22 -> 217534.76 | L29: =-$M$22/$F$12 -> -6042.6322 | M29: =K29+L29 -> 211492.13 | O29: =+F29 -> -6350.7 | P29: =+G29 -> 606.28804 | Q29: =-L29 -> 6042.6322
C30: =DATE(YEAR(C29),MONTH(C29)+1,DAY(C29)) -> 43862 | D30: =D29+1 -> 2 | E30: =H29 -> 211790.35 | F30: =F29 -> -6350.7 | G30: =((E30+F30)*($F$16)) -> 589.79642 | H30: =SUM(E30:G30) -> 206029.44 | J30: =D30 -> 2 | K30: =M29 -> 211492.13 | L30: =-$M$22/$F$12 -> -6042.6322 | M30: =K30+L30 -> 205449.49 | O30: =+O29+F30 -> -12701.4 | P30: =+P29+G30 -> 1196.0845 | Q30: =+Q29-L30 -> 12085.264
C31: =DATE(YEAR(C30),MONTH(C30)+1,DAY(C30)) -> 43891 | D31: =D30+1 -> 3 | E31: =H30 -> 206029.44 | F31: =F30 -> -6350.7 | G31: =((E31+F31)*($F$16)) -> 573.25745 | H31: =SUM(E31:G31) -> 200252 | J31: =D31 -> 3 | K31: =M30 -> 205449.49 | L31: =-$M$22/$F$12 -> -6042.6322 | M31: =K31+L31 -> 199406.86 | O31: =+O30+F31 -> -19052.1 | P31: =+P30+G31 -> 1769.3419 | Q31: =+Q30-L31 -> 18127.897
C32: =DATE(YEAR(C31),MONTH(C31)+1,DAY(C31)) -> 43922 | D32: =D31+1 -> 4 | E32: =H31 -> 200252 | F32: =F31 -> -6350.7 | G32: =((E32+F32)*($F$16)) -> 556.671 | H32: =SUM(E32:G32) -> 194457.97 | J32: =D32 -> 4 | K32: =M31 -> 199406.86 | L32: =-$M$22/$F$12 -> -6042.6322 | M32: =K32+L32 -> 193364.23 | O32: =+O31+F32 -> -25402.8 | P32: =+P31+G32 -> 2326.0129 | Q32: =+Q31-L32 -> 24170.529
C33: =DATE(YEAR(C32),MONTH(C32)+1,DAY(C32)) -> 43952 | D33: =D32+1 -> 5 | E33: =H32 -> 194457.97 | F33: =F32 -> -6350.7 | G33: =((E33+F33)*($F$16)) -> 540.03693 | H33: =SUM(E33:G33) -> 188647.31 | J33: =D33 -> 5 | K33: =M32 -> 193364.23 | L33: =-$M$22/$F$12 -> -6042.6322 | M33: =K33+L33 -> 187321.6 | O33: =+O32+F33 -> -31753.5 | P33: =+P32+G33 -> 2866.0498 | Q33: =+Q32-L33 -> 30213.161
C34: =DATE(YEAR(C33),MONTH(C33)+1,DAY(C33)) -> 43983 | D34: =D33+1 -> 6 | E34: =H33 -> 188647.31 | F34: =F33 -> -6350.7 | G34: =((E34+F34)*($F$16)) -> 523.3551 | H34: =SUM(E34:G34) -> 182819.96 | J34: =D34 -> 6 | K34: =M33 -> 187321.6 | L34: =-$M$22/$F$12 -> -6042.6322 | M34: =K34+L34 -> 181278.97 | O34: =+O33+F34 -> -38104.2 | P34: =+P33+G34 -> 3389.4049 | Q34: =+Q33-L34 -> 36255.793
C35: =DATE(YEAR(C34),MONTH(C34)+1,DAY(C34)) -> 44013 | D35: =D34+1 -> 7 | E35: =H34 -> 182819.96 | F35: =F34 -> -6350.7 | G35: =((E35+F35)*($F$16)) -> 506.62538 | H35: =SUM(E35:G35) -> 176975.89 | J35: =D35 -> 7 | K35: =M34 -> 181278.97 | L35: =-$M$22/$F$12 -> -6042.6322 | M35: =K35+L35 -> 175236.33 | O35: =+O34+F35 -> -44454.9 | P35: =+P34+G35 -> 3896.0303 | Q35: =+Q34-L35 -> 42298.425
C36: =DATE(YEAR(C35),MONTH(C35)+1,DAY(C35)) -> 44044 | D36: =D35+1 -> 8 | E36: =H35 -> 176975.89 | F36: =F35 -> -6350.7 | G36: =((E36+F36)*($F$16)) -> 489.84764 | H36: =SUM(E36:G36) -> 171115.04 | J36: =D36 -> 8 | K36: =M35 -> 175236.33 | L36: =-$M$22/$F$12 -> -6042.6322 | M36: =K36+L36 -> 169193.7 | O36: =+O35+F36 -> -50805.6 | P36: =+P35+G36 -> 4385.878 | Q36: =+Q35-L36 -> 48341.058
C37: =DATE(YEAR(C36),MONTH(C36)+1,DAY(C36)) -> 44075 | D37: =D36+1 -> 9 | E37: =H36 -> 171115.04 | F37: =F36 -> -6350.7 | G37: =((E37+F37)*($F$16)) -> 473.02172 | H37: =SUM(E37:G37) -> 165237.36 | J37: =D37 -> 9 | K37: =M36 -> 169193.7 | L37: =-$M$22/$F$12 -> -6042.6322 | M37: =K37+L37 -> 163151.07 | O37: =+O36+F37 -> -57156.3 | P37: =+P36+G37 -> 4858.8997 | Q37: =+Q36-L37 -> 54383.69
C38: =DATE(YEAR(C37),MONTH(C37)+1,DAY(C37)) -> 44105 | D38: =D37+1 -> 10 | E38: =H37 -> 165237.36 | F38: =F37 -> -6350.7 | G38: =((E38+F38)*($F$16)) -> 456.1475 | H38: =SUM(E38:G38) -> 159342.81 | J38: =D38 -> 10 | K38: =M37 -> 163151.07 | L38: =-$M$22/$F$12 -> -6042.6322 | M38: =K38+L38 -> 157108.44 | O38: =+O37+F38 -> -63507 | P38: =+P37+G38 -> 5315.0472 | Q38: =+Q37-L38 -> 60426.322
C39: =DATE(YEAR(C38),MONTH(C38)+1,DAY(C38)) -> 44136 | D39: =D38+1 -> 11 | E39: =H38 -> 159342.81 | F39: =F38 -> -6350.7 | G39: =((E39+F39)*($F$16)) -> 439.22484 | H39: =SUM(E39:G39) -> 153431.33 | J39: =D39 -> 11 | K39: =M38 -> 157108.44 | L39: =-$M$22/$F$12 -> -6042.6322 | M39: =K39+L39 -> 151065.8 | O39: =+O38+F39 -> -69857.7 | P39: =+P38+G39 -> 5754.272 | Q39: =+Q38-L39 -> 66468.954
C40: =DATE(YEAR(C39),MONTH(C39)+1,DAY(C39)) -> 44166 | D40: =D39+1 -> 12 | E40: =H39 -> 153431.33 | F40: =F39 -> -6350.7 | G40: =((E40+F40)*($F$16)) -> 422.2536 | H40: =SUM(E40:G40) -> 147502.88 | J40: =D40 -> 12 | K40: =M39 -> 151065.8 | L40: =-$M$22/$F$12 -> -6042.6322 | M40: =K40+L40 -> 145023.17 | O40: =+O39+F40 -> -76208.4 | P40: =+P39+G40 -> 6176.5256 | Q40: =+Q39-L40 -> 72511.586
C41: =DATE(YEAR(C40),MONTH(C40)+1,DAY(C40)) -> 44197 | D41: =D40+1 -> 13 | E41: =H40 -> 147502.88 | F41: =F40 -> -6350.7 | G41: =((E41+F41)*($F$16)) -> 405.23363 | H41: =SUM(E41:G41) -> 141557.42 | J41: =D41 -> 13 | K41: =M40 -> 145023.17 | L41: =-$M$22/$F$12 -> -6042.6322 | M41: =K41+L41 -> 138980.54 | O41: =+O40+F41 -> -82559.1 | P41: =+P40+G41 -> 6581.7592 | Q41: =+Q40-L41 -> 78554.219
... C64: =DATE(YEAR(C63),MONTH(C63)+1,DAY(C63)) -> 44896 | D64: =D63+1 -> 36 | E64: =H63 -> 6350.7 | F64: =F63 -> -6350.7 | G64: =((E64+F64)*($F$16)) -> -6.530279e-12 | H64: =SUM(E64:G64) -> -2.2811765e-09 | J64: =D64 -> 36 | K64: =M63 -> 6042.6322 | L64: =-$M$22/$F$12 -> -6042.6322 | M64: =K64+L64 -> -1.2369128e-10 | O64: =+O63+F64 -> -228625.2 | P64: =+P63+G64 -> 11090.441 | Q64: =+Q63-L64 -> 217534.76
C65: =DATE(YEAR(C64),MONTH(C64)+1,DAY(C64)) -> 44927
C66: =DATE(YEAR(C65),MONTH(C65)+1,DAY(C65)) -> 44958
C67: =DATE(YEAR(C66),MONTH(C66)+1,DAY(C66)) -> 44986
C68: =DATE(YEAR(C67),MONTH(C67)+1,DAY(C67)) -> 45017
C69: =DATE(YEAR(C68),MONTH(C68)+1,DAY(C68)) -> 45047
C70: =DATE(YEAR(C69),MONTH(C69)+1,DAY(C69)) -> 45078
C71: =DATE(YEAR(C70),MONTH(C70)+1,DAY(C70)) -> 45108
C72: =DATE(YEAR(C71),MONTH(C71)+1,DAY(C71)) -> 45139
C73: =DATE(YEAR(C72),MONTH(C72)+1,DAY(C72)) -> 45170
C74: =DATE(YEAR(C73),MONTH(C73)+1,DAY(C73)) -> 45200
C75: =DATE(YEAR(C74),MONTH(C74)+1,DAY(C74)) -> 45231
C76: =DATE(YEAR(C75),MONTH(C75)+1,DAY(C75)) -> 45261
... C107: =DATE(YEAR(C106),MONTH(C106)+1,DAY(C106)) -> 46204
C110: check | E110: =SUM(F110:G110)+H22 -> -2.2700988e-09 | F110: =SUM(F29:F107) -> -228625.2 | G110: =SUM(G29:G107) -> 11090.441
F112: As per audit
D113: Effect of adoption of SFRS(I) 16: | F113: Start of lease in 2021 | G113: 44561
F114: $ | G114: $
D115: Non-Current Assets
D116: Right-of-Use Assets | F116: =IF(YEAR(D10)<2021=TRUE,INDEX(K:K,MATCH(DATE(2021,1,DAY(D10)),C:C)),INDEX(K:K,MATCH(DATE(2021,MAX(1,MONTH(D10)),DAY(D10)),C:C))) -> 145023.17 | G116: =INDEX(M:M,MATCH(DATE(2021,12,DAY(D10)),C:C)) -> 72511.586
D118: Current Liabilities
D119: Lease Liabilities | F119: =IF(YEAR(D10)<2021=TRUE,SUM(INDIRECT("F"&MATCH(DATE(2021,1,DAY(D10)),C:C)):INDIRECT("G"&MATCH(DATE(2021,12,DAY(D10)),C:C))),SUM(INDIRECT("F"&MATCH(DATE(2021,MAX(1,MONTH(D10)),DAY(D10)),C:C)):INDIRECT("G"&MATCH(DATE(2021,12,DAY(D10)),C:C)))) -> -72482.99 | G119: =IFERROR(SUM(INDIRECT("F"&MATCH(DATE(2022,1,DAY(D10)),C:C)):INDIRECT("G"&MATCH(DATE(2022,1,DAY(D10)),C:C)+11)),VALUE("0")) -> -75019.895
D122: Non-Current Liabilities
D123: Lease Liabilities | F123: =SUM(G119,G123) -> -75019.895 | G123: =IFERROR(SUM(INDIRECT("F"&MATCH(DATE(2023,1,DAY(D10)),C:C)):G107),VALUE("0")) -> 0
D128: Contractual undiscounted cashflow
D129: within one financial year | G129: =IFERROR(SUM(INDIRECT("F"&MATCH(DATE(2022,1,DAY(D10)),C:C)):INDIRECT("F"&MATCH(DATE(2022,1,DAY(D10)),C:C)+11)),VALUE("0")) -> -76208.4
D130: between one and five financial year | G130: =IFERROR(SUM(INDIRECT("F"&MATCH(DATE(2023,1,DAY(D10)),C:C)):F107),VALUE("0")) -> 0

Sheet 15. Figaro
B1: Underlying asset: | C1: Lease
B2: Outlet: | C2: Zac Butchery Figaro (FIG)
B5: Underlying asset:
B6: Payment mode: | C6: Monthly cash payments
B7: Monthly payment: | C7: $ | D7: =VLOOKUP($C$2,'Lease Summary'!D:H,5,FALSE) -> 6500
D9: FROM | E9: TO
B10: Lease period: | C10: Non cancelable period: | D10: =VLOOKUP($C$2,'Lease Summary'!D:H,3,FALSE) -> 44211 | E10: =VLOOKUP($C$2,'Lease Summary'!D:H,4,FALSE) -> 44940 | F10: =DATEDIF(D10,E10,"m")+1 -> 24 | G10: months
C11: Extended period: ^1 | E11: =VLOOKUP($C$2,'Lease Summary'!D:I,6,FALSE) -> No option to renew | F11: =IFERROR(DATEDIF(E10,E11,"m")+1,VALUE("0")) -> 0 | G11: months
C12: Total lease period: | F12: =SUM(F10:F11) -> 24 | G12: months
C13: Remaining period as at | D13: 44561 | F13: =DATEDIF(D13,MAX(E10,E11),"m")+1 -> 13 | G13: months
B15: Incremental borrowing rate | F15: 0.035 | G15: per annum
F16: =+(1+F15)^(1/12)-1 -> 0.0028708987 | G16: per month
F17: =F12/12 -> 2 | G17: years
C20: Lease liability | F20: $ | H20: $ | J20: Rights of use assets | M20: $
C22: PV of remaining fixed payments | F22: =D7 -> 6500 | G22: per month | H22: =-PV(F16,F12,F22,0,1) -> 150970.56 | J22: ROU | M22: =H22 -> 150970.56
D25: Lease liabilities amortisation table | J25: Rights of use assets amortisation table
D26: Period # | E26: Opening | F26: Payment | G26: Interest | H26: Closing | J26: Period # | K26: Opening | L26: Depreciation | M26: Closing | O26: Acc. Payment | P26: Acc. Interest | Q26: Acc. Depn
E27: $ | F27: $ | G27: $ | H27: $ | J27: $ | K27: $ | L27: $ | M27: $ | O27: $ | P27: $ | Q27: $
C29: =D10 -> 44211 | D29: 1 | E29: =H22 -> 150970.56 | F29: =-D7 -> -6500 | G29: =((E29+F29)*($F$16)) -> 414.76035 | H29: =SUM(E29:G29) -> 144885.32 | J29: =D29 -> 1 | K29: =M22 -> 150970.56 | L29: =-$M$22/$F$12 -> -6290.4401 | M29: =K29+L29 -> 144680.12 | O29: =+F29 -> -6500 | P29: =+G29 -> 414.76035 | Q29: =-L29 -> 6290.4401
C30: =DATE(YEAR(C29),MONTH(C29)+1,DAY(C29)) -> 44242 | D30: =D29+1 -> 2 | E30: =H29 -> 144885.32 | F30: =F29 -> -6500 | G30: =((E30+F30)*($F$16)) -> 397.29025 | H30: =SUM(E30:G30) -> 138782.61 | J30: =D30 -> 2 | K30: =M29 -> 144680.12 | L30: =-$M$22/$F$12 -> -6290.4401 | M30: =K30+L30 -> 138389.68 | O30: =+O29+F30 -> -13000 | P30: =+P29+G30 -> 812.0506 | Q30: =+Q29-L30 -> 12580.88
C31: =DATE(YEAR(C30),MONTH(C30)+1,DAY(C30)) -> 44270 | D31: =D30+1 -> 3 | E31: =H30 -> 138782.61 | F31: =F30 -> -6500 | G31: =((E31+F31)*($F$16)) -> 379.76998 | H31: =SUM(E31:G31) -> 132662.38 | J31: =D31 -> 3 | K31: =M30 -> 138389.68 | L31: =-$M$22/$F$12 -> -6290.4401 | M31: =K31+L31 -> 132099.24 | O31: =+O30+F31 -> -19500 | P31: =+P30+G31 -> 1191.8206 | Q31: =+Q30-L31 -> 18871.32
C32: =DATE(YEAR(C31),MONTH(C31)+1,DAY(C31)) -> 44301 | D32: =D31+1 -> 4 | E32: =H31 -> 132662.38 | F32: =F31 -> -6500 | G32: =((E32+F32)*($F$16)) -> 362.19942 | H32: =SUM(E32:G32) -> 126524.58 | J32: =D32 -> 4 | K32: =M31 -> 132099.24 | L32: =-$M$22/$F$12 -> -6290.4401 | M32: =K32+L32 -> 125808.8 | O32: =+O31+F32 -> -26000 | P32: =+P31+G32 -> 1554.02 | Q32: =+Q31-L32 -> 25161.76
C33: =DATE(YEAR(C32),MONTH(C32)+1,DAY(C32)) -> 44331 | D33: =D32+1 -> 5 | E33: =H32 -> 126524.58 | F33: =F32 -> -6500 | G33: =((E33+F33)*($F$16)) -> 344.57842 | H33: =SUM(E33:G33) -> 120369.16 | J33: =D33 -> 5 | K33: =M32 -> 125808.8 | L33: =-$M$22/$F$12 -> -6290.4401 | M33: =K33+L33 -> 119518.36 | O33: =+O32+F33 -> -32500 | P33: =+P32+G33 -> 1898.5984 | Q33: =+Q32-L33 -> 31452.2
C34: =DATE(YEAR(C33),MONTH(C33)+1,DAY(C33)) -> 44362 | D34: =D33+1 -> 6 | E34: =H33 -> 120369.16 | F34: =F33 -> -6500 | G34: =((E34+F34)*($F$16)) -> 326.90683 | H34: =SUM(E34:G34) -> 114196.07 | J34: =D34 -> 6 | K34: =M33 -> 119518.36 | L34: =-$M$22/$F$12 -> -6290.4401 | M34: =K34+L34 -> 113227.92 | O34: =+O33+F34 -> -39000 | P34: =+P33+G34 -> 2225.5053 | Q34: =+Q33-L34 -> 37742.641
C35: =DATE(YEAR(C34),MONTH(C34)+1,DAY(C34)) -> 44392 | D35: =D34+1 -> 7 | E35: =H34 -> 114196.07 | F35: =F34 -> -6500 | G35: =((E35+F35)*($F$16)) -> 309.1845 | H35: =SUM(E35:G35) -> 108005.25 | J35: =D35 -> 7 | K35: =M34 -> 113227.92 | L35: =-$M$22/$F$12 -> -6290.4401 | M35: =K35+L35 -> 106937.48 | O35: =+O34+F35 -> -45500 | P35: =+P34+G35 -> 2534.6898 | Q35: =+Q34-L35 -> 44033.081
C36: =DATE(YEAR(C35),MONTH(C35)+1,DAY(C35)) -> 44423 | D36: =D35+1 -> 8 | E36: =H35 -> 108005.25 | F36: =F35 -> -6500 | G36: =((E36+F36)*($F$16)) -> 291.4113 | H36: =SUM(E36:G36) -> 101796.66 | J36: =D36 -> 8 | K36: =M35 -> 106937.48 | L36: =-$M$22/$F$12 -> -6290.4401 | M36: =K36+L36 -> 100647.04 | O36: =+O35+F36 -> -52000 | P36: =+P35+G36 -> 2826.1011 | Q36: =+Q35-L36 -> 50323.521
C37: =DATE(YEAR(C36),MONTH(C36)+1,DAY(C36)) -> 44454 | D37: =D36+1 -> 9 | E37: =H36 -> 101796.66 | F37: =F36 -> -6500 | G37: =((E37+F37)*($F$16)) -> 273.58707 | H37: =SUM(E37:G37) -> 95570.25 | J37: =D37 -> 9 | K37: =M36 -> 100647.04 | L37: =-$M$22/$F$12 -> -6290.4401 | M37: =K37+L37 -> 94356.601 | O37: =+O36+F37 -> -58500 | P37: =+P36+G37 -> 3099.6881 | Q37: =+Q36-L37 -> 56613.961
C38: =DATE(YEAR(C37),MONTH(C37)+1,DAY(C37)) -> 44484 | D38: =D37+1 -> 10 | E38: =H37 -> 95570.25 | F38: =F37 -> -6500 | G38: =((E38+F38)*($F$16)) -> 255.71167 | H38: =SUM(E38:G38) -> 89325.962 | J38: =D38 -> 10 | K38: =M37 -> 94356.601 | L38: =-$M$22/$F$12 -> -6290.4401 | M38: =K38+L38 -> 88066.161 | O38: =+O37+F38 -> -65000 | P38: =+P37+G38 -> 3355.3998 | Q38: =+Q37-L38 -> 62904.401
C39: =DATE(YEAR(C38),MONTH(C38)+1,DAY(C38)) -> 44515 | D39: =D38+1 -> 11 | E39: =H38 -> 89325.962 | F39: =F38 -> -6500 | G39: =((E39+F39)*($F$16)) -> 237.78495 | H39: =SUM(E39:G39) -> 83063.747 | J39: =D39 -> 11 | K39: =M38 -> 88066.161 | L39: =-$M$22/$F$12 -> -6290.4401 | M39: =K39+L39 -> 81775.721 | O39: =+O38+F39 -> -71500 | P39: =+P38+G39 -> 3593.1847 | Q39: =+Q38-L39 -> 69194.841
C40: =DATE(YEAR(C39),MONTH(C39)+1,DAY(C39)) -> 44545 | D40: =D39+1 -> 12 | E40: =H39 -> 83063.747 | F40: =F39 -> -6500 | G40: =((E40+F40)*($F$16)) -> 219.80676 | H40: =SUM(E40:G40) -> 76783.554 | J40: =D40 -> 12 | K40: =M39 -> 81775.721 | L40: =-$M$22/$F$12 -> -6290.4401 | M40: =K40+L40 -> 75485.281 | O40: =+O39+F40 -> -78000 | P40: =+P39+G40 -> 3812.9915 | Q40: =+Q39-L40 -> 75485.281
C41: =DATE(YEAR(C40),MONTH(C40)+1,DAY(C40)) -> 44576 | D41: =D40+1 -> 13 | E41: =H40 -> 76783.554 | F41: =F40 -> -6500 | G41: =((E41+F41)*($F$16)) -> 201.77696 | H41: =SUM(E41:G41) -> 70485.331 | J41: =D41 -> 13 | K41: =M40 -> 75485.281 | L41: =-$M$22/$F$12 -> -6290.4401 | M41: =K41+L41 -> 69194.841 | O41: =+O40+F41 -> -84500 | P41: =+P40+G41 -> 4014.7685 | Q41: =+Q40-L41 -> 81775.721
... C52: =DATE(YEAR(C51),MONTH(C51)+1,DAY(C51)) -> 44910 | D52: =D51+1 -> 24 | E52: =H51 -> 6500 | F52: =F51 -> -6500 | G52: =((E52+F52)*($F$16)) -> -4.545868e-12 | H52: =SUM(E52:G52) -> -1.5879761e-09 | J52: =D52 -> 24 | K52: =M51 -> 6290.4401 | L52: =-$M$22/$F$12 -> -6290.4401 | M52: =K52+L52 -> 0 | O52: =+O51+F52 -> -156000 | P52: =+P51+G52 -> 5029.4377 | Q52: =+Q51-L52 -> 150970.56
C53: =DATE(YEAR(C52),MONTH(C52)+1,DAY(C52)) -> 44941
C54: =DATE(YEAR(C53),MONTH(C53)+1,DAY(C53)) -> 44972
C55: =DATE(YEAR(C54),MONTH(C54)+1,DAY(C54)) -> 45000
C56: =DATE(YEAR(C55),MONTH(C55)+1,DAY(C55)) -> 45031
C57: =DATE(YEAR(C56),MONTH(C56)+1,DAY(C56)) -> 45061
C58: =DATE(YEAR(C57),MONTH(C57)+1,DAY(C57)) -> 45092
C59: =DATE(YEAR(C58),MONTH(C58)+1,DAY(C58)) -> 45122
C60: =DATE(YEAR(C59),MONTH(C59)+1,DAY(C59)) -> 45153
C61: =DATE(YEAR(C60),MONTH(C60)+1,DAY(C60)) -> 45184
C62: =DATE(YEAR(C61),MONTH(C61)+1,DAY(C61)) -> 45214
C63: =DATE(YEAR(C62),MONTH(C62)+1,DAY(C62)) -> 45245
C64: =DATE(YEAR(C63),MONTH(C63)+1,DAY(C63)) -> 45275
... C107: =DATE(YEAR(C106),MONTH(C106)+1,DAY(C106)) -> 46583
C110: check | E110: =SUM(F110:G110)+H22 -> -1.542503e-09 | F110: =SUM(F29:F107) -> -156000 | G110: =SUM(G29:G107) -> 5029.4377
F112: As per audit
D113: Effect of adoption of SFRS(I) 16: | F113: Start of lease in 2021 | G113: 44561
F114: $ | G114: $
D115: Non-Current Assets
D116: Right-of-Use Assets | F116: =IF(YEAR(D10)<2021=TRUE,INDEX(K:K,MATCH(DATE(2021,1,DAY(D10)),C:C)),INDEX(K:K,MATCH(DATE(2021,MAX(1,MONTH(D10)),DAY(D10)),C:C))) -> 150970.56 | G116: =INDEX(M:M,MATCH(DATE(2021,12,DAY(D10)),C:C)) -> 75485.281
D118: Current Liabilities
D119: Lease Liabilities | F119: =IF(YEAR(D10)<2021=TRUE,SUM(INDIRECT("F"&MATCH(DATE(2021,1,DAY(D10)),C:C)):INDIRECT("G"&MATCH(DATE(2021,12,DAY(D10)),C:C))),SUM(INDIRECT("F"&MATCH(DATE(2021,MAX(1,MONTH(D10)),DAY(D10)),C:C)):INDIRECT("G"&MATCH(DATE(2021,12,DAY(D10)),C:C)))) -> -74187.008 | G119: =IFERROR(SUM(INDIRECT("F"&MATCH(DATE(2022,1,DAY(D10)),C:C)):INDIRECT("G"&MATCH(DATE(2022,1,DAY(D10)),C:C)+11)),VALUE("0")) -> -76783.554
D122: Non-Current Liabilities
D123: Lease Liabilities | F123: =SUM(G119,G123) -> -76783.554 | G123: =IFERROR(SUM(INDIRECT("F"&MATCH(DATE(2023,1,DAY(D10)),C:C)):G107),VALUE("0")) -> 0
D128: Contractual undiscounted cashflow
D129: within one financial year | G129: =IFERROR(SUM(INDIRECT("F"&MATCH(DATE(2022,1,DAY(D10)),C:C)):INDIRECT("F"&MATCH(DATE(2022,1,DAY(D10)),C:C)+11)),VALUE("0")) -> -78000
D130: between one and five financial year | G130: =IFERROR(SUM(INDIRECT("F"&MATCH(DATE(2023,1,DAY(D10)),C:C)):F107),VALUE("0")) -> 0

Sheet 16. HIM
B1: Underlying asset: | C1: Lease
B2: Outlet: | C2: Hillion Mall (HIM)
B5: Underlying asset:
B6: Payment mode: | C6: Monthly cash payments
B7: Monthly payment: | C7: $ | D7: =VLOOKUP($C$2,'Lease Summary'!D:H,5,FALSE) -> See A28
D9: FROM | E9: TO
B10: Lease period: | C10: Non cancelable period: | D10: =VLOOKUP($C$2,'Lease Summary'!D:H,3,FALSE) -> 43885 | E10: =VLOOKUP($C$2,'Lease Summary'!D:H,4,FALSE) -> 44980 | F10: =DATEDIF(D10,E10,"m")+1 -> 36 | G10: months
C11: Extended period: ^1 | E11: =VLOOKUP($C$2,'Lease Summary'!D:I,6,FALSE) -> No option to renew | F11: =IFERROR(DATEDIF(E10,E11,"m")+1,VALUE("0")) -> 0 | G11: months
C12: Total lease period: | F12: =SUM(F10:F11) -> 36 | G12: months
C13: Remaining period as at | D13: 44561 | F13: =DATEDIF(D13,MAX(E10,E11),"m")+1 -> 14 | G13: months
B15: Incremental borrowing rate | F15: 0.035 | G15: per annum
F16: =+(1+F15)^(1/12)-1 -> 0.0028708987 | G16: per month
F17: =F12/12 -> 3 | G17: years
C20: Lease liability | F20: $ | H20: $ | J20: Rights of use assets | M20: $
C22: PV of remaining fixed payments | F22: =D7 -> See A28 | G22: per month | H22: =A28 -> 661875.09 | J22: ROU | M22: =H22 -> 661875.09
D25: Lease liabilities amortisation table | J25: Rights of use assets amortisation table
D26: Period # | E26: Opening | F26: Payment | G26: Interest | H26: Closing | J26: Period # | K26: Opening | L26: Depreciation | M26: Closing | O26: Acc. Payment | P26: Acc. Interest | Q26: Acc. Depn
E27: $ | F27: $ | G27: $ | H27: $ | J27: $ | K27: $ | L27: $ | M27: $ | O27: $ | P27: $ | Q27: $
A28: =SUM(B29:B64) -> 661875.09
A29: 19200 | B29: =A29/((1+$F$16)^($F$12-1)) -> 17367.016 | C29: =D10 -> 43885 | D29: 1 | E29: =A28 -> 661875.09 | F29: =-A29 -> -19200 | G29: =A29-B29 -> 1832.9838 | H29: =SUM(E29:G29) -> 644508.07 | J29: =D29 -> 1 | K29: =M22 -> 661875.09 | L29: =-$M$22/$F$12 -> -18385.419 | M29: =K29+L29 -> 643489.67 | O29: =+F29 -> -19200 | P29: =+G29 -> 1832.9838 | Q29: =-L29 -> 18385.419
